Workbook

Sheet Expense Log
A1: Cleaning Business Expense Log
A2: Enter expenses in blue-font input cells. Summary tabs update automatically.
A4: Date | B4: Vendor | C4: Description | D4: Category | E4: Expense Type | F4: Cost Behavior | G4: Customer / Job | H4: Payment Method | I4: Amount | J4: Tax | K4: Total | L4: Receipt Status | M4: Receipt / File Ref | N4: Notes | O4: Alert
A5: 46027 | B5: CleanSupply Co | C5: Monthly chemicals | D5: Cleaning Chemicals | E5: Overhead | F5: Variable | H5: Business Credit Card | I5: 325 | J5: 0 | K5: =IF(COUNTA(A5:J5)=0,"",N(I5)+N(J5)) | L5: Stored | M5: R-1001 | N5: Sample expense | O5: =IF(A5="","",IF(OR(D5="",E5=""),"REVIEW",IF(L5="Missing","MISSING RECEIPT",IF(K5>'Setup & Categories'!$B$6,"HIGH EXPENSE",""))))
A6: 46030 | B6: Google Ads | C6: Search campaign | D6: Paid Search | E6: Overhead | F6: Variable | H6: Business Credit Card | I6: 600 | J6: 0 | K6: =IF(COUNTA(A6:J6)=0,"",N(I6)+N(J6)) | L6: Stored | M6: R-1002 | N6: Sample expense | O6: =IF(A6="","",IF(OR(D6="",E6=""),"REVIEW",IF(L6="Missing","MISSING RECEIPT",IF(K6>'Setup & Categories'!$B$6,"HIGH EXPENSE",""))))
A7: 46034 | B7: Parking Garage | C7: Downtown office job | D7: Parking | E7: Direct Job Cost | F7: Variable | G7: Acme Offices / JOB-101 | H7: Business Debit Card | I7: 28 | J7: 0 | K7: =IF(COUNTA(A7:J7)=0,"",N(I7)+N(J7)) | L7: Missing | N7: Sample job expense | O7: =IF(A7="","",IF(OR(D7="",E7=""),"REVIEW",IF(L7="Missing","MISSING RECEIPT",IF(K7>'Setup & Categories'!$B$6,"HIGH EXPENSE",""))))
A8: 46054 | B8: TidyOps | C8: Operations software | D8: TidyOps / Operations Software | E8: Overhead | F8: Fixed | H8: Business Credit Card | I8: 149 | J8: 0 | K8: =IF(COUNTA(A8:J8)=0,"",N(I8)+N(J8)) | L8: Stored | M8: R-1003 | N8: Sample recurring expense | O8: =IF(A8="","",IF(OR(D8="",E8=""),"REVIEW",IF(L8="Missing","MISSING RECEIPT",IF(K8>'Setup & Categories'!$B$6,"HIGH EXPENSE",""))))
K9: =IF(COUNTA(A9:J9)=0,"",N(I9)+N(J9)) | O9: =IF(A9="","",IF(OR(D9="",E9=""),"REVIEW",IF(L9="Missing","MISSING RECEIPT",IF(K9>'Setup & Categories'!$B$6,"HIGH EXPENSE",""))))
K10: =IF(COUNTA(A10:J10)=0,"",N(I10)+N(J10)) | O10: =IF(A10="","",IF(OR(D10="",E10=""),"REVIEW",IF(L10="Missing","MISSING RECEIPT",IF(K10>'Setup & Categories'!$B$6,"HIGH EXPENSE",""))))
K11: =IF(COUNTA(A11:J11)=0,"",N(I11)+N(J11)) | O11: =IF(A11="","",IF(OR(D11="",E11=""),"REVIEW",IF(L11="Missing","MISSING RECEIPT",IF(K11>'Setup & Categories'!$B$6,"HIGH EXPENSE",""))))
K12: =IF(COUNTA(A12:J12)=0,"",N(I12)+N(J12)) | O12: =IF(A12="","",IF(OR(D12="",E12=""),"REVIEW",IF(L12="Missing","MISSING RECEIPT",IF(K12>'Setup & Categories'!$B$6,"HIGH EXPENSE",""))))
K13: =IF(COUNTA(A13:J13)=0,"",N(I13)+N(J13)) | O13: =IF(A13="","",IF(OR(D13="",E13=""),"REVIEW",IF(L13="Missing","MISSING RECEIPT",IF(K13>'Setup & Categories'!$B$6,"HIGH EXPENSE",""))))
K14: =IF(COUNTA(A14:J14)=0,"",N(I14)+N(J14)) | O14: =IF(A14="","",IF(OR(D14="",E14=""),"REVIEW",IF(L14="Missing","MISSING RECEIPT",IF(K14>'Setup & Categories'!$B$6,"HIGH EXPENSE",""))))
K15: =IF(COUNTA(A15:J15)=0,"",N(I15)+N(J15)) | O15: =IF(A15="","",IF(OR(D15="",E15=""),"REVIEW",IF(L15="Missing","MISSING RECEIPT",IF(K15>'Setup & Categories'!$B$6,"HIGH EXPENSE",""))))
K16: =IF(COUNTA(A16:J16)=0,"",N(I16)+N(J16)) | O16: =IF(A16="","",IF(OR(D16="",E16=""),"REVIEW",IF(L16="Missing","MISSING RECEIPT",IF(K16>'Setup & Categories'!$B$6,"HIGH EXPENSE",""))))
K17: =IF(COUNTA(A17:J17)=0,"",N(I17)+N(J17)) | O17: =IF(A17="","",IF(OR(D17="",E17=""),"REVIEW",IF(L17="Missing","MISSING RECEIPT",IF(K17>'Setup & Categories'!$B$6,"HIGH EXPENSE",""))))
K18: =IF(COUNTA(A18:J18)=0,"",N(I18)+N(J18)) | O18: =IF(A18="","",IF(OR(D18="",E18=""),"REVIEW",IF(L18="Missing","MISSING RECEIPT",IF(K18>'Setup & Categories'!$B$6,"HIGH EXPENSE",""))))
K19: =IF(COUNTA(A19:J19)=0,"",N(I19)+N(J19)) | O19: =IF(A19="","",IF(OR(D19="",E19=""),"REVIEW",IF(L19="Missing","MISSING RECEIPT",IF(K19>'Setup & Categories'!$B$6,"HIGH EXPENSE",""))))
K20: =IF(COUNTA(A20:J20)=0,"",N(I20)+N(J20)) | O20: =IF(A20="","",IF(OR(D20="",E20=""),"REVIEW",IF(L20="Missing","MISSING RECEIPT",IF(K20>'Setup & Categories'!$B$6,"HIGH EXPENSE",""))))
... K504: =IF(COUNTA(A504:J504)=0,"",N(I504)+N(J504)) | O504: =IF(A504="","",IF(OR(D504="",E504=""),"REVIEW",IF(L504="Missing","MISSING RECEIPT",IF(K504>'Setup & Categories'!$B$6,"HIGH EXPENSE",""))))

Sheet Monthly Dashboard
A1: Monthly Expense Dashboard
A3: Reporting Year | B3: ='Setup & Categories'!B5
A5: Category | B5: Jan | C5: Feb | D5: Mar | E5: Apr | F5: May | G5: Jun | H5: Jul | I5: Aug | J5: Sep | K5: Oct | L5: Nov | M5: Dec | N5: Annual
A6: Payroll / Labor | B6: =SUMIFS('Expense Log'!$K$5:$K$504,'Expense Log'!$D$5:$D$504,"Cleaner Wages",'Expense Log'!$A$5:$A$504,">="&DATE($B$3,1,1),'Expense Log'!$A$5:$A$504,"<"&EDATE(DATE($B$3,1,1),1))+SUMIFS('Expense Log'!$K$5:$K$504,'Expense Log'!$D$5:$D$504,"Payroll Taxes",'Expense Log'!$A$5:$A$504,">="&DATE($B$3,1,1),'Expense Log'!$A$5:$A$504,"<"&EDATE(DATE($B$3,1,1),1))+SUMIFS('Expense Log'!$K$5:$K$504,'Expense Log'!$D$5:$D$504,"Workers Comp",'Expense Log'!$A$5:$A$504,">="&DATE($B$3,1,1),'Expense Log'!$A$5:$A$504,"<"&EDATE(DATE($B$3,1,1),1))+SUMIFS('Expense Log'!$K$5:$K$504,'Expense Log'!$D$5:$D$504,"Benefits",'Expense Log'!$A$5:$A$504,">="&DATE($B$3,1,1),'Expense Log'!$A$5:$A$504,"<"&EDATE(DATE($B$3,1,1),1))+SUMIFS('Expense Log'!$K$5:$K$504,'Expense Log'!$D$5:$D$504,"Bonuses",'Expense Log'!$A$5:$A$504,">="&DATE($B$3,1,1),'Expense Log'!$A$5:$A$504,"<"&EDATE(DATE($B$3,1,1),1))+SUMIFS('Expense Log'!$K$5:$K$504,'Expense Log'!$D$5:$D$504,"Training",'Expense Log'!$A$5:$A$504,">="&DATE($B$3,1,1),'Expense Log'!$A$5:$A$504,"<"&EDATE(DATE($B$3,1,1),1))+SUMIFS('Expense Log'!$K$5:$K$504,'Expense Log'!$D$5:$D$504,"Recruiting",'Expense Log'!$A$5:$A$504,">="&DATE($B$3,1,1),'Expense Log'!$A$5:$A$504,"<"&EDATE(DATE($B$3,1,1),1))+SUMIFS('Expense Log'!$K$5:$K$504,'Expense Log'!$D$5:$D$504,"Uniforms",'Expense Log'!$A$5:$A$504,">="&DATE($B$3,1,1),'Expense Log'!$A$5:$A$504,"<"&EDATE(DATE($B$3,1,1),1))+SUMIFS('Expense Log'!$K$5:$K$504,'Expense Log'!$D$5:$D$504,"Administrative Labor",'Expense Log'!$A$5:$A$504,">="&DATE($B$3,1,1),'Expense Log'!$A$5:$A$504,"<"&EDATE(DATE($B$3,1,1),1)) | C6: =SUMIFS('Expense Log'!$K$5:$K$504,'Expense Log'!$D$5:$D$504,"Cleaner Wages",'Expense Log'!$A$5:$A$504,">="&DATE($B$3,2,1),'Expense Log'!$A$5:$A$504,"<"&EDATE(DATE($B$3,2,1),1))+SUMIFS('Expense Log'!$K$5:$K$504,'Expense Log'!$D$5:$D$504,"Payroll Taxes",'Expense Log'!$A$5:$A$504,">="&DATE($B$3,2,1),'Expense Log'!$A$5:$A$504,"<"&EDATE(DATE($B$3,2,1),1))+SUMIFS('Expense Log'!$K$5:$K$504,'Expense Log'!$D$5:$D$504,"Workers Comp",'Expense Log'!$A$5:$A$504,">="&DATE($B$3,2,1),'Expense Log'!$A$5:$A$504,"<"&EDATE(DATE($B$3,2,1),1))+SUMIFS('Expense Log'!$K$5:$K$504,'Expense Log'!$D$5:$D$504,"Benefits",'Expense Log'!$A$5:$A$504,">="&DATE($B$3,2,1),'Expense Log'!$A$5:$A$504,"<"&EDATE(DATE($B$3,2,1),1))+SUMIFS('Expense Log'!$K$5:$K$504,'Expense Log'!$D$5:$D$504,"Bonuses",'Expense Log'!$A$5:$A$504,">="&DATE($B$3,2,1),'Expense Log'!$A$5:$A$504,"<"&EDATE(DATE($B$3,2,1),1))+SUMIFS('Expense Log'!$K$5:$K$504,'Expense Log'!$D$5:$D$504,"Training",'Expense Log'!$A$5:$A$504,">="&DATE($B$3,2,1),'Expense Log'!$A$5:$A$504,"<"&EDATE(DATE($B$3,2,1),1))+SUMIFS('Expense Log'!$K$5:$K$504,'Expense Log'!$D$5:$D$504,"Recruiting",'Expense Log'!$A$5:$A$504,">="&DATE($B$3,2,1),'Expense Log'!$A$5:$A$504,"<"&EDATE(DATE($B$3,2,1),1))+SUMIFS('Expense Log'!$K$5:$K$504,'Expense Log'!$D$5:$D$504,"Uniforms",'Expense Log'!$A$5:$A$504,">="&DATE($B$3,2,1),'Expense Log'!$A$5:$A$504,"<"&EDATE(DATE($B$3,2,1),1))+SUMIFS('Expense Log'!$K$5:$K$504,'Expense Log'!$D$5:$D$504,"Administrative Labor",'Expense Log'!$A$5:$A$504,">="&DATE($B$3,2,1),'Expense Log'!$A$5:$A$504,"<"&EDATE(DATE($B$3,2,1),1)) | D6: =SUMIFS('Expense Log'!$K$5:$K$504,'Expense Log'!$D$5:$D$504,"Cleaner Wages",'Expense Log'!$A$5:$A$504,">="&DATE($B$3,3,1),'Expense Log'!$A$5:$A$504,"<"&EDATE(DATE($B$3,3,1),1))+SUMIFS('Expense Log'!$K$5:$K$504,'Expense Log'!$D$5:$D$504,"Payroll Taxes",'Expense Log'!$A$5:$A$504,">="&DATE($B$3,3,1),'Expense Log'!$A$5:$A$504,"<"&EDATE(DATE($B$3,3,1),1))+SUMIFS('Expense Log'!$K$5:$K$504,'Expense Log'!$D$5:$D$504,"Workers Comp",'Expense Log'!$A$5:$A$504,">="&DATE($B$3,3,1),'Expense Log'!$A$5:$A$504,"<"&EDATE(DATE($B$3,3,1),1))+SUMIFS('Expense Log'!$K$5:$K$504,'Expense Log'!$D$5:$D$504,"Benefits",'Expense Log'!$A$5:$A$504,">="&DATE($B$3,3,1),'Expense Log'!$A$5:$A$504,"<"&EDATE(DATE($B$3,3,1),1))+SUMIFS('Expense Log'!$K$5:$K$504,'Expense Log'!$D$5:$D$504,"Bonuses",'Expense Log'!$A$5:$A$504,">="&DATE($B$3,3,1),'Expense Log'!$A$5:$A$504,"<"&EDATE(DATE($B$3,3,1),1))+SUMIFS('Expense Log'!$K$5:$K$504,'Expense Log'!$D$5:$D$504,"Training",'Expense Log'!$A$5:$A$504,">="&DATE($B$3,3,1),'Expense Log'!$A$5:$A$504,"<"&EDATE(DATE($B$3,3,1),1))+SUMIFS('Expense Log'!$K$5:$K$504,'Expense Log'!$D$5:$D$504,"Recruiting",'Expense Log'!$A$5:$A$504,">="&DATE($B$3,3,1),'Expense Log'!$A$5:$A$504,"<"&EDATE(DATE($B$3,3,1),1))+SUMIFS('Expense Log'!$K$5:$K$504,'Expense Log'!$D$5:$D$504,"Uniforms",'Expense Log'!$A$5:$A$504,">="&DATE($B$3,3,1),'Expense Log'!$A$5:$A$504,"<"&EDATE(DATE($B$3,3,1),1))+SUMIFS('Expense Log'!$K$5:$K$504,'Expense Log'!$D$5:$D$504,"Administrative Labor",'Expense Log'!$A$5:$A$504,">="&DATE($B$3,3,1),'Expense Log'!$A$5:$A$504,"<"&EDATE(DATE($B$3,3,1),1)) | E6: =SUMIFS('Expense Log'!$K$5:$K$504,'Expense Log'!$D$5:$D$504,"Cleaner Wages",'Expense Log'!$A$5:$A$504,">="&DATE($B$3,4,1),'Expense Log'!$A$5:$A$504,"<"&EDATE(DATE($B$3,4,1),1))+SUMIFS('Expense Log'!$K$5:$K$504,'Expense Log'!$D$5:$D$504,"Payroll Taxes",'Expense Log'!$A$5:$A$504,">="&DATE($B$3,4,1),'Expense Log'!$A$5:$A$504,"<"&EDATE(DATE($B$3,4,1),1))+SUMIFS('Expense Log'!$K$5:$K$504,'Expense Log'!$D$5:$D$504,"Workers Comp",'Expense Log'!$A$5:$A$504,">="&DATE($B$3,4,1),'Expense Log'!$A$5:$A$504,"<"&EDATE(DATE($B$3,4,1),1))+SUMIFS('Expense Log'!$K$5:$K$504,'Expense Log'!$D$5:$D$504,"Benefits",'Expense Log'!$A$5:$A$504,">="&DATE($B$3,4,1),'Expense Log'!$A$5:$A$504,"<"&EDATE(DATE($B$3,4,1),1))+SUMIFS('Expense Log'!$K$5:$K$504,'Expense Log'!$D$5:$D$504,"Bonuses",'Expense Log'!$A$5:$A$504,">="&DATE($B$3,4,1),'Expense Log'!$A$5:$A$504,"<"&EDATE(DATE($B$3,4,1),1))+SUMIFS('Expense Log'!$K$5:$K$504,'Expense Log'!$D$5:$D$504,"Training",'Expense Log'!$A$5:$A$504,">="&DATE($B$3,4,1),'Expense Log'!$A$5:$A$504,"<"&EDATE(DATE($B$3,4,1),1))+SUMIFS('Expense Log'!$K$5:$K$504,'Expense Log'!$D$5:$D$504,"Recruiting",'Expense Log'!$A$5:$A$504,">="&DATE($B$3,4,1),'Expense Log'!$A$5:$A$504,"<"&EDATE(DATE($B$3,4,1),1))+SUMIFS('Expense Log'!$K$5:$K$504,'Expense Log'!$D$5:$D$504,"Uniforms",'Expense Log'!$A$5:$A$504,">="&DATE($B$3,4,1),'Expense Log'!$A$5:$A$504,"<"&EDATE(DATE($B$3,4,1),1))+SUMIFS('Expense Log'!$K$5:$K$504,'Expense Log'!$D$5:$D$504,"Administrative Labor",'Expense Log'!$A$5:$A$504,">="&DATE($B$3,4,1),'Expense Log'!$A$5:$A$504,"<"&EDATE(DATE($B$3,4,1),1)) | F6: =SUMIFS('Expense Log'!$K$5:$K$504,'Expense Log'!$D$5:$D$504,"Cleaner Wages",'Expense Log'!$A$5:$A$504,">="&DATE($B$3,5,1),'Expense Log'!$A$5:$A$504,"<"&EDATE(DATE($B$3,5,1),1))+SUMIFS('Expense Log'!$K$5:$K$504,'Expense Log'!$D$5:$D$504,"Payroll Taxes",'Expense Log'!$A$5:$A$504,">="&DATE($B$3,5,1),'Expense Log'!$A$5:$A$504,"<"&EDATE(DATE($B$3,5,1),1))+SUMIFS('Expense Log'!$K$5:$K$504,'Expense Log'!$D$5:$D$504,"Workers Comp",'Expense Log'!$A$5:$A$504,">="&DATE($B$3,5,1),'Expense Log'!$A$5:$A$504,"<"&EDATE(DATE($B$3,5,1),1))+SUMIFS('Expense Log'!$K$5:$K$504,'Expense Log'!$D$5:$D$504,"Benefits",'Expense Log'!$A$5:$A$504,">="&DATE($B$3,5,1),'Expense Log'!$A$5:$A$504,"<"&EDATE(DATE($B$3,5,1),1))+SUMIFS('Expense Log'!$K$5:$K$504,'Expense Log'!$D$5:$D$504,"Bonuses",'Expense Log'!$A$5:$A$504,">="&DATE($B$3,5,1),'Expense Log'!$A$5:$A$504,"<"&EDATE(DATE($B$3,5,1),1))+SUMIFS('Expense Log'!$K$5:$K$504,'Expense Log'!$D$5:$D$504,"Training",'Expense Log'!$A$5:$A$504,">="&DATE($B$3,5,1),'Expense Log'!$A$5:$A$504,"<"&EDATE(DATE($B$3,5,1),1))+SUMIFS('Expense Log'!$K$5:$K$504,'Expense Log'!$D$5:$D$504,"Recruiting",'Expense Log'!$A$5:$A$504,">="&DATE($B$3,5,1),'Expense Log'!$A$5:$A$504,"<"&EDATE(DATE($B$3,5,1),1))+SUMIFS('Expense Log'!$K$5:$K$504,'Expense Log'!$D$5:$D$504,"Uniforms",'Expense Log'!$A$5:$A$504,">="&DATE($B$3,5,1),'Expense Log'!$A$5:$A$504,"<"&EDATE(DATE($B$3,5,1),1))+SUMIFS('Expense Log'!$K$5:$K$504,'Expense Log'!$D$5:$D$504,"Administrative Labor",'Expense Log'!$A$5:$A$504,">="&DATE($B$3,5,1),'Expense Log'!$A$5:$A$504,"<"&EDATE(DATE($B$3,5,1),1)) | G6: =SUMIFS('Expense Log'!$K$5:$K$504,'Expense Log'!$D$5:$D$504,"Cleaner Wages",'Expense Log'!$A$5:$A$504,">="&DATE($B$3,6,1),'Expense Log'!$A$5:$A$504,"<"&EDATE(DATE($B$3,6,1),1))+SUMIFS('Expense Log'!$K$5:$K$504,'Expense Log'!$D$5:$D$504,"Payroll Taxes",'Expense Log'!$A$5:$A$504,">="&DATE($B$3,6,1),'Expense Log'!$A$5:$A$504,"<"&EDATE(DATE($B$3,6,1),1))+SUMIFS('Expense Log'!$K$5:$K$504,'Expense Log'!$D$5:$D$504,"Workers Comp",'Expense Log'!$A$5:$A$504,">="&DATE($B$3,6,1),'Expense Log'!$A$5:$A$504,"<"&EDATE(DATE($B$3,6,1),1))+SUMIFS('Expense Log'!$K$5:$K$504,'Expense Log'!$D$5:$D$504,"Benefits",'Expense Log'!$A$5:$A$504,">="&DATE($B$3,6,1),'Expense Log'!$A$5:$A$504,"<"&EDATE(DATE($B$3,6,1),1))+SUMIFS('Expense Log'!$K$5:$K$504,'Expense Log'!$D$5:$D$504,"Bonuses",'Expense Log'!$A$5:$A$504,">="&DATE($B$3,6,1),'Expense Log'!$A$5:$A$504,"<"&EDATE(DATE($B$3,6,1),1))+SUMIFS('Expense Log'!$K$5:$K$504,'Expense Log'!$D$5:$D$504,"Training",'Expense Log'!$A$5:$A$504,">="&DATE($B$3,6,1),'Expense Log'!$A$5:$A$504,"<"&EDATE(DATE($B$3,6,1),1))+SUMIFS('Expense Log'!$K$5:$K$504,'Expense Log'!$D$5:$D$504,"Recruiting",'Expense Log'!$A$5:$A$504,">="&DATE($B$3,6,1),'Expense Log'!$A$5:$A$504,"<"&EDATE(DATE($B$3,6,1),1))+SUMIFS('Expense Log'!$K$5:$K$504,'Expense Log'!$D$5:$D$504,"Uniforms",'Expense Log'!$A$5:$A$504,">="&DATE($B$3,6,1),'Expense Log'!$A$5:$A$504,"<"&EDATE(DATE($B$3,6,1),1))+SUMIFS('Expense Log'!$K$5:$K$504,'Expense Log'!$D$5:$D$504,"Administrative Labor",'Expense Log'!$A$5:$A$504,">="&DATE($B$3,6,1),'Expense Log'!$A$5:$A$504,"<"&EDATE(DATE($B$3,6,1),1)) | H6: =SUMIFS('Expense Log'!$K$5:$K$504,'Expense Log'!$D$5:$D$504,"Cleaner Wages",'Expense Log'!$A$5:$A$504,">="&DATE($B$3,7,1),'Expense Log'!$A$5:$A$504,"<"&EDATE(DATE($B$3,7,1),1))+SUMIFS('Expense Log'!$K$5:$K$504,'Expense Log'!$D$5:$D$504,"Payroll Taxes",'Expense Log'!$A$5:$A$504,">="&DATE($B$3,7,1),'Expense Log'!$A$5:$A$504,"<"&EDATE(DATE($B$3,7,1),1))+SUMIFS('Expense Log'!$K$5:$K$504,'Expense Log'!$D$5:$D$504,"Workers Comp",'Expense Log'!$A$5:$A$504,">="&DATE($B$3,7,1),'Expense Log'!$A$5:$A$504,"<"&EDATE(DATE($B$3,7,1),1))+SUMIFS('Expense Log'!$K$5:$K$504,'Expense Log'!$D$5:$D$504,"Benefits",'Expense Log'!$A$5:$A$504,">="&DATE($B$3,7,1),'Expense Log'!$A$5:$A$504,"<"&EDATE(DATE($B$3,7,1),1))+SUMIFS('Expense Log'!$K$5:$K$504,'Expense Log'!$D$5:$D$504,"Bonuses",'Expense Log'!$A$5:$A$504,">="&DATE($B$3,7,1),'Expense Log'!$A$5:$A$504,"<"&EDATE(DATE($B$3,7,1),1))+SUMIFS('Expense Log'!$K$5:$K$504,'Expense Log'!$D$5:$D$504,"Training",'Expense Log'!$A$5:$A$504,">="&DATE($B$3,7,1),'Expense Log'!$A$5:$A$504,"<"&EDATE(DATE($B$3,7,1),1))+SUMIFS('Expense Log'!$K$5:$K$504,'Expense Log'!$D$5:$D$504,"Recruiting",'Expense Log'!$A$5:$A$504,">="&DATE($B$3,7,1),'Expense Log'!$A$5:$A$504,"<"&EDATE(DATE($B$3,7,1),1))+SUMIFS('Expense Log'!$K$5:$K$504,'Expense Log'!$D$5:$D$504,"Uniforms",'Expense Log'!$A$5:$A$504,">="&DATE($B$3,7,1),'Expense Log'!$A$5:$A$504,"<"&EDATE(DATE($B$3,7,1),1))+SUMIFS('Expense Log'!$K$5:$K$504,'Expense Log'!$D$5:$D$504,"Administrative Labor",'Expense Log'!$A$5:$A$504,">="&DATE($B$3,7,1),'Expense Log'!$A$5:$A$504,"<"&EDATE(DATE($B$3,7,1),1)) | I6: =SUMIFS('Expense Log'!$K$5:$K$504,'Expense Log'!$D$5:$D$504,"Cleaner Wages",'Expense Log'!$A$5:$A$504,">="&DATE($B$3,8,1),'Expense Log'!$A$5:$A$504,"<"&EDATE(DATE($B$3,8,1),1))+SUMIFS('Expense Log'!$K$5:$K$504,'Expense Log'!$D$5:$D$504,"Payroll Taxes",'Expense Log'!$A$5:$A$504,">="&DATE($B$3,8,1),'Expense Log'!$A$5:$A$504,"<"&EDATE(DATE($B$3,8,1),1))+SUMIFS('Expense Log'!$K$5:$K$504,'Expense Log'!$D$5:$D$504,"Workers Comp",'Expense Log'!$A$5:$A$504,">="&DATE($B$3,8,1),'Expense Log'!$A$5:$A$504,"<"&EDATE(DATE($B$3,8,1),1))+SUMIFS('Expense Log'!$K$5:$K$504,'Expense Log'!$D$5:$D$504,"Benefits",'Expense Log'!$A$5:$A$504,">="&DATE($B$3,8,1),'Expense Log'!$A$5:$A$504,"<"&EDATE(DATE($B$3,8,1),1))+SUMIFS('Expense Log'!$K$5:$K$504,'Expense Log'!$D$5:$D$504,"Bonuses",'Expense Log'!$A$5:$A$504,">="&DATE($B$3,8,1),'Expense Log'!$A$5:$A$504,"<"&EDATE(DATE($B$3,8,1),1))+SUMIFS('Expense Log'!$K$5:$K$504,'Expense Log'!$D$5:$D$504,"Training",'Expense Log'!$A$5:$A$504,">="&DATE($B$3,8,1),'Expense Log'!$A$5:$A$504,"<"&EDATE(DATE($B$3,8,1),1))+SUMIFS('Expense Log'!$K$5:$K$504,'Expense Log'!$D$5:$D$504,"Recruiting",'Expense Log'!$A$5:$A$504,">="&DATE($B$3,8,1),'Expense Log'!$A$5:$A$504,"<"&EDATE(DATE($B$3,8,1),1))+SUMIFS('Expense Log'!$K$5:$K$504,'Expense Log'!$D$5:$D$504,"Uniforms",'Expense Log'!$A$5:$A$504,">="&DATE($B$3,8,1),'Expense Log'!$A$5:$A$504,"<"&EDATE(DATE($B$3,8,1),1))+SUMIFS('Expense Log'!$K$5:$K$504,'Expense Log'!$D$5:$D$504,"Administrative Labor",'Expense Log'!$A$5:$A$504,">="&DATE($B$3,8,1),'Expense Log'!$A$5:$A$504,"<"&EDATE(DATE($B$3,8,1),1)) | J6: =SUMIFS('Expense Log'!$K$5:$K$504,'Expense Log'!$D$5:$D$504,"Cleaner Wages",'Expense Log'!$A$5:$A$504,">="&DATE($B$3,9,1),'Expense Log'!$A$5:$A$504,"<"&EDATE(DATE($B$3,9,1),1))+SUMIFS('Expense Log'!$K$5:$K$504,'Expense Log'!$D$5:$D$504,"Payroll Taxes",'Expense Log'!$A$5:$A$504,">="&DATE($B$3,9,1),'Expense Log'!$A$5:$A$504,"<"&EDATE(DATE($B$3,9,1),1))+SUMIFS('Expense Log'!$K$5:$K$504,'Expense Log'!$D$5:$D$504,"Workers Comp",'Expense Log'!$A$5:$A$504,">="&DATE($B$3,9,1),'Expense Log'!$A$5:$A$504,"<"&EDATE(DATE($B$3,9,1),1))+SUMIFS('Expense Log'!$K$5:$K$504,'Expense Log'!$D$5:$D$504,"Benefits",'Expense Log'!$A$5:$A$504,">="&DATE($B$3,9,1),'Expense Log'!$A$5:$A$504,"<"&EDATE(DATE($B$3,9,1),1))+SUMIFS('Expense Log'!$K$5:$K$504,'Expense Log'!$D$5:$D$504,"Bonuses",'Expense Log'!$A$5:$A$504,">="&DATE($B$3,9,1),'Expense Log'!$A$5:$A$504,"<"&EDATE(DATE($B$3,9,1),1))+SUMIFS('Expense Log'!$K$5:$K$504,'Expense Log'!$D$5:$D$504,"Training",'Expense Log'!$A$5:$A$504,">="&DATE($B$3,9,1),'Expense Log'!$A$5:$A$504,"<"&EDATE(DATE($B$3,9,1),1))+SUMIFS('Expense Log'!$K$5:$K$504,'Expense Log'!$D$5:$D$504,"Recruiting",'Expense Log'!$A$5:$A$504,">="&DATE($B$3,9,1),'Expense Log'!$A$5:$A$504,"<"&EDATE(DATE($B$3,9,1),1))+SUMIFS('Expense Log'!$K$5:$K$504,'Expense Log'!$D$5:$D$504,"Uniforms",'Expense Log'!$A$5:$A$504,">="&DATE($B$3,9,1),'Expense Log'!$A$5:$A$504,"<"&EDATE(DATE($B$3,9,1),1))+SUMIFS('Expense Log'!$K$5:$K$504,'Expense Log'!$D$5:$D$504,"Administrative Labor",'Expense Log'!$A$5:$A$504,">="&DATE($B$3,9,1),'Expense Log'!$A$5:$A$504,"<"&EDATE(DATE($B$3,9,1),1)) | K6: =SUMIFS('Expense Log'!$K$5:$K$504,'Expense Log'!$D$5:$D$504,"Cleaner Wages",'Expense Log'!$A$5:$A$504,">="&DATE($B$3,10,1),'Expense Log'!$A$5:$A$504,"<"&EDATE(DATE($B$3,10,1),1))+SUMIFS('Expense Log'!$K$5:$K$504,'Expense Log'!$D$5:$D$504,"Payroll Taxes",'Expense Log'!$A$5:$A$504,">="&DATE($B$3,10,1),'Expense Log'!$A$5:$A$504,"<"&EDATE(DATE($B$3,10,1),1))+SUMIFS('Expense Log'!$K$5:$K$504,'Expense Log'!$D$5:$D$504,"Workers Comp",'Expense Log'!$A$5:$A$504,">="&DATE($B$3,10,1),'Expense Log'!$A$5:$A$504,"<"&EDATE(DATE($B$3,10,1),1))+SUMIFS('Expense Log'!$K$5:$K$504,'Expense Log'!$D$5:$D$504,"Benefits",'Expense Log'!$A$5:$A$504,">="&DATE($B$3,10,1),'Expense Log'!$A$5:$A$504,"<"&EDATE(DATE($B$3,10,1),1))+SUMIFS('Expense Log'!$K$5:$K$504,'Expense Log'!$D$5:$D$504,"Bonuses",'Expense Log'!$A$5:$A$504,">="&DATE($B$3,10,1),'Expense Log'!$A$5:$A$504,"<"&EDATE(DATE($B$3,10,1),1))+SUMIFS('Expense Log'!$K$5:$K$504,'Expense Log'!$D$5:$D$504,"Training",'Expense Log'!$A$5:$A$504,">="&DATE($B$3,10,1),'Expense Log'!$A$5:$A$504,"<"&EDATE(DATE($B$3,10,1),1))+SUMIFS('Expense Log'!$K$5:$K$504,'Expense Log'!$D$5:$D$504,"Recruiting",'Expense Log'!$A$5:$A$504,">="&DATE($B$3,10,1),'Expense Log'!$A$5:$A$504,"<"&EDATE(DATE($B$3,10,1),1))+SUMIFS('Expense Log'!$K$5:$K$504,'Expense Log'!$D$5:$D$504,"Uniforms",'Expense Log'!$A$5:$A$504,">="&DATE($B$3,10,1),'Expense Log'!$A$5:$A$504,"<"&EDATE(DATE($B$3,10,1),1))+SUMIFS('Expense Log'!$K$5:$K$504,'Expense Log'!$D$5:$D$504,"Administrative Labor",'Expense Log'!$A$5:$A$504,">="&DATE($B$3,10,1),'Expense Log'!$A$5:$A$504,"<"&EDATE(DATE($B$3,10,1),1)) | L6: =SUMIFS('Expense Log'!$K$5:$K$504,'Expense Log'!$D$5:$D$504,"Cleaner Wages",'Expense Log'!$A$5:$A$504,">="&DATE($B$3,11,1),'Expense Log'!$A$5:$A$504,"<"&EDATE(DATE($B$3,11,1),1))+SUMIFS('Expense Log'!$K$5:$K$504,'Expense Log'!$D$5:$D$504,"Payroll Taxes",'Expense Log'!$A$5:$A$504,">="&DATE($B$3,11,1),'Expense Log'!$A$5:$A$504,"<"&EDATE(DATE($B$3,11,1),1))+SUMIFS('Expense Log'!$K$5:$K$504,'Expense Log'!$D$5:$D$504,"Workers Comp",'Expense Log'!$A$5:$A$504,">="&DATE($B$3,11,1),'Expense Log'!$A$5:$A$504,"<"&EDATE(DATE($B$3,11,1),1))+SUMIFS('Expense Log'!$K$5:$K$504,'Expense Log'!$D$5:$D$504,"Benefits",'Expense Log'!$A$5:$A$504,">="&DATE($B$3,11,1),'Expense Log'!$A$5:$A$504,"<"&EDATE(DATE($B$3,11,1),1))+SUMIFS('Expense Log'!$K$5:$K$504,'Expense Log'!$D$5:$D$504,"Bonuses",'Expense Log'!$A$5:$A$504,">="&DATE($B$3,11,1),'Expense Log'!$A$5:$A$504,"<"&EDATE(DATE($B$3,11,1),1))+SUMIFS('Expense Log'!$K$5:$K$504,'Expense Log'!$D$5:$D$504,"Training",'Expense Log'!$A$5:$A$504,">="&DATE($B$3,11,1),'Expense Log'!$A$5:$A$504,"<"&EDATE(DATE($B$3,11,1),1))+SUMIFS('Expense Log'!$K$5:$K$504,'Expense Log'!$D$5:$D$504,"Recruiting",'Expense Log'!$A$5:$A$504,">="&DATE($B$3,11,1),'Expense Log'!$A$5:$A$504,"<"&EDATE(DATE($B$3,11,1),1))+SUMIFS('Expense Log'!$K$5:$K$504,'Expense Log'!$D$5:$D$504,"Uniforms",'Expense Log'!$A$5:$A$504,">="&DATE($B$3,11,1),'Expense Log'!$A$5:$A$504,"<"&EDATE(DATE($B$3,11,1),1))+SUMIFS('Expense Log'!$K$5:$K$504,'Expense Log'!$D$5:$D$504,"Administrative Labor",'Expense Log'!$A$5:$A$504,">="&DATE($B$3,11,1),'Expense Log'!$A$5:$A$504,"<"&EDATE(DATE($B$3,11,1),1)) | M6: =SUMIFS('Expense Log'!$K$5:$K$504,'Expense Log'!$D$5:$D$504,"Cleaner Wages",'Expense Log'!$A$5:$A$504,">="&DATE($B$3,12,1),'Expense Log'!$A$5:$A$504,"<"&EDATE(DATE($B$3,12,1),1))+SUMIFS('Expense Log'!$K$5:$K$504,'Expense Log'!$D$5:$D$504,"Payroll Taxes",'Expense Log'!$A$5:$A$504,">="&DATE($B$3,12,1),'Expense Log'!$A$5:$A$504,"<"&EDATE(DATE($B$3,12,1),1))+SUMIFS('Expense Log'!$K$5:$K$504,'Expense Log'!$D$5:$D$504,"Workers Comp",'Expense Log'!$A$5:$A$504,">="&DATE($B$3,12,1),'Expense Log'!$A$5:$A$504,"<"&EDATE(DATE($B$3,12,1),1))+SUMIFS('Expense Log'!$K$5:$K$504,'Expense Log'!$D$5:$D$504,"Benefits",'Expense Log'!$A$5:$A$504,">="&DATE($B$3,12,1),'Expense Log'!$A$5:$A$504,"<"&EDATE(DATE($B$3,12,1),1))+SUMIFS('Expense Log'!$K$5:$K$504,'Expense Log'!$D$5:$D$504,"Bonuses",'Expense Log'!$A$5:$A$504,">="&DATE($B$3,12,1),'Expense Log'!$A$5:$A$504,"<"&EDATE(DATE($B$3,12,1),1))+SUMIFS('Expense Log'!$K$5:$K$504,'Expense Log'!$D$5:$D$504,"Training",'Expense Log'!$A$5:$A$504,">="&DATE($B$3,12,1),'Expense Log'!$A$5:$A$504,"<"&EDATE(DATE($B$3,12,1),1))+SUMIFS('Expense Log'!$K$5:$K$504,'Expense Log'!$D$5:$D$504,"Recruiting",'Expense Log'!$A$5:$A$504,">="&DATE($B$3,12,1),'Expense Log'!$A$5:$A$504,"<"&EDATE(DATE($B$3,12,1),1))+SUMIFS('Expense Log'!$K$5:$K$504,'Expense Log'!$D$5:$D$504,"Uniforms",'Expense Log'!$A$5:$A$504,">="&DATE($B$3,12,1),'Expense Log'!$A$5:$A$504,"<"&EDATE(DATE($B$3,12,1),1))+SUMIFS('Expense Log'!$K$5:$K$504,'Expense Log'!$D$5:$D$504,"Administrative Labor",'Expense Log'!$A$5:$A$504,">="&DATE($B$3,12,1),'Expense Log'!$A$5:$A$504,"<"&EDATE(DATE($B$3,12,1),1)) | N6: =SUM(B6:M6)
A7: Cleaning Supplies | B7: =SUMIFS('Expense Log'!$K$5:$K$504,'Expense Log'!$D$5:$D$504,"Cleaning Chemicals",'Expense Log'!$A$5:$A$504,">="&DATE($B$3,1,1),'Expense Log'!$A$5:$A$504,"<"&EDATE(DATE($B$3,1,1),1))+SUMIFS('Expense Log'!$K$5:$K$504,'Expense Log'!$D$5:$D$504,"Microfiber / Mop Supplies",'Expense Log'!$A$5:$A$504,">="&DATE($B$3,1,1),'Expense Log'!$A$5:$A$504,"<"&EDATE(DATE($B$3,1,1),1))+SUMIFS('Expense Log'!$K$5:$K$504,'Expense Log'!$D$5:$D$504,"Vacuum Supplies",'Expense Log'!$A$5:$A$504,">="&DATE($B$3,1,1),'Expense Log'!$A$5:$A$504,"<"&EDATE(DATE($B$3,1,1),1))+SUMIFS('Expense Log'!$K$5:$K$504,'Expense Log'!$D$5:$D$504,"Trash Liners",'Expense Log'!$A$5:$A$504,">="&DATE($B$3,1,1),'Expense Log'!$A$5:$A$504,"<"&EDATE(DATE($B$3,1,1),1))+SUMIFS('Expense Log'!$K$5:$K$504,'Expense Log'!$D$5:$D$504,"PPE",'Expense Log'!$A$5:$A$504,">="&DATE($B$3,1,1),'Expense Log'!$A$5:$A$504,"<"&EDATE(DATE($B$3,1,1),1))+SUMIFS('Expense Log'!$K$5:$K$504,'Expense Log'!$D$5:$D$504,"Disposable Supplies",'Expense Log'!$A$5:$A$504,">="&DATE($B$3,1,1),'Expense Log'!$A$5:$A$504,"<"&EDATE(DATE($B$3,1,1),1))+SUMIFS('Expense Log'!$K$5:$K$504,'Expense Log'!$D$5:$D$504,"Guest / Client Consumables",'Expense Log'!$A$5:$A$504,">="&DATE($B$3,1,1),'Expense Log'!$A$5:$A$504,"<"&EDATE(DATE($B$3,1,1),1))+SUMIFS('Expense Log'!$K$5:$K$504,'Expense Log'!$D$5:$D$504,"Other Cleaning Supplies",'Expense Log'!$A$5:$A$504,">="&DATE($B$3,1,1),'Expense Log'!$A$5:$A$504,"<"&EDATE(DATE($B$3,1,1),1)) | C7: =SUMIFS('Expense Log'!$K$5:$K$504,'Expense Log'!$D$5:$D$504,"Cleaning Chemicals",'Expense Log'!$A$5:$A$504,">="&DATE($B$3,2,1),'Expense Log'!$A$5:$A$504,"<"&EDATE(DATE($B$3,2,1),1))+SUMIFS('Expense Log'!$K$5:$K$504,'Expense Log'!$D$5:$D$504,"Microfiber / Mop Supplies",'Expense Log'!$A$5:$A$504,">="&DATE($B$3,2,1),'Expense Log'!$A$5:$A$504,"<"&EDATE(DATE($B$3,2,1),1))+SUMIFS('Expense Log'!$K$5:$K$504,'Expense Log'!$D$5:$D$504,"Vacuum Supplies",'Expense Log'!$A$5:$A$504,">="&DATE($B$3,2,1),'Expense Log'!$A$5:$A$504,"<"&EDATE(DATE($B$3,2,1),1))+SUMIFS('Expense Log'!$K$5:$K$504,'Expense Log'!$D$5:$D$504,"Trash Liners",'Expense Log'!$A$5:$A$504,">="&DATE($B$3,2,1),'Expense Log'!$A$5:$A$504,"<"&EDATE(DATE($B$3,2,1),1))+SUMIFS('Expense Log'!$K$5:$K$504,'Expense Log'!$D$5:$D$504,"PPE",'Expense Log'!$A$5:$A$504,">="&DATE($B$3,2,1),'Expense Log'!$A$5:$A$504,"<"&EDATE(DATE($B$3,2,1),1))+SUMIFS('Expense Log'!$K$5:$K$504,'Expense Log'!$D$5:$D$504,"Disposable Supplies",'Expense Log'!$A$5:$A$504,">="&DATE($B$3,2,1),'Expense Log'!$A$5:$A$504,"<"&EDATE(DATE($B$3,2,1),1))+SUMIFS('Expense Log'!$K$5:$K$504,'Expense Log'!$D$5:$D$504,"Guest / Client Consumables",'Expense Log'!$A$5:$A$504,">="&DATE($B$3,2,1),'Expense Log'!$A$5:$A$504,"<"&EDATE(DATE($B$3,2,1),1))+SUMIFS('Expense Log'!$K$5:$K$504,'Expense Log'!$D$5:$D$504,"Other Cleaning Supplies",'Expense Log'!$A$5:$A$504,">="&DATE($B$3,2,1),'Expense Log'!$A$5:$A$504,"<"&EDATE(DATE($B$3,2,1),1)) | D7: =SUMIFS('Expense Log'!$K$5:$K$504,'Expense Log'!$D$5:$D$504,"Cleaning Chemicals",'Expense Log'!$A$5:$A$504,">="&DATE($B$3,3,1),'Expense Log'!$A$5:$A$504,"<"&EDATE(DATE($B$3,3,1),1))+SUMIFS('Expense Log'!$K$5:$K$504,'Expense Log'!$D$5:$D$504,"Microfiber / Mop Supplies",'Expense Log'!$A$5:$A$504,">="&DATE($B$3,3,1),'Expense Log'!$A$5:$A$504,"<"&EDATE(DATE($B$3,3,1),1))+SUMIFS('Expense Log'!$K$5:$K$504,'Expense Log'!$D$5:$D$504,"Vacuum Supplies",'Expense Log'!$A$5:$A$504,">="&DATE($B$3,3,1),'Expense Log'!$A$5:$A$504,"<"&EDATE(DATE($B$3,3,1),1))+SUMIFS('Expense Log'!$K$5:$K$504,'Expense Log'!$D$5:$D$504,"Trash Liners",'Expense Log'!$A$5:$A$504,">="&DATE($B$3,3,1),'Expense Log'!$A$5:$A$504,"<"&EDATE(DATE($B$3,3,1),1))+SUMIFS('Expense Log'!$K$5:$K$504,'Expense Log'!$D$5:$D$504,"PPE",'Expense Log'!$A$5:$A$504,">="&DATE($B$3,3,1),'Expense Log'!$A$5:$A$504,"<"&EDATE(DATE($B$3,3,1),1))+SUMIFS('Expense Log'!$K$5:$K$504,'Expense Log'!$D$5:$D$504,"Disposable Supplies",'Expense Log'!$A$5:$A$504,">="&DATE($B$3,3,1),'Expense Log'!$A$5:$A$504,"<"&EDATE(DATE($B$3,3,1),1))+SUMIFS('Expense Log'!$K$5:$K$504,'Expense Log'!$D$5:$D$504,"Guest / Client Consumables",'Expense Log'!$A$5:$A$504,">="&DATE($B$3,3,1),'Expense Log'!$A$5:$A$504,"<"&EDATE(DATE($B$3,3,1),1))+SUMIFS('Expense Log'!$K$5:$K$504,'Expense Log'!$D$5:$D$504,"Other Cleaning Supplies",'Expense Log'!$A$5:$A$504,">="&DATE($B$3,3,1),'Expense Log'!$A$5:$A$504,"<"&EDATE(DATE($B$3,3,1),1)) | E7: =SUMIFS('Expense Log'!$K$5:$K$504,'Expense Log'!$D$5:$D$504,"Cleaning Chemicals",'Expense Log'!$A$5:$A$504,">="&DATE($B$3,4,1),'Expense Log'!$A$5:$A$504,"<"&EDATE(DATE($B$3,4,1),1))+SUMIFS('Expense Log'!$K$5:$K$504,'Expense Log'!$D$5:$D$504,"Microfiber / Mop Supplies",'Expense Log'!$A$5:$A$504,">="&DATE($B$3,4,1),'Expense Log'!$A$5:$A$504,"<"&EDATE(DATE($B$3,4,1),1))+SUMIFS('Expense Log'!$K$5:$K$504,'Expense Log'!$D$5:$D$504,"Vacuum Supplies",'Expense Log'!$A$5:$A$504,">="&DATE($B$3,4,1),'Expense Log'!$A$5:$A$504,"<"&EDATE(DATE($B$3,4,1),1))+SUMIFS('Expense Log'!$K$5:$K$504,'Expense Log'!$D$5:$D$504,"Trash Liners",'Expense Log'!$A$5:$A$504,">="&DATE($B$3,4,1),'Expense Log'!$A$5:$A$504,"<"&EDATE(DATE($B$3,4,1),1))+SUMIFS('Expense Log'!$K$5:$K$504,'Expense Log'!$D$5:$D$504,"PPE",'Expense Log'!$A$5:$A$504,">="&DATE($B$3,4,1),'Expense Log'!$A$5:$A$504,"<"&EDATE(DATE($B$3,4,1),1))+SUMIFS('Expense Log'!$K$5:$K$504,'Expense Log'!$D$5:$D$504,"Disposable Supplies",'Expense Log'!$A$5:$A$504,">="&DATE($B$3,4,1),'Expense Log'!$A$5:$A$504,"<"&EDATE(DATE($B$3,4,1),1))+SUMIFS('Expense Log'!$K$5:$K$504,'Expense Log'!$D$5:$D$504,"Guest / Client Consumables",'Expense Log'!$A$5:$A$504,">="&DATE($B$3,4,1),'Expense Log'!$A$5:$A$504,"<"&EDATE(DATE($B$3,4,1),1))+SUMIFS('Expense Log'!$K$5:$K$504,'Expense Log'!$D$5:$D$504,"Other Cleaning Supplies",'Expense Log'!$A$5:$A$504,">="&DATE($B$3,4,1),'Expense Log'!$A$5:$A$504,"<"&EDATE(DATE($B$3,4,1),1)) | F7: =SUMIFS('Expense Log'!$K$5:$K$504,'Expense Log'!$D$5:$D$504,"Cleaning Chemicals",'Expense Log'!$A$5:$A$504,">="&DATE($B$3,5,1),'Expense Log'!$A$5:$A$504,"<"&EDATE(DATE($B$3,5,1),1))+SUMIFS('Expense Log'!$K$5:$K$504,'Expense Log'!$D$5:$D$504,"Microfiber / Mop Supplies",'Expense Log'!$A$5:$A$504,">="&DATE($B$3,5,1),'Expense Log'!$A$5:$A$504,"<"&EDATE(DATE($B$3,5,1),1))+SUMIFS('Expense Log'!$K$5:$K$504,'Expense Log'!$D$5:$D$504,"Vacuum Supplies",'Expense Log'!$A$5:$A$504,">="&DATE($B$3,5,1),'Expense Log'!$A$5:$A$504,"<"&EDATE(DATE($B$3,5,1),1))+SUMIFS('Expense Log'!$K$5:$K$504,'Expense Log'!$D$5:$D$504,"Trash Liners",'Expense Log'!$A$5:$A$504,">="&DATE($B$3,5,1),'Expense Log'!$A$5:$A$504,"<"&EDATE(DATE($B$3,5,1),1))+SUMIFS('Expense Log'!$K$5:$K$504,'Expense Log'!$D$5:$D$504,"PPE",'Expense Log'!$A$5:$A$504,">="&DATE($B$3,5,1),'Expense Log'!$A$5:$A$504,"<"&EDATE(DATE($B$3,5,1),1))+SUMIFS('Expense Log'!$K$5:$K$504,'Expense Log'!$D$5:$D$504,"Disposable Supplies",'Expense Log'!$A$5:$A$504,">="&DATE($B$3,5,1),'Expense Log'!$A$5:$A$504,"<"&EDATE(DATE($B$3,5,1),1))+SUMIFS('Expense Log'!$K$5:$K$504,'Expense Log'!$D$5:$D$504,"Guest / Client Consumables",'Expense Log'!$A$5:$A$504,">="&DATE($B$3,5,1),'Expense Log'!$A$5:$A$504,"<"&EDATE(DATE($B$3,5,1),1))+SUMIFS('Expense Log'!$K$5:$K$504,'Expense Log'!$D$5:$D$504,"Other Cleaning Supplies",'Expense Log'!$A$5:$A$504,">="&DATE($B$3,5,1),'Expense Log'!$A$5:$A$504,"<"&EDATE(DATE($B$3,5,1),1)) | G7: =SUMIFS('Expense Log'!$K$5:$K$504,'Expense Log'!$D$5:$D$504,"Cleaning Chemicals",'Expense Log'!$A$5:$A$504,">="&DATE($B$3,6,1),'Expense Log'!$A$5:$A$504,"<"&EDATE(DATE($B$3,6,1),1))+SUMIFS('Expense Log'!$K$5:$K$504,'Expense Log'!$D$5:$D$504,"Microfiber / Mop Supplies",'Expense Log'!$A$5:$A$504,">="&DATE($B$3,6,1),'Expense Log'!$A$5:$A$504,"<"&EDATE(DATE($B$3,6,1),1))+SUMIFS('Expense Log'!$K$5:$K$504,'Expense Log'!$D$5:$D$504,"Vacuum Supplies",'Expense Log'!$A$5:$A$504,">="&DATE($B$3,6,1),'Expense Log'!$A$5:$A$504,"<"&EDATE(DATE($B$3,6,1),1))+SUMIFS('Expense Log'!$K$5:$K$504,'Expense Log'!$D$5:$D$504,"Trash Liners",'Expense Log'!$A$5:$A$504,">="&DATE($B$3,6,1),'Expense Log'!$A$5:$A$504,"<"&EDATE(DATE($B$3,6,1),1))+SUMIFS('Expense Log'!$K$5:$K$504,'Expense Log'!$D$5:$D$504,"PPE",'Expense Log'!$A$5:$A$504,">="&DATE($B$3,6,1),'Expense Log'!$A$5:$A$504,"<"&EDATE(DATE($B$3,6,1),1))+SUMIFS('Expense Log'!$K$5:$K$504,'Expense Log'!$D$5:$D$504,"Disposable Supplies",'Expense Log'!$A$5:$A$504,">="&DATE($B$3,6,1),'Expense Log'!$A$5:$A$504,"<"&EDATE(DATE($B$3,6,1),1))+SUMIFS('Expense Log'!$K$5:$K$504,'Expense Log'!$D$5:$D$504,"Guest / Client Consumables",'Expense Log'!$A$5:$A$504,">="&DATE($B$3,6,1),'Expense Log'!$A$5:$A$504,"<"&EDATE(DATE($B$3,6,1),1))+SUMIFS('Expense Log'!$K$5:$K$504,'Expense Log'!$D$5:$D$504,"Other Cleaning Supplies",'Expense Log'!$A$5:$A$504,">="&DATE($B$3,6,1),'Expense Log'!$A$5:$A$504,"<"&EDATE(DATE($B$3,6,1),1)) | H7: =SUMIFS('Expense Log'!$K$5:$K$504,'Expense Log'!$D$5:$D$504,"Cleaning Chemicals",'Expense Log'!$A$5:$A$504,">="&DATE($B$3,7,1),'Expense Log'!$A$5:$A$504,"<"&EDATE(DATE($B$3,7,1),1))+SUMIFS('Expense Log'!$K$5:$K$504,'Expense Log'!$D$5:$D$504,"Microfiber / Mop Supplies",'Expense Log'!$A$5:$A$504,">="&DATE($B$3,7,1),'Expense Log'!$A$5:$A$504,"<"&EDATE(DATE($B$3,7,1),1))+SUMIFS('Expense Log'!$K$5:$K$504,'Expense Log'!$D$5:$D$504,"Vacuum Supplies",'Expense Log'!$A$5:$A$504,">="&DATE($B$3,7,1),'Expense Log'!$A$5:$A$504,"<"&EDATE(DATE($B$3,7,1),1))+SUMIFS('Expense Log'!$K$5:$K$504,'Expense Log'!$D$5:$D$504,"Trash Liners",'Expense Log'!$A$5:$A$504,">="&DATE($B$3,7,1),'Expense Log'!$A$5:$A$504,"<"&EDATE(DATE($B$3,7,1),1))+SUMIFS('Expense Log'!$K$5:$K$504,'Expense Log'!$D$5:$D$504,"PPE",'Expense Log'!$A$5:$A$504,">="&DATE($B$3,7,1),'Expense Log'!$A$5:$A$504,"<"&EDATE(DATE($B$3,7,1),1))+SUMIFS('Expense Log'!$K$5:$K$504,'Expense Log'!$D$5:$D$504,"Disposable Supplies",'Expense Log'!$A$5:$A$504,">="&DATE($B$3,7,1),'Expense Log'!$A$5:$A$504,"<"&EDATE(DATE($B$3,7,1),1))+SUMIFS('Expense Log'!$K$5:$K$504,'Expense Log'!$D$5:$D$504,"Guest / Client Consumables",'Expense Log'!$A$5:$A$504,">="&DATE($B$3,7,1),'Expense Log'!$A$5:$A$504,"<"&EDATE(DATE($B$3,7,1),1))+SUMIFS('Expense Log'!$K$5:$K$504,'Expense Log'!$D$5:$D$504,"Other Cleaning Supplies",'Expense Log'!$A$5:$A$504,">="&DATE($B$3,7,1),'Expense Log'!$A$5:$A$504,"<"&EDATE(DATE($B$3,7,1),1)) | I7: =SUMIFS('Expense Log'!$K$5:$K$504,'Expense Log'!$D$5:$D$504,"Cleaning Chemicals",'Expense Log'!$A$5:$A$504,">="&DATE($B$3,8,1),'Expense Log'!$A$5:$A$504,"<"&EDATE(DATE($B$3,8,1),1))+SUMIFS('Expense Log'!$K$5:$K$504,'Expense Log'!$D$5:$D$504,"Microfiber / Mop Supplies",'Expense Log'!$A$5:$A$504,">="&DATE($B$3,8,1),'Expense Log'!$A$5:$A$504,"<"&EDATE(DATE($B$3,8,1),1))+SUMIFS('Expense Log'!$K$5:$K$504,'Expense Log'!$D$5:$D$504,"Vacuum Supplies",'Expense Log'!$A$5:$A$504,">="&DATE($B$3,8,1),'Expense Log'!$A$5:$A$504,"<"&EDATE(DATE($B$3,8,1),1))+SUMIFS('Expense Log'!$K$5:$K$504,'Expense Log'!$D$5:$D$504,"Trash Liners",'Expense Log'!$A$5:$A$504,">="&DATE($B$3,8,1),'Expense Log'!$A$5:$A$504,"<"&EDATE(DATE($B$3,8,1),1))+SUMIFS('Expense Log'!$K$5:$K$504,'Expense Log'!$D$5:$D$504,"PPE",'Expense Log'!$A$5:$A$504,">="&DATE($B$3,8,1),'Expense Log'!$A$5:$A$504,"<"&EDATE(DATE($B$3,8,1),1))+SUMIFS('Expense Log'!$K$5:$K$504,'Expense Log'!$D$5:$D$504,"Disposable Supplies",'Expense Log'!$A$5:$A$504,">="&DATE($B$3,8,1),'Expense Log'!$A$5:$A$504,"<"&EDATE(DATE($B$3,8,1),1))+SUMIFS('Expense Log'!$K$5:$K$504,'Expense Log'!$D$5:$D$504,"Guest / Client Consumables",'Expense Log'!$A$5:$A$504,">="&DATE($B$3,8,1),'Expense Log'!$A$5:$A$504,"<"&EDATE(DATE($B$3,8,1),1))+SUMIFS('Expense Log'!$K$5:$K$504,'Expense Log'!$D$5:$D$504,"Other Cleaning Supplies",'Expense Log'!$A$5:$A$504,">="&DATE($B$3,8,1),'Expense Log'!$A$5:$A$504,"<"&EDATE(DATE($B$3,8,1),1)) | J7: =SUMIFS('Expense Log'!$K$5:$K$504,'Expense Log'!$D$5:$D$504,"Cleaning Chemicals",'Expense Log'!$A$5:$A$504,">="&DATE($B$3,9,1),'Expense Log'!$A$5:$A$504,"<"&EDATE(DATE($B$3,9,1),1))+SUMIFS('Expense Log'!$K$5:$K$504,'Expense Log'!$D$5:$D$504,"Microfiber / Mop Supplies",'Expense Log'!$A$5:$A$504,">="&DATE($B$3,9,1),'Expense Log'!$A$5:$A$504,"<"&EDATE(DATE($B$3,9,1),1))+SUMIFS('Expense Log'!$K$5:$K$504,'Expense Log'!$D$5:$D$504,"Vacuum Supplies",'Expense Log'!$A$5:$A$504,">="&DATE($B$3,9,1),'Expense Log'!$A$5:$A$504,"<"&EDATE(DATE($B$3,9,1),1))+SUMIFS('Expense Log'!$K$5:$K$504,'Expense Log'!$D$5:$D$504,"Trash Liners",'Expense Log'!$A$5:$A$504,">="&DATE($B$3,9,1),'Expense Log'!$A$5:$A$504,"<"&EDATE(DATE($B$3,9,1),1))+SUMIFS('Expense Log'!$K$5:$K$504,'Expense Log'!$D$5:$D$504,"PPE",'Expense Log'!$A$5:$A$504,">="&DATE($B$3,9,1),'Expense Log'!$A$5:$A$504,"<"&EDATE(DATE($B$3,9,1),1))+SUMIFS('Expense Log'!$K$5:$K$504,'Expense Log'!$D$5:$D$504,"Disposable Supplies",'Expense Log'!$A$5:$A$504,">="&DATE($B$3,9,1),'Expense Log'!$A$5:$A$504,"<"&EDATE(DATE($B$3,9,1),1))+SUMIFS('Expense Log'!$K$5:$K$504,'Expense Log'!$D$5:$D$504,"Guest / Client Consumables",'Expense Log'!$A$5:$A$504,">="&DATE($B$3,9,1),'Expense Log'!$A$5:$A$504,"<"&EDATE(DATE($B$3,9,1),1))+SUMIFS('Expense Log'!$K$5:$K$504,'Expense Log'!$D$5:$D$504,"Other Cleaning Supplies",'Expense Log'!$A$5:$A$504,">="&DATE($B$3,9,1),'Expense Log'!$A$5:$A$504,"<"&EDATE(DATE($B$3,9,1),1)) | K7: =SUMIFS('Expense Log'!$K$5:$K$504,'Expense Log'!$D$5:$D$504,"Cleaning Chemicals",'Expense Log'!$A$5:$A$504,">="&DATE($B$3,10,1),'Expense Log'!$A$5:$A$504,"<"&EDATE(DATE($B$3,10,1),1))+SUMIFS('Expense Log'!$K$5:$K$504,'Expense Log'!$D$5:$D$504,"Microfiber / Mop Supplies",'Expense Log'!$A$5:$A$504,">="&DATE($B$3,10,1),'Expense Log'!$A$5:$A$504,"<"&EDATE(DATE($B$3,10,1),1))+SUMIFS('Expense Log'!$K$5:$K$504,'Expense Log'!$D$5:$D$504,"Vacuum Supplies",'Expense Log'!$A$5:$A$504,">="&DATE($B$3,10,1),'Expense Log'!$A$5:$A$504,"<"&EDATE(DATE($B$3,10,1),1))+SUMIFS('Expense Log'!$K$5:$K$504,'Expense Log'!$D$5:$D$504,"Trash Liners",'Expense Log'!$A$5:$A$504,">="&DATE($B$3,10,1),'Expense Log'!$A$5:$A$504,"<"&EDATE(DATE($B$3,10,1),1))+SUMIFS('Expense Log'!$K$5:$K$504,'Expense Log'!$D$5:$D$504,"PPE",'Expense Log'!$A$5:$A$504,">="&DATE($B$3,10,1),'Expense Log'!$A$5:$A$504,"<"&EDATE(DATE($B$3,10,1),1))+SUMIFS('Expense Log'!$K$5:$K$504,'Expense Log'!$D$5:$D$504,"Disposable Supplies",'Expense Log'!$A$5:$A$504,">="&DATE($B$3,10,1),'Expense Log'!$A$5:$A$504,"<"&EDATE(DATE($B$3,10,1),1))+SUMIFS('Expense Log'!$K$5:$K$504,'Expense Log'!$D$5:$D$504,"Guest / Client Consumables",'Expense Log'!$A$5:$A$504,">="&DATE($B$3,10,1),'Expense Log'!$A$5:$A$504,"<"&EDATE(DATE($B$3,10,1),1))+SUMIFS('Expense Log'!$K$5:$K$504,'Expense Log'!$D$5:$D$504,"Other Cleaning Supplies",'Expense Log'!$A$5:$A$504,">="&DATE($B$3,10,1),'Expense Log'!$A$5:$A$504,"<"&EDATE(DATE($B$3,10,1),1)) | L7: =SUMIFS('Expense Log'!$K$5:$K$504,'Expense Log'!$D$5:$D$504,"Cleaning Chemicals",'Expense Log'!$A$5:$A$504,">="&DATE($B$3,11,1),'Expense Log'!$A$5:$A$504,"<"&EDATE(DATE($B$3,11,1),1))+SUMIFS('Expense Log'!$K$5:$K$504,'Expense Log'!$D$5:$D$504,"Microfiber / Mop Supplies",'Expense Log'!$A$5:$A$504,">="&DATE($B$3,11,1),'Expense Log'!$A$5:$A$504,"<"&EDATE(DATE($B$3,11,1),1))+SUMIFS('Expense Log'!$K$5:$K$504,'Expense Log'!$D$5:$D$504,"Vacuum Supplies",'Expense Log'!$A$5:$A$504,">="&DATE($B$3,11,1),'Expense Log'!$A$5:$A$504,"<"&EDATE(DATE($B$3,11,1),1))+SUMIFS('Expense Log'!$K$5:$K$504,'Expense Log'!$D$5:$D$504,"Trash Liners",'Expense Log'!$A$5:$A$504,">="&DATE($B$3,11,1),'Expense Log'!$A$5:$A$504,"<"&EDATE(DATE($B$3,11,1),1))+SUMIFS('Expense Log'!$K$5:$K$504,'Expense Log'!$D$5:$D$504,"PPE",'Expense Log'!$A$5:$A$504,">="&DATE($B$3,11,1),'Expense Log'!$A$5:$A$504,"<"&EDATE(DATE($B$3,11,1),1))+SUMIFS('Expense Log'!$K$5:$K$504,'Expense Log'!$D$5:$D$504,"Disposable Supplies",'Expense Log'!$A$5:$A$504,">="&DATE($B$3,11,1),'Expense Log'!$A$5:$A$504,"<"&EDATE(DATE($B$3,11,1),1))+SUMIFS('Expense Log'!$K$5:$K$504,'Expense Log'!$D$5:$D$504,"Guest / Client Consumables",'Expense Log'!$A$5:$A$504,">="&DATE($B$3,11,1),'Expense Log'!$A$5:$A$504,"<"&EDATE(DATE($B$3,11,1),1))+SUMIFS('Expense Log'!$K$5:$K$504,'Expense Log'!$D$5:$D$504,"Other Cleaning Supplies",'Expense Log'!$A$5:$A$504,">="&DATE($B$3,11,1),'Expense Log'!$A$5:$A$504,"<"&EDATE(DATE($B$3,11,1),1)) | M7: =SUMIFS('Expense Log'!$K$5:$K$504,'Expense Log'!$D$5:$D$504,"Cleaning Chemicals",'Expense Log'!$A$5:$A$504,">="&DATE($B$3,12,1),'Expense Log'!$A$5:$A$504,"<"&EDATE(DATE($B$3,12,1),1))+SUMIFS('Expense Log'!$K$5:$K$504,'Expense Log'!$D$5:$D$504,"Microfiber / Mop Supplies",'Expense Log'!$A$5:$A$504,">="&DATE($B$3,12,1),'Expense Log'!$A$5:$A$504,"<"&EDATE(DATE($B$3,12,1),1))+SUMIFS('Expense Log'!$K$5:$K$504,'Expense Log'!$D$5:$D$504,"Vacuum Supplies",'Expense Log'!$A$5:$A$504,">="&DATE($B$3,12,1),'Expense Log'!$A$5:$A$504,"<"&EDATE(DATE($B$3,12,1),1))+SUMIFS('Expense Log'!$K$5:$K$504,'Expense Log'!$D$5:$D$504,"Trash Liners",'Expense Log'!$A$5:$A$504,">="&DATE($B$3,12,1),'Expense Log'!$A$5:$A$504,"<"&EDATE(DATE($B$3,12,1),1))+SUMIFS('Expense Log'!$K$5:$K$504,'Expense Log'!$D$5:$D$504,"PPE",'Expense Log'!$A$5:$A$504,">="&DATE($B$3,12,1),'Expense Log'!$A$5:$A$504,"<"&EDATE(DATE($B$3,12,1),1))+SUMIFS('Expense Log'!$K$5:$K$504,'Expense Log'!$D$5:$D$504,"Disposable Supplies",'Expense Log'!$A$5:$A$504,">="&DATE($B$3,12,1),'Expense Log'!$A$5:$A$504,"<"&EDATE(DATE($B$3,12,1),1))+SUMIFS('Expense Log'!$K$5:$K$504,'Expense Log'!$D$5:$D$504,"Guest / Client Consumables",'Expense Log'!$A$5:$A$504,">="&DATE($B$3,12,1),'Expense Log'!$A$5:$A$504,"<"&EDATE(DATE($B$3,12,1),1))+SUMIFS('Expense Log'!$K$5:$K$504,'Expense Log'!$D$5:$D$504,"Other Cleaning Supplies",'Expense Log'!$A$5:$A$504,">="&DATE($B$3,12,1),'Expense Log'!$A$5:$A$504,"<"&EDATE(DATE($B$3,12,1),1)) | N7: =SUM(B7:M7)
A8: Equipment | B8: =SUMIFS('Expense Log'!$K$5:$K$504,'Expense Log'!$D$5:$D$504,"Vacuums",'Expense Log'!$A$5:$A$504,">="&DATE($B$3,1,1),'Expense Log'!$A$5:$A$504,"<"&EDATE(DATE($B$3,1,1),1))+SUMIFS('Expense Log'!$K$5:$K$504,'Expense Log'!$D$5:$D$504,"Carpet Equipment",'Expense Log'!$A$5:$A$504,">="&DATE($B$3,1,1),'Expense Log'!$A$5:$A$504,"<"&EDATE(DATE($B$3,1,1),1))+SUMIFS('Expense Log'!$K$5:$K$504,'Expense Log'!$D$5:$D$504,"Floor Machines",'Expense Log'!$A$5:$A$504,">="&DATE($B$3,1,1),'Expense Log'!$A$5:$A$504,"<"&EDATE(DATE($B$3,1,1),1))+SUMIFS('Expense Log'!$K$5:$K$504,'Expense Log'!$D$5:$D$504,"Mops / Buckets",'Expense Log'!$A$5:$A$504,">="&DATE($B$3,1,1),'Expense Log'!$A$5:$A$504,"<"&EDATE(DATE($B$3,1,1),1))+SUMIFS('Expense Log'!$K$5:$K$504,'Expense Log'!$D$5:$D$504,"Extension Tools",'Expense Log'!$A$5:$A$504,">="&DATE($B$3,1,1),'Expense Log'!$A$5:$A$504,"<"&EDATE(DATE($B$3,1,1),1))+SUMIFS('Expense Log'!$K$5:$K$504,'Expense Log'!$D$5:$D$504,"Equipment Repairs",'Expense Log'!$A$5:$A$504,">="&DATE($B$3,1,1),'Expense Log'!$A$5:$A$504,"<"&EDATE(DATE($B$3,1,1),1))+SUMIFS('Expense Log'!$K$5:$K$504,'Expense Log'!$D$5:$D$504,"Replacement Parts",'Expense Log'!$A$5:$A$504,">="&DATE($B$3,1,1),'Expense Log'!$A$5:$A$504,"<"&EDATE(DATE($B$3,1,1),1))+SUMIFS('Expense Log'!$K$5:$K$504,'Expense Log'!$D$5:$D$504,"Equipment Rental",'Expense Log'!$A$5:$A$504,">="&DATE($B$3,1,1),'Expense Log'!$A$5:$A$504,"<"&EDATE(DATE($B$3,1,1),1)) | C8: =SUMIFS('Expense Log'!$K$5:$K$504,'Expense Log'!$D$5:$D$504,"Vacuums",'Expense Log'!$A$5:$A$504,">="&DATE($B$3,2,1),'Expense Log'!$A$5:$A$504,"<"&EDATE(DATE($B$3,2,1),1))+SUMIFS('Expense Log'!$K$5:$K$504,'Expense Log'!$D$5:$D$504,"Carpet Equipment",'Expense Log'!$A$5:$A$504,">="&DATE($B$3,2,1),'Expense Log'!$A$5:$A$504,"<"&EDATE(DATE($B$3,2,1),1))+SUMIFS('Expense Log'!$K$5:$K$504,'Expense Log'!$D$5:$D$504,"Floor Machines",'Expense Log'!$A$5:$A$504,">="&DATE($B$3,2,1),'Expense Log'!$A$5:$A$504,"<"&EDATE(DATE($B$3,2,1),1))+SUMIFS('Expense Log'!$K$5:$K$504,'Expense Log'!$D$5:$D$504,"Mops / Buckets",'Expense Log'!$A$5:$A$504,">="&DATE($B$3,2,1),'Expense Log'!$A$5:$A$504,"<"&EDATE(DATE($B$3,2,1),1))+SUMIFS('Expense Log'!$K$5:$K$504,'Expense Log'!$D$5:$D$504,"Extension Tools",'Expense Log'!$A$5:$A$504,">="&DATE($B$3,2,1),'Expense Log'!$A$5:$A$504,"<"&EDATE(DATE($B$3,2,1),1))+SUMIFS('Expense Log'!$K$5:$K$504,'Expense Log'!$D$5:$D$504,"Equipment Repairs",'Expense Log'!$A$5:$A$504,">="&DATE($B$3,2,1),'Expense Log'!$A$5:$A$504,"<"&EDATE(DATE($B$3,2,1),1))+SUMIFS('Expense Log'!$K$5:$K$504,'Expense Log'!$D$5:$D$504,"Replacement Parts",'Expense Log'!$A$5:$A$504,">="&DATE($B$3,2,1),'Expense Log'!$A$5:$A$504,"<"&EDATE(DATE($B$3,2,1),1))+SUMIFS('Expense Log'!$K$5:$K$504,'Expense Log'!$D$5:$D$504,"Equipment Rental",'Expense Log'!$A$5:$A$504,">="&DATE($B$3,2,1),'Expense Log'!$A$5:$A$504,"<"&EDATE(DATE($B$3,2,1),1)) | D8: =SUMIFS('Expense Log'!$K$5:$K$504,'Expense Log'!$D$5:$D$504,"Vacuums",'Expense Log'!$A$5:$A$504,">="&DATE($B$3,3,1),'Expense Log'!$A$5:$A$504,"<"&EDATE(DATE($B$3,3,1),1))+SUMIFS('Expense Log'!$K$5:$K$504,'Expense Log'!$D$5:$D$504,"Carpet Equipment",'Expense Log'!$A$5:$A$504,">="&DATE($B$3,3,1),'Expense Log'!$A$5:$A$504,"<"&EDATE(DATE($B$3,3,1),1))+SUMIFS('Expense Log'!$K$5:$K$504,'Expense Log'!$D$5:$D$504,"Floor Machines",'Expense Log'!$A$5:$A$504,">="&DATE($B$3,3,1),'Expense Log'!$A$5:$A$504,"<"&EDATE(DATE($B$3,3,1),1))+SUMIFS('Expense Log'!$K$5:$K$504,'Expense Log'!$D$5:$D$504,"Mops / Buckets",'Expense Log'!$A$5:$A$504,">="&DATE($B$3,3,1),'Expense Log'!$A$5:$A$504,"<"&EDATE(DATE($B$3,3,1),1))+SUMIFS('Expense Log'!$K$5:$K$504,'Expense Log'!$D$5:$D$504,"Extension Tools",'Expense Log'!$A$5:$A$504,">="&DATE($B$3,3,1),'Expense Log'!$A$5:$A$504,"<"&EDATE(DATE($B$3,3,1),1))+SUMIFS('Expense Log'!$K$5:$K$504,'Expense Log'!$D$5:$D$504,"Equipment Repairs",'Expense Log'!$A$5:$A$504,">="&DATE($B$3,3,1),'Expense Log'!$A$5:$A$504,"<"&EDATE(DATE($B$3,3,1),1))+SUMIFS('Expense Log'!$K$5:$K$504,'Expense Log'!$D$5:$D$504,"Replacement Parts",'Expense Log'!$A$5:$A$504,">="&DATE($B$3,3,1),'Expense Log'!$A$5:$A$504,"<"&EDATE(DATE($B$3,3,1),1))+SUMIFS('Expense Log'!$K$5:$K$504,'Expense Log'!$D$5:$D$504,"Equipment Rental",'Expense Log'!$A$5:$A$504,">="&DATE($B$3,3,1),'Expense Log'!$A$5:$A$504,"<"&EDATE(DATE($B$3,3,1),1)) | E8: =SUMIFS('Expense Log'!$K$5:$K$504,'Expense Log'!$D$5:$D$504,"Vacuums",'Expense Log'!$A$5:$A$504,">="&DATE($B$3,4,1),'Expense Log'!$A$5:$A$504,"<"&EDATE(DATE($B$3,4,1),1))+SUMIFS('Expense Log'!$K$5:$K$504,'Expense Log'!$D$5:$D$504,"Carpet Equipment",'Expense Log'!$A$5:$A$504,">="&DATE($B$3,4,1),'Expense Log'!$A$5:$A$504,"<"&EDATE(DATE($B$3,4,1),1))+SUMIFS('Expense Log'!$K$5:$K$504,'Expense Log'!$D$5:$D$504,"Floor Machines",'Expense Log'!$A$5:$A$504,">="&DATE($B$3,4,1),'Expense Log'!$A$5:$A$504,"<"&EDATE(DATE($B$3,4,1),1))+SUMIFS('Expense Log'!$K$5:$K$504,'Expense Log'!$D$5:$D$504,"Mops / Buckets",'Expense Log'!$A$5:$A$504,">="&DATE($B$3,4,1),'Expense Log'!$A$5:$A$504,"<"&EDATE(DATE($B$3,4,1),1))+SUMIFS('Expense Log'!$K$5:$K$504,'Expense Log'!$D$5:$D$504,"Extension Tools",'Expense Log'!$A$5:$A$504,">="&DATE($B$3,4,1),'Expense Log'!$A$5:$A$504,"<"&EDATE(DATE($B$3,4,1),1))+SUMIFS('Expense Log'!$K$5:$K$504,'Expense Log'!$D$5:$D$504,"Equipment Repairs",'Expense Log'!$A$5:$A$504,">="&DATE($B$3,4,1),'Expense Log'!$A$5:$A$504,"<"&EDATE(DATE($B$3,4,1),1))+SUMIFS('Expense Log'!$K$5:$K$504,'Expense Log'!$D$5:$D$504,"Replacement Parts",'Expense Log'!$A$5:$A$504,">="&DATE($B$3,4,1),'Expense Log'!$A$5:$A$504,"<"&EDATE(DATE($B$3,4,1),1))+SUMIFS('Expense Log'!$K$5:$K$504,'Expense Log'!$D$5:$D$504,"Equipment Rental",'Expense Log'!$A$5:$A$504,">="&DATE($B$3,4,1),'Expense Log'!$A$5:$A$504,"<"&EDATE(DATE($B$3,4,1),1)) | F8: =SUMIFS('Expense Log'!$K$5:$K$504,'Expense Log'!$D$5:$D$504,"Vacuums",'Expense Log'!$A$5:$A$504,">="&DATE($B$3,5,1),'Expense Log'!$A$5:$A$504,"<"&EDATE(DATE($B$3,5,1),1))+SUMIFS('Expense Log'!$K$5:$K$504,'Expense Log'!$D$5:$D$504,"Carpet Equipment",'Expense Log'!$A$5:$A$504,">="&DATE($B$3,5,1),'Expense Log'!$A$5:$A$504,"<"&EDATE(DATE($B$3,5,1),1))+SUMIFS('Expense Log'!$K$5:$K$504,'Expense Log'!$D$5:$D$504,"Floor Machines",'Expense Log'!$A$5:$A$504,">="&DATE($B$3,5,1),'Expense Log'!$A$5:$A$504,"<"&EDATE(DATE($B$3,5,1),1))+SUMIFS('Expense Log'!$K$5:$K$504,'Expense Log'!$D$5:$D$504,"Mops / Buckets",'Expense Log'!$A$5:$A$504,">="&DATE($B$3,5,1),'Expense Log'!$A$5:$A$504,"<"&EDATE(DATE($B$3,5,1),1))+SUMIFS('Expense Log'!$K$5:$K$504,'Expense Log'!$D$5:$D$504,"Extension Tools",'Expense Log'!$A$5:$A$504,">="&DATE($B$3,5,1),'Expense Log'!$A$5:$A$504,"<"&EDATE(DATE($B$3,5,1),1))+SUMIFS('Expense Log'!$K$5:$K$504,'Expense Log'!$D$5:$D$504,"Equipment Repairs",'Expense Log'!$A$5:$A$504,">="&DATE($B$3,5,1),'Expense Log'!$A$5:$A$504,"<"&EDATE(DATE($B$3,5,1),1))+SUMIFS('Expense Log'!$K$5:$K$504,'Expense Log'!$D$5:$D$504,"Replacement Parts",'Expense Log'!$A$5:$A$504,">="&DATE($B$3,5,1),'Expense Log'!$A$5:$A$504,"<"&EDATE(DATE($B$3,5,1),1))+SUMIFS('Expense Log'!$K$5:$K$504,'Expense Log'!$D$5:$D$504,"Equipment Rental",'Expense Log'!$A$5:$A$504,">="&DATE($B$3,5,1),'Expense Log'!$A$5:$A$504,"<"&EDATE(DATE($B$3,5,1),1)) | G8: =SUMIFS('Expense Log'!$K$5:$K$504,'Expense Log'!$D$5:$D$504,"Vacuums",'Expense Log'!$A$5:$A$504,">="&DATE($B$3,6,1),'Expense Log'!$A$5:$A$504,"<"&EDATE(DATE($B$3,6,1),1))+SUMIFS('Expense Log'!$K$5:$K$504,'Expense Log'!$D$5:$D$504,"Carpet Equipment",'Expense Log'!$A$5:$A$504,">="&DATE($B$3,6,1),'Expense Log'!$A$5:$A$504,"<"&EDATE(DATE($B$3,6,1),1))+SUMIFS('Expense Log'!$K$5:$K$504,'Expense Log'!$D$5:$D$504,"Floor Machines",'Expense Log'!$A$5:$A$504,">="&DATE($B$3,6,1),'Expense Log'!$A$5:$A$504,"<"&EDATE(DATE($B$3,6,1),1))+SUMIFS('Expense Log'!$K$5:$K$504,'Expense Log'!$D$5:$D$504,"Mops / Buckets",'Expense Log'!$A$5:$A$504,">="&DATE($B$3,6,1),'Expense Log'!$A$5:$A$504,"<"&EDATE(DATE($B$3,6,1),1))+SUMIFS('Expense Log'!$K$5:$K$504,'Expense Log'!$D$5:$D$504,"Extension Tools",'Expense Log'!$A$5:$A$504,">="&DATE($B$3,6,1),'Expense Log'!$A$5:$A$504,"<"&EDATE(DATE($B$3,6,1),1))+SUMIFS('Expense Log'!$K$5:$K$504,'Expense Log'!$D$5:$D$504,"Equipment Repairs",'Expense Log'!$A$5:$A$504,">="&DATE($B$3,6,1),'Expense Log'!$A$5:$A$504,"<"&EDATE(DATE($B$3,6,1),1))+SUMIFS('Expense Log'!$K$5:$K$504,'Expense Log'!$D$5:$D$504,"Replacement Parts",'Expense Log'!$A$5:$A$504,">="&DATE($B$3,6,1),'Expense Log'!$A$5:$A$504,"<"&EDATE(DATE($B$3,6,1),1))+SUMIFS('Expense Log'!$K$5:$K$504,'Expense Log'!$D$5:$D$504,"Equipment Rental",'Expense Log'!$A$5:$A$504,">="&DATE($B$3,6,1),'Expense Log'!$A$5:$A$504,"<"&EDATE(DATE($B$3,6,1),1)) | H8: =SUMIFS('Expense Log'!$K$5:$K$504,'Expense Log'!$D$5:$D$504,"Vacuums",'Expense Log'!$A$5:$A$504,">="&DATE($B$3,7,1),'Expense Log'!$A$5:$A$504,"<"&EDATE(DATE($B$3,7,1),1))+SUMIFS('Expense Log'!$K$5:$K$504,'Expense Log'!$D$5:$D$504,"Carpet Equipment",'Expense Log'!$A$5:$A$504,">="&DATE($B$3,7,1),'Expense Log'!$A$5:$A$504,"<"&EDATE(DATE($B$3,7,1),1))+SUMIFS('Expense Log'!$K$5:$K$504,'Expense Log'!$D$5:$D$504,"Floor Machines",'Expense Log'!$A$5:$A$504,">="&DATE($B$3,7,1),'Expense Log'!$A$5:$A$504,"<"&EDATE(DATE($B$3,7,1),1))+SUMIFS('Expense Log'!$K$5:$K$504,'Expense Log'!$D$5:$D$504,"Mops / Buckets",'Expense Log'!$A$5:$A$504,">="&DATE($B$3,7,1),'Expense Log'!$A$5:$A$504,"<"&EDATE(DATE($B$3,7,1),1))+SUMIFS('Expense Log'!$K$5:$K$504,'Expense Log'!$D$5:$D$504,"Extension Tools",'Expense Log'!$A$5:$A$504,">="&DATE($B$3,7,1),'Expense Log'!$A$5:$A$504,"<"&EDATE(DATE($B$3,7,1),1))+SUMIFS('Expense Log'!$K$5:$K$504,'Expense Log'!$D$5:$D$504,"Equipment Repairs",'Expense Log'!$A$5:$A$504,">="&DATE($B$3,7,1),'Expense Log'!$A$5:$A$504,"<"&EDATE(DATE($B$3,7,1),1))+SUMIFS('Expense Log'!$K$5:$K$504,'Expense Log'!$D$5:$D$504,"Replacement Parts",'Expense Log'!$A$5:$A$504,">="&DATE($B$3,7,1),'Expense Log'!$A$5:$A$504,"<"&EDATE(DATE($B$3,7,1),1))+SUMIFS('Expense Log'!$K$5:$K$504,'Expense Log'!$D$5:$D$504,"Equipment Rental",'Expense Log'!$A$5:$A$504,">="&DATE($B$3,7,1),'Expense Log'!$A$5:$A$504,"<"&EDATE(DATE($B$3,7,1),1)) | I8: =SUMIFS('Expense Log'!$K$5:$K$504,'Expense Log'!$D$5:$D$504,"Vacuums",'Expense Log'!$A$5:$A$504,">="&DATE($B$3,8,1),'Expense Log'!$A$5:$A$504,"<"&EDATE(DATE($B$3,8,1),1))+SUMIFS('Expense Log'!$K$5:$K$504,'Expense Log'!$D$5:$D$504,"Carpet Equipment",'Expense Log'!$A$5:$A$504,">="&DATE($B$3,8,1),'Expense Log'!$A$5:$A$504,"<"&EDATE(DATE($B$3,8,1),1))+SUMIFS('Expense Log'!$K$5:$K$504,'Expense Log'!$D$5:$D$504,"Floor Machines",'Expense Log'!$A$5:$A$504,">="&DATE($B$3,8,1),'Expense Log'!$A$5:$A$504,"<"&EDATE(DATE($B$3,8,1),1))+SUMIFS('Expense Log'!$K$5:$K$504,'Expense Log'!$D$5:$D$504,"Mops / Buckets",'Expense Log'!$A$5:$A$504,">="&DATE($B$3,8,1),'Expense Log'!$A$5:$A$504,"<"&EDATE(DATE($B$3,8,1),1))+SUMIFS('Expense Log'!$K$5:$K$504,'Expense Log'!$D$5:$D$504,"Extension Tools",'Expense Log'!$A$5:$A$504,">="&DATE($B$3,8,1),'Expense Log'!$A$5:$A$504,"<"&EDATE(DATE($B$3,8,1),1))+SUMIFS('Expense Log'!$K$5:$K$504,'Expense Log'!$D$5:$D$504,"Equipment Repairs",'Expense Log'!$A$5:$A$504,">="&DATE($B$3,8,1),'Expense Log'!$A$5:$A$504,"<"&EDATE(DATE($B$3,8,1),1))+SUMIFS('Expense Log'!$K$5:$K$504,'Expense Log'!$D$5:$D$504,"Replacement Parts",'Expense Log'!$A$5:$A$504,">="&DATE($B$3,8,1),'Expense Log'!$A$5:$A$504,"<"&EDATE(DATE($B$3,8,1),1))+SUMIFS('Expense Log'!$K$5:$K$504,'Expense Log'!$D$5:$D$504,"Equipment Rental",'Expense Log'!$A$5:$A$504,">="&DATE($B$3,8,1),'Expense Log'!$A$5:$A$504,"<"&EDATE(DATE($B$3,8,1),1)) | J8: =SUMIFS('Expense Log'!$K$5:$K$504,'Expense Log'!$D$5:$D$504,"Vacuums",'Expense Log'!$A$5:$A$504,">="&DATE($B$3,9,1),'Expense Log'!$A$5:$A$504,"<"&EDATE(DATE($B$3,9,1),1))+SUMIFS('Expense Log'!$K$5:$K$504,'Expense Log'!$D$5:$D$504,"Carpet Equipment",'Expense Log'!$A$5:$A$504,">="&DATE($B$3,9,1),'Expense Log'!$A$5:$A$504,"<"&EDATE(DATE($B$3,9,1),1))+SUMIFS('Expense Log'!$K$5:$K$504,'Expense Log'!$D$5:$D$504,"Floor Machines",'Expense Log'!$A$5:$A$504,">="&DATE($B$3,9,1),'Expense Log'!$A$5:$A$504,"<"&EDATE(DATE($B$3,9,1),1))+SUMIFS('Expense Log'!$K$5:$K$504,'Expense Log'!$D$5:$D$504,"Mops / Buckets",'Expense Log'!$A$5:$A$504,">="&DATE($B$3,9,1),'Expense Log'!$A$5:$A$504,"<"&EDATE(DATE($B$3,9,1),1))+SUMIFS('Expense Log'!$K$5:$K$504,'Expense Log'!$D$5:$D$504,"Extension Tools",'Expense Log'!$A$5:$A$504,">="&DATE($B$3,9,1),'Expense Log'!$A$5:$A$504,"<"&EDATE(DATE($B$3,9,1),1))+SUMIFS('Expense Log'!$K$5:$K$504,'Expense Log'!$D$5:$D$504,"Equipment Repairs",'Expense Log'!$A$5:$A$504,">="&DATE($B$3,9,1),'Expense Log'!$A$5:$A$504,"<"&EDATE(DATE($B$3,9,1),1))+SUMIFS('Expense Log'!$K$5:$K$504,'Expense Log'!$D$5:$D$504,"Replacement Parts",'Expense Log'!$A$5:$A$504,">="&DATE($B$3,9,1),'Expense Log'!$A$5:$A$504,"<"&EDATE(DATE($B$3,9,1),1))+SUMIFS('Expense Log'!$K$5:$K$504,'Expense Log'!$D$5:$D$504,"Equipment Rental",'Expense Log'!$A$5:$A$504,">="&DATE($B$3,9,1),'Expense Log'!$A$5:$A$504,"<"&EDATE(DATE($B$3,9,1),1)) | K8: =SUMIFS('Expense Log'!$K$5:$K$504,'Expense Log'!$D$5:$D$504,"Vacuums",'Expense Log'!$A$5:$A$504,">="&DATE($B$3,10,1),'Expense Log'!$A$5:$A$504,"<"&EDATE(DATE($B$3,10,1),1))+SUMIFS('Expense Log'!$K$5:$K$504,'Expense Log'!$D$5:$D$504,"Carpet Equipment",'Expense Log'!$A$5:$A$504,">="&DATE($B$3,10,1),'Expense Log'!$A$5:$A$504,"<"&EDATE(DATE($B$3,10,1),1))+SUMIFS('Expense Log'!$K$5:$K$504,'Expense Log'!$D$5:$D$504,"Floor Machines",'Expense Log'!$A$5:$A$504,">="&DATE($B$3,10,1),'Expense Log'!$A$5:$A$504,"<"&EDATE(DATE($B$3,10,1),1))+SUMIFS('Expense Log'!$K$5:$K$504,'Expense Log'!$D$5:$D$504,"Mops / Buckets",'Expense Log'!$A$5:$A$504,">="&DATE($B$3,10,1),'Expense Log'!$A$5:$A$504,"<"&EDATE(DATE($B$3,10,1),1))+SUMIFS('Expense Log'!$K$5:$K$504,'Expense Log'!$D$5:$D$504,"Extension Tools",'Expense Log'!$A$5:$A$504,">="&DATE($B$3,10,1),'Expense Log'!$A$5:$A$504,"<"&EDATE(DATE($B$3,10,1),1))+SUMIFS('Expense Log'!$K$5:$K$504,'Expense Log'!$D$5:$D$504,"Equipment Repairs",'Expense Log'!$A$5:$A$504,">="&DATE($B$3,10,1),'Expense Log'!$A$5:$A$504,"<"&EDATE(DATE($B$3,10,1),1))+SUMIFS('Expense Log'!$K$5:$K$504,'Expense Log'!$D$5:$D$504,"Replacement Parts",'Expense Log'!$A$5:$A$504,">="&DATE($B$3,10,1),'Expense Log'!$A$5:$A$504,"<"&EDATE(DATE($B$3,10,1),1))+SUMIFS('Expense Log'!$K$5:$K$504,'Expense Log'!$D$5:$D$504,"Equipment Rental",'Expense Log'!$A$5:$A$504,">="&DATE($B$3,10,1),'Expense Log'!$A$5:$A$504,"<"&EDATE(DATE($B$3,10,1),1)) | L8: =SUMIFS('Expense Log'!$K$5:$K$504,'Expense Log'!$D$5:$D$504,"Vacuums",'Expense Log'!$A$5:$A$504,">="&DATE($B$3,11,1),'Expense Log'!$A$5:$A$504,"<"&EDATE(DATE($B$3,11,1),1))+SUMIFS('Expense Log'!$K$5:$K$504,'Expense Log'!$D$5:$D$504,"Carpet Equipment",'Expense Log'!$A$5:$A$504,">="&DATE($B$3,11,1),'Expense Log'!$A$5:$A$504,"<"&EDATE(DATE($B$3,11,1),1))+SUMIFS('Expense Log'!$K$5:$K$504,'Expense Log'!$D$5:$D$504,"Floor Machines",'Expense Log'!$A$5:$A$504,">="&DATE($B$3,11,1),'Expense Log'!$A$5:$A$504,"<"&EDATE(DATE($B$3,11,1),1))+SUMIFS('Expense Log'!$K$5:$K$504,'Expense Log'!$D$5:$D$504,"Mops / Buckets",'Expense Log'!$A$5:$A$504,">="&DATE($B$3,11,1),'Expense Log'!$A$5:$A$504,"<"&EDATE(DATE($B$3,11,1),1))+SUMIFS('Expense Log'!$K$5:$K$504,'Expense Log'!$D$5:$D$504,"Extension Tools",'Expense Log'!$A$5:$A$504,">="&DATE($B$3,11,1),'Expense Log'!$A$5:$A$504,"<"&EDATE(DATE($B$3,11,1),1))+SUMIFS('Expense Log'!$K$5:$K$504,'Expense Log'!$D$5:$D$504,"Equipment Repairs",'Expense Log'!$A$5:$A$504,">="&DATE($B$3,11,1),'Expense Log'!$A$5:$A$504,"<"&EDATE(DATE($B$3,11,1),1))+SUMIFS('Expense Log'!$K$5:$K$504,'Expense Log'!$D$5:$D$504,"Replacement Parts",'Expense Log'!$A$5:$A$504,">="&DATE($B$3,11,1),'Expense Log'!$A$5:$A$504,"<"&EDATE(DATE($B$3,11,1),1))+SUMIFS('Expense Log'!$K$5:$K$504,'Expense Log'!$D$5:$D$504,"Equipment Rental",'Expense Log'!$A$5:$A$504,">="&DATE($B$3,11,1),'Expense Log'!$A$5:$A$504,"<"&EDATE(DATE($B$3,11,1),1)) | M8: =SUMIFS('Expense Log'!$K$5:$K$504,'Expense Log'!$D$5:$D$504,"Vacuums",'Expense Log'!$A$5:$A$504,">="&DATE($B$3,12,1),'Expense Log'!$A$5:$A$504,"<"&EDATE(DATE($B$3,12,1),1))+SUMIFS('Expense Log'!$K$5:$K$504,'Expense Log'!$D$5:$D$504,"Carpet Equipment",'Expense Log'!$A$5:$A$504,">="&DATE($B$3,12,1),'Expense Log'!$A$5:$A$504,"<"&EDATE(DATE($B$3,12,1),1))+SUMIFS('Expense Log'!$K$5:$K$504,'Expense Log'!$D$5:$D$504,"Floor Machines",'Expense Log'!$A$5:$A$504,">="&DATE($B$3,12,1),'Expense Log'!$A$5:$A$504,"<"&EDATE(DATE($B$3,12,1),1))+SUMIFS('Expense Log'!$K$5:$K$504,'Expense Log'!$D$5:$D$504,"Mops / Buckets",'Expense Log'!$A$5:$A$504,">="&DATE($B$3,12,1),'Expense Log'!$A$5:$A$504,"<"&EDATE(DATE($B$3,12,1),1))+SUMIFS('Expense Log'!$K$5:$K$504,'Expense Log'!$D$5:$D$504,"Extension Tools",'Expense Log'!$A$5:$A$504,">="&DATE($B$3,12,1),'Expense Log'!$A$5:$A$504,"<"&EDATE(DATE($B$3,12,1),1))+SUMIFS('Expense Log'!$K$5:$K$504,'Expense Log'!$D$5:$D$504,"Equipment Repairs",'Expense Log'!$A$5:$A$504,">="&DATE($B$3,12,1),'Expense Log'!$A$5:$A$504,"<"&EDATE(DATE($B$3,12,1),1))+SUMIFS('Expense Log'!$K$5:$K$504,'Expense Log'!$D$5:$D$504,"Replacement Parts",'Expense Log'!$A$5:$A$504,">="&DATE($B$3,12,1),'Expense Log'!$A$5:$A$504,"<"&EDATE(DATE($B$3,12,1),1))+SUMIFS('Expense Log'!$K$5:$K$504,'Expense Log'!$D$5:$D$504,"Equipment Rental",'Expense Log'!$A$5:$A$504,">="&DATE($B$3,12,1),'Expense Log'!$A$5:$A$504,"<"&EDATE(DATE($B$3,12,1),1)) | N8: =SUM(B8:M8)
A9: Vehicles & Travel | B9: =SUMIFS('Expense Log'!$K$5:$K$504,'Expense Log'!$D$5:$D$504,"Fuel",'Expense Log'!$A$5:$A$504,">="&DATE($B$3,1,1),'Expense Log'!$A$5:$A$504,"<"&EDATE(DATE($B$3,1,1),1))+SUMIFS('Expense Log'!$K$5:$K$504,'Expense Log'!$D$5:$D$504,"Mileage",'Expense Log'!$A$5:$A$504,">="&DATE($B$3,1,1),'Expense Log'!$A$5:$A$504,"<"&EDATE(DATE($B$3,1,1),1))+SUMIFS('Expense Log'!$K$5:$K$504,'Expense Log'!$D$5:$D$504,"Vehicle Payment / Lease",'Expense Log'!$A$5:$A$504,">="&DATE($B$3,1,1),'Expense Log'!$A$5:$A$504,"<"&EDATE(DATE($B$3,1,1),1))+SUMIFS('Expense Log'!$K$5:$K$504,'Expense Log'!$D$5:$D$504,"Vehicle Insurance",'Expense Log'!$A$5:$A$504,">="&DATE($B$3,1,1),'Expense Log'!$A$5:$A$504,"<"&EDATE(DATE($B$3,1,1),1))+SUMIFS('Expense Log'!$K$5:$K$504,'Expense Log'!$D$5:$D$504,"Vehicle Maintenance",'Expense Log'!$A$5:$A$504,">="&DATE($B$3,1,1),'Expense Log'!$A$5:$A$504,"<"&EDATE(DATE($B$3,1,1),1))+SUMIFS('Expense Log'!$K$5:$K$504,'Expense Log'!$D$5:$D$504,"Vehicle Repairs",'Expense Log'!$A$5:$A$504,">="&DATE($B$3,1,1),'Expense Log'!$A$5:$A$504,"<"&EDATE(DATE($B$3,1,1),1))+SUMIFS('Expense Log'!$K$5:$K$504,'Expense Log'!$D$5:$D$504,"Parking",'Expense Log'!$A$5:$A$504,">="&DATE($B$3,1,1),'Expense Log'!$A$5:$A$504,"<"&EDATE(DATE($B$3,1,1),1))+SUMIFS('Expense Log'!$K$5:$K$504,'Expense Log'!$D$5:$D$504,"Tolls",'Expense Log'!$A$5:$A$504,">="&DATE($B$3,1,1),'Expense Log'!$A$5:$A$504,"<"&EDATE(DATE($B$3,1,1),1))+SUMIFS('Expense Log'!$K$5:$K$504,'Expense Log'!$D$5:$D$504,"Registration",'Expense Log'!$A$5:$A$504,">="&DATE($B$3,1,1),'Expense Log'!$A$5:$A$504,"<"&EDATE(DATE($B$3,1,1),1)) | C9: =SUMIFS('Expense Log'!$K$5:$K$504,'Expense Log'!$D$5:$D$504,"Fuel",'Expense Log'!$A$5:$A$504,">="&DATE($B$3,2,1),'Expense Log'!$A$5:$A$504,"<"&EDATE(DATE($B$3,2,1),1))+SUMIFS('Expense Log'!$K$5:$K$504,'Expense Log'!$D$5:$D$504,"Mileage",'Expense Log'!$A$5:$A$504,">="&DATE($B$3,2,1),'Expense Log'!$A$5:$A$504,"<"&EDATE(DATE($B$3,2,1),1))+SUMIFS('Expense Log'!$K$5:$K$504,'Expense Log'!$D$5:$D$504,"Vehicle Payment / Lease",'Expense Log'!$A$5:$A$504,">="&DATE($B$3,2,1),'Expense Log'!$A$5:$A$504,"<"&EDATE(DATE($B$3,2,1),1))+SUMIFS('Expense Log'!$K$5:$K$504,'Expense Log'!$D$5:$D$504,"Vehicle Insurance",'Expense Log'!$A$5:$A$504,">="&DATE($B$3,2,1),'Expense Log'!$A$5:$A$504,"<"&EDATE(DATE($B$3,2,1),1))+SUMIFS('Expense Log'!$K$5:$K$504,'Expense Log'!$D$5:$D$504,"Vehicle Maintenance",'Expense Log'!$A$5:$A$504,">="&DATE($B$3,2,1),'Expense Log'!$A$5:$A$504,"<"&EDATE(DATE($B$3,2,1),1))+SUMIFS('Expense Log'!$K$5:$K$504,'Expense Log'!$D$5:$D$504,"Vehicle Repairs",'Expense Log'!$A$5:$A$504,">="&DATE($B$3,2,1),'Expense Log'!$A$5:$A$504,"<"&EDATE(DATE($B$3,2,1),1))+SUMIFS('Expense Log'!$K$5:$K$504,'Expense Log'!$D$5:$D$504,"Parking",'Expense Log'!$A$5:$A$504,">="&DATE($B$3,2,1),'Expense Log'!$A$5:$A$504,"<"&EDATE(DATE($B$3,2,1),1))+SUMIFS('Expense Log'!$K$5:$K$504,'Expense Log'!$D$5:$D$504,"Tolls",'Expense Log'!$A$5:$A$504,">="&DATE($B$3,2,1),'Expense Log'!$A$5:$A$504,"<"&EDATE(DATE($B$3,2,1),1))+SUMIFS('Expense Log'!$K$5:$K$504,'Expense Log'!$D$5:$D$504,"Registration",'Expense Log'!$A$5:$A$504,">="&DATE($B$3,2,1),'Expense Log'!$A$5:$A$504,"<"&EDATE(DATE($B$3,2,1),1)) | D9: =SUMIFS('Expense Log'!$K$5:$K$504,'Expense Log'!$D$5:$D$504,"Fuel",'Expense Log'!$A$5:$A$504,">="&DATE($B$3,3,1),'Expense Log'!$A$5:$A$504,"<"&EDATE(DATE($B$3,3,1),1))+SUMIFS('Expense Log'!$K$5:$K$504,'Expense Log'!$D$5:$D$504,"Mileage",'Expense Log'!$A$5:$A$504,">="&DATE($B$3,3,1),'Expense Log'!$A$5:$A$504,"<"&EDATE(DATE($B$3,3,1),1))+SUMIFS('Expense Log'!$K$5:$K$504,'Expense Log'!$D$5:$D$504,"Vehicle Payment / Lease",'Expense Log'!$A$5:$A$504,">="&DATE($B$3,3,1),'Expense Log'!$A$5:$A$504,"<"&EDATE(DATE($B$3,3,1),1))+SUMIFS('Expense Log'!$K$5:$K$504,'Expense Log'!$D$5:$D$504,"Vehicle Insurance",'Expense Log'!$A$5:$A$504,">="&DATE($B$3,3,1),'Expense Log'!$A$5:$A$504,"<"&EDATE(DATE($B$3,3,1),1))+SUMIFS('Expense Log'!$K$5:$K$504,'Expense Log'!$D$5:$D$504,"Vehicle Maintenance",'Expense Log'!$A$5:$A$504,">="&DATE($B$3,3,1),'Expense Log'!$A$5:$A$504,"<"&EDATE(DATE($B$3,3,1),1))+SUMIFS('Expense Log'!$K$5:$K$504,'Expense Log'!$D$5:$D$504,"Vehicle Repairs",'Expense Log'!$A$5:$A$504,">="&DATE($B$3,3,1),'Expense Log'!$A$5:$A$504,"<"&EDATE(DATE($B$3,3,1),1))+SUMIFS('Expense Log'!$K$5:$K$504,'Expense Log'!$D$5:$D$504,"Parking",'Expense Log'!$A$5:$A$504,">="&DATE($B$3,3,1),'Expense Log'!$A$5:$A$504,"<"&EDATE(DATE($B$3,3,1),1))+SUMIFS('Expense Log'!$K$5:$K$504,'Expense Log'!$D$5:$D$504,"Tolls",'Expense Log'!$A$5:$A$504,">="&DATE($B$3,3,1),'Expense Log'!$A$5:$A$504,"<"&EDATE(DATE($B$3,3,1),1))+SUMIFS('Expense Log'!$K$5:$K$504,'Expense Log'!$D$5:$D$504,"Registration",'Expense Log'!$A$5:$A$504,">="&DATE($B$3,3,1),'Expense Log'!$A$5:$A$504,"<"&EDATE(DATE($B$3,3,1),1)) | E9: =SUMIFS('Expense Log'!$K$5:$K$504,'Expense Log'!$D$5:$D$504,"Fuel",'Expense Log'!$A$5:$A$504,">="&DATE($B$3,4,1),'Expense Log'!$A$5:$A$504,"<"&EDATE(DATE($B$3,4,1),1))+SUMIFS('Expense Log'!$K$5:$K$504,'Expense Log'!$D$5:$D$504,"Mileage",'Expense Log'!$A$5:$A$504,">="&DATE($B$3,4,1),'Expense Log'!$A$5:$A$504,"<"&EDATE(DATE($B$3,4,1),1))+SUMIFS('Expense Log'!$K$5:$K$504,'Expense Log'!$D$5:$D$504,"Vehicle Payment / Lease",'Expense Log'!$A$5:$A$504,">="&DATE($B$3,4,1),'Expense Log'!$A$5:$A$504,"<"&EDATE(DATE($B$3,4,1),1))+SUMIFS('Expense Log'!$K$5:$K$504,'Expense Log'!$D$5:$D$504,"Vehicle Insurance",'Expense Log'!$A$5:$A$504,">="&DATE($B$3,4,1),'Expense Log'!$A$5:$A$504,"<"&EDATE(DATE($B$3,4,1),1))+SUMIFS('Expense Log'!$K$5:$K$504,'Expense Log'!$D$5:$D$504,"Vehicle Maintenance",'Expense Log'!$A$5:$A$504,">="&DATE($B$3,4,1),'Expense Log'!$A$5:$A$504,"<"&EDATE(DATE($B$3,4,1),1))+SUMIFS('Expense Log'!$K$5:$K$504,'Expense Log'!$D$5:$D$504,"Vehicle Repairs",'Expense Log'!$A$5:$A$504,">="&DATE($B$3,4,1),'Expense Log'!$A$5:$A$504,"<"&EDATE(DATE($B$3,4,1),1))+SUMIFS('Expense Log'!$K$5:$K$504,'Expense Log'!$D$5:$D$504,"Parking",'Expense Log'!$A$5:$A$504,">="&DATE($B$3,4,1),'Expense Log'!$A$5:$A$504,"<"&EDATE(DATE($B$3,4,1),1))+SUMIFS('Expense Log'!$K$5:$K$504,'Expense Log'!$D$5:$D$504,"Tolls",'Expense Log'!$A$5:$A$504,">="&DATE($B$3,4,1),'Expense Log'!$A$5:$A$504,"<"&EDATE(DATE($B$3,4,1),1))+SUMIFS('Expense Log'!$K$5:$K$504,'Expense Log'!$D$5:$D$504,"Registration",'Expense Log'!$A$5:$A$504,">="&DATE($B$3,4,1),'Expense Log'!$A$5:$A$504,"<"&EDATE(DATE($B$3,4,1),1)) | F9: =SUMIFS('Expense Log'!$K$5:$K$504,'Expense Log'!$D$5:$D$504,"Fuel",'Expense Log'!$A$5:$A$504,">="&DATE($B$3,5,1),'Expense Log'!$A$5:$A$504,"<"&EDATE(DATE($B$3,5,1),1))+SUMIFS('Expense Log'!$K$5:$K$504,'Expense Log'!$D$5:$D$504,"Mileage",'Expense Log'!$A$5:$A$504,">="&DATE($B$3,5,1),'Expense Log'!$A$5:$A$504,"<"&EDATE(DATE($B$3,5,1),1))+SUMIFS('Expense Log'!$K$5:$K$504,'Expense Log'!$D$5:$D$504,"Vehicle Payment / Lease",'Expense Log'!$A$5:$A$504,">="&DATE($B$3,5,1),'Expense Log'!$A$5:$A$504,"<"&EDATE(DATE($B$3,5,1),1))+SUMIFS('Expense Log'!$K$5:$K$504,'Expense Log'!$D$5:$D$504,"Vehicle Insurance",'Expense Log'!$A$5:$A$504,">="&DATE($B$3,5,1),'Expense Log'!$A$5:$A$504,"<"&EDATE(DATE($B$3,5,1),1))+SUMIFS('Expense Log'!$K$5:$K$504,'Expense Log'!$D$5:$D$504,"Vehicle Maintenance",'Expense Log'!$A$5:$A$504,">="&DATE($B$3,5,1),'Expense Log'!$A$5:$A$504,"<"&EDATE(DATE($B$3,5,1),1))+SUMIFS('Expense Log'!$K$5:$K$504,'Expense Log'!$D$5:$D$504,"Vehicle Repairs",'Expense Log'!$A$5:$A$504,">="&DATE($B$3,5,1),'Expense Log'!$A$5:$A$504,"<"&EDATE(DATE($B$3,5,1),1))+SUMIFS('Expense Log'!$K$5:$K$504,'Expense Log'!$D$5:$D$504,"Parking",'Expense Log'!$A$5:$A$504,">="&DATE($B$3,5,1),'Expense Log'!$A$5:$A$504,"<"&EDATE(DATE($B$3,5,1),1))+SUMIFS('Expense Log'!$K$5:$K$504,'Expense Log'!$D$5:$D$504,"Tolls",'Expense Log'!$A$5:$A$504,">="&DATE($B$3,5,1),'Expense Log'!$A$5:$A$504,"<"&EDATE(DATE($B$3,5,1),1))+SUMIFS('Expense Log'!$K$5:$K$504,'Expense Log'!$D$5:$D$504,"Registration",'Expense Log'!$A$5:$A$504,">="&DATE($B$3,5,1),'Expense Log'!$A$5:$A$504,"<"&EDATE(DATE($B$3,5,1),1)) | G9: =SUMIFS('Expense Log'!$K$5:$K$504,'Expense Log'!$D$5:$D$504,"Fuel",'Expense Log'!$A$5:$A$504,">="&DATE($B$3,6,1),'Expense Log'!$A$5:$A$504,"<"&EDATE(DATE($B$3,6,1),1))+SUMIFS('Expense Log'!$K$5:$K$504,'Expense Log'!$D$5:$D$504,"Mileage",'Expense Log'!$A$5:$A$504,">="&DATE($B$3,6,1),'Expense Log'!$A$5:$A$504,"<"&EDATE(DATE($B$3,6,1),1))+SUMIFS('Expense Log'!$K$5:$K$504,'Expense Log'!$D$5:$D$504,"Vehicle Payment / Lease",'Expense Log'!$A$5:$A$504,">="&DATE($B$3,6,1),'Expense Log'!$A$5:$A$504,"<"&EDATE(DATE($B$3,6,1),1))+SUMIFS('Expense Log'!$K$5:$K$504,'Expense Log'!$D$5:$D$504,"Vehicle Insurance",'Expense Log'!$A$5:$A$504,">="&DATE($B$3,6,1),'Expense Log'!$A$5:$A$504,"<"&EDATE(DATE($B$3,6,1),1))+SUMIFS('Expense Log'!$K$5:$K$504,'Expense Log'!$D$5:$D$504,"Vehicle Maintenance",'Expense Log'!$A$5:$A$504,">="&DATE($B$3,6,1),'Expense Log'!$A$5:$A$504,"<"&EDATE(DATE($B$3,6,1),1))+SUMIFS('Expense Log'!$K$5:$K$504,'Expense Log'!$D$5:$D$504,"Vehicle Repairs",'Expense Log'!$A$5:$A$504,">="&DATE($B$3,6,1),'Expense Log'!$A$5:$A$504,"<"&EDATE(DATE($B$3,6,1),1))+SUMIFS('Expense Log'!$K$5:$K$504,'Expense Log'!$D$5:$D$504,"Parking",'Expense Log'!$A$5:$A$504,">="&DATE($B$3,6,1),'Expense Log'!$A$5:$A$504,"<"&EDATE(DATE($B$3,6,1),1))+SUMIFS('Expense Log'!$K$5:$K$504,'Expense Log'!$D$5:$D$504,"Tolls",'Expense Log'!$A$5:$A$504,">="&DATE($B$3,6,1),'Expense Log'!$A$5:$A$504,"<"&EDATE(DATE($B$3,6,1),1))+SUMIFS('Expense Log'!$K$5:$K$504,'Expense Log'!$D$5:$D$504,"Registration",'Expense Log'!$A$5:$A$504,">="&DATE($B$3,6,1),'Expense Log'!$A$5:$A$504,"<"&EDATE(DATE($B$3,6,1),1)) | H9: =SUMIFS('Expense Log'!$K$5:$K$504,'Expense Log'!$D$5:$D$504,"Fuel",'Expense Log'!$A$5:$A$504,">="&DATE($B$3,7,1),'Expense Log'!$A$5:$A$504,"<"&EDATE(DATE($B$3,7,1),1))+SUMIFS('Expense Log'!$K$5:$K$504,'Expense Log'!$D$5:$D$504,"Mileage",'Expense Log'!$A$5:$A$504,">="&DATE($B$3,7,1),'Expense Log'!$A$5:$A$504,"<"&EDATE(DATE($B$3,7,1),1))+SUMIFS('Expense Log'!$K$5:$K$504,'Expense Log'!$D$5:$D$504,"Vehicle Payment / Lease",'Expense Log'!$A$5:$A$504,">="&DATE($B$3,7,1),'Expense Log'!$A$5:$A$504,"<"&EDATE(DATE($B$3,7,1),1))+SUMIFS('Expense Log'!$K$5:$K$504,'Expense Log'!$D$5:$D$504,"Vehicle Insurance",'Expense Log'!$A$5:$A$504,">="&DATE($B$3,7,1),'Expense Log'!$A$5:$A$504,"<"&EDATE(DATE($B$3,7,1),1))+SUMIFS('Expense Log'!$K$5:$K$504,'Expense Log'!$D$5:$D$504,"Vehicle Maintenance",'Expense Log'!$A$5:$A$504,">="&DATE($B$3,7,1),'Expense Log'!$A$5:$A$504,"<"&EDATE(DATE($B$3,7,1),1))+SUMIFS('Expense Log'!$K$5:$K$504,'Expense Log'!$D$5:$D$504,"Vehicle Repairs",'Expense Log'!$A$5:$A$504,">="&DATE($B$3,7,1),'Expense Log'!$A$5:$A$504,"<"&EDATE(DATE($B$3,7,1),1))+SUMIFS('Expense Log'!$K$5:$K$504,'Expense Log'!$D$5:$D$504,"Parking",'Expense Log'!$A$5:$A$504,">="&DATE($B$3,7,1),'Expense Log'!$A$5:$A$504,"<"&EDATE(DATE($B$3,7,1),1))+SUMIFS('Expense Log'!$K$5:$K$504,'Expense Log'!$D$5:$D$504,"Tolls",'Expense Log'!$A$5:$A$504,">="&DATE($B$3,7,1),'Expense Log'!$A$5:$A$504,"<"&EDATE(DATE($B$3,7,1),1))+SUMIFS('Expense Log'!$K$5:$K$504,'Expense Log'!$D$5:$D$504,"Registration",'Expense Log'!$A$5:$A$504,">="&DATE($B$3,7,1),'Expense Log'!$A$5:$A$504,"<"&EDATE(DATE($B$3,7,1),1)) | I9: =SUMIFS('Expense Log'!$K$5:$K$504,'Expense Log'!$D$5:$D$504,"Fuel",'Expense Log'!$A$5:$A$504,">="&DATE($B$3,8,1),'Expense Log'!$A$5:$A$504,"<"&EDATE(DATE($B$3,8,1),1))+SUMIFS('Expense Log'!$K$5:$K$504,'Expense Log'!$D$5:$D$504,"Mileage",'Expense Log'!$A$5:$A$504,">="&DATE($B$3,8,1),'Expense Log'!$A$5:$A$504,"<"&EDATE(DATE($B$3,8,1),1))+SUMIFS('Expense Log'!$K$5:$K$504,'Expense Log'!$D$5:$D$504,"Vehicle Payment / Lease",'Expense Log'!$A$5:$A$504,">="&DATE($B$3,8,1),'Expense Log'!$A$5:$A$504,"<"&EDATE(DATE($B$3,8,1),1))+SUMIFS('Expense Log'!$K$5:$K$504,'Expense Log'!$D$5:$D$504,"Vehicle Insurance",'Expense Log'!$A$5:$A$504,">="&DATE($B$3,8,1),'Expense Log'!$A$5:$A$504,"<"&EDATE(DATE($B$3,8,1),1))+SUMIFS('Expense Log'!$K$5:$K$504,'Expense Log'!$D$5:$D$504,"Vehicle Maintenance",'Expense Log'!$A$5:$A$504,">="&DATE($B$3,8,1),'Expense Log'!$A$5:$A$504,"<"&EDATE(DATE($B$3,8,1),1))+SUMIFS('Expense Log'!$K$5:$K$504,'Expense Log'!$D$5:$D$504,"Vehicle Repairs",'Expense Log'!$A$5:$A$504,">="&DATE($B$3,8,1),'Expense Log'!$A$5:$A$504,"<"&EDATE(DATE($B$3,8,1),1))+SUMIFS('Expense Log'!$K$5:$K$504,'Expense Log'!$D$5:$D$504,"Parking",'Expense Log'!$A$5:$A$504,">="&DATE($B$3,8,1),'Expense Log'!$A$5:$A$504,"<"&EDATE(DATE($B$3,8,1),1))+SUMIFS('Expense Log'!$K$5:$K$504,'Expense Log'!$D$5:$D$504,"Tolls",'Expense Log'!$A$5:$A$504,">="&DATE($B$3,8,1),'Expense Log'!$A$5:$A$504,"<"&EDATE(DATE($B$3,8,1),1))+SUMIFS('Expense Log'!$K$5:$K$504,'Expense Log'!$D$5:$D$504,"Registration",'Expense Log'!$A$5:$A$504,">="&DATE($B$3,8,1),'Expense Log'!$A$5:$A$504,"<"&EDATE(DATE($B$3,8,1),1)) | J9: =SUMIFS('Expense Log'!$K$5:$K$504,'Expense Log'!$D$5:$D$504,"Fuel",'Expense Log'!$A$5:$A$504,">="&DATE($B$3,9,1),'Expense Log'!$A$5:$A$504,"<"&EDATE(DATE($B$3,9,1),1))+SUMIFS('Expense Log'!$K$5:$K$504,'Expense Log'!$D$5:$D$504,"Mileage",'Expense Log'!$A$5:$A$504,">="&DATE($B$3,9,1),'Expense Log'!$A$5:$A$504,"<"&EDATE(DATE($B$3,9,1),1))+SUMIFS('Expense Log'!$K$5:$K$504,'Expense Log'!$D$5:$D$504,"Vehicle Payment / Lease",'Expense Log'!$A$5:$A$504,">="&DATE($B$3,9,1),'Expense Log'!$A$5:$A$504,"<"&EDATE(DATE($B$3,9,1),1))+SUMIFS('Expense Log'!$K$5:$K$504,'Expense Log'!$D$5:$D$504,"Vehicle Insurance",'Expense Log'!$A$5:$A$504,">="&DATE($B$3,9,1),'Expense Log'!$A$5:$A$504,"<"&EDATE(DATE($B$3,9,1),1))+SUMIFS('Expense Log'!$K$5:$K$504,'Expense Log'!$D$5:$D$504,"Vehicle Maintenance",'Expense Log'!$A$5:$A$504,">="&DATE($B$3,9,1),'Expense Log'!$A$5:$A$504,"<"&EDATE(DATE($B$3,9,1),1))+SUMIFS('Expense Log'!$K$5:$K$504,'Expense Log'!$D$5:$D$504,"Vehicle Repairs",'Expense Log'!$A$5:$A$504,">="&DATE($B$3,9,1),'Expense Log'!$A$5:$A$504,"<"&EDATE(DATE($B$3,9,1),1))+SUMIFS('Expense Log'!$K$5:$K$504,'Expense Log'!$D$5:$D$504,"Parking",'Expense Log'!$A$5:$A$504,">="&DATE($B$3,9,1),'Expense Log'!$A$5:$A$504,"<"&EDATE(DATE($B$3,9,1),1))+SUMIFS('Expense Log'!$K$5:$K$504,'Expense Log'!$D$5:$D$504,"Tolls",'Expense Log'!$A$5:$A$504,">="&DATE($B$3,9,1),'Expense Log'!$A$5:$A$504,"<"&EDATE(DATE($B$3,9,1),1))+SUMIFS('Expense Log'!$K$5:$K$504,'Expense Log'!$D$5:$D$504,"Registration",'Expense Log'!$A$5:$A$504,">="&DATE($B$3,9,1),'Expense Log'!$A$5:$A$504,"<"&EDATE(DATE($B$3,9,1),1)) | K9: =SUMIFS('Expense Log'!$K$5:$K$504,'Expense Log'!$D$5:$D$504,"Fuel",'Expense Log'!$A$5:$A$504,">="&DATE($B$3,10,1),'Expense Log'!$A$5:$A$504,"<"&EDATE(DATE($B$3,10,1),1))+SUMIFS('Expense Log'!$K$5:$K$504,'Expense Log'!$D$5:$D$504,"Mileage",'Expense Log'!$A$5:$A$504,">="&DATE($B$3,10,1),'Expense Log'!$A$5:$A$504,"<"&EDATE(DATE($B$3,10,1),1))+SUMIFS('Expense Log'!$K$5:$K$504,'Expense Log'!$D$5:$D$504,"Vehicle Payment / Lease",'Expense Log'!$A$5:$A$504,">="&DATE($B$3,10,1),'Expense Log'!$A$5:$A$504,"<"&EDATE(DATE($B$3,10,1),1))+SUMIFS('Expense Log'!$K$5:$K$504,'Expense Log'!$D$5:$D$504,"Vehicle Insurance",'Expense Log'!$A$5:$A$504,">="&DATE($B$3,10,1),'Expense Log'!$A$5:$A$504,"<"&EDATE(DATE($B$3,10,1),1))+SUMIFS('Expense Log'!$K$5:$K$504,'Expense Log'!$D$5:$D$504,"Vehicle Maintenance",'Expense Log'!$A$5:$A$504,">="&DATE($B$3,10,1),'Expense Log'!$A$5:$A$504,"<"&EDATE(DATE($B$3,10,1),1))+SUMIFS('Expense Log'!$K$5:$K$504,'Expense Log'!$D$5:$D$504,"Vehicle Repairs",'Expense Log'!$A$5:$A$504,">="&DATE($B$3,10,1),'Expense Log'!$A$5:$A$504,"<"&EDATE(DATE($B$3,10,1),1))+SUMIFS('Expense Log'!$K$5:$K$504,'Expense Log'!$D$5:$D$504,"Parking",'Expense Log'!$A$5:$A$504,">="&DATE($B$3,10,1),'Expense Log'!$A$5:$A$504,"<"&EDATE(DATE($B$3,10,1),1))+SUMIFS('Expense Log'!$K$5:$K$504,'Expense Log'!$D$5:$D$504,"Tolls",'Expense Log'!$A$5:$A$504,">="&DATE($B$3,10,1),'Expense Log'!$A$5:$A$504,"<"&EDATE(DATE($B$3,10,1),1))+SUMIFS('Expense Log'!$K$5:$K$504,'Expense Log'!$D$5:$D$504,"Registration",'Expense Log'!$A$5:$A$504,">="&DATE($B$3,10,1),'Expense Log'!$A$5:$A$504,"<"&EDATE(DATE($B$3,10,1),1)) | L9: =SUMIFS('Expense Log'!$K$5:$K$504,'Expense Log'!$D$5:$D$504,"Fuel",'Expense Log'!$A$5:$A$504,">="&DATE($B$3,11,1),'Expense Log'!$A$5:$A$504,"<"&EDATE(DATE($B$3,11,1),1))+SUMIFS('Expense Log'!$K$5:$K$504,'Expense Log'!$D$5:$D$504,"Mileage",'Expense Log'!$A$5:$A$504,">="&DATE($B$3,11,1),'Expense Log'!$A$5:$A$504,"<"&EDATE(DATE($B$3,11,1),1))+SUMIFS('Expense Log'!$K$5:$K$504,'Expense Log'!$D$5:$D$504,"Vehicle Payment / Lease",'Expense Log'!$A$5:$A$504,">="&DATE($B$3,11,1),'Expense Log'!$A$5:$A$504,"<"&EDATE(DATE($B$3,11,1),1))+SUMIFS('Expense Log'!$K$5:$K$504,'Expense Log'!$D$5:$D$504,"Vehicle Insurance",'Expense Log'!$A$5:$A$504,">="&DATE($B$3,11,1),'Expense Log'!$A$5:$A$504,"<"&EDATE(DATE($B$3,11,1),1))+SUMIFS('Expense Log'!$K$5:$K$504,'Expense Log'!$D$5:$D$504,"Vehicle Maintenance",'Expense Log'!$A$5:$A$504,">="&DATE($B$3,11,1),'Expense Log'!$A$5:$A$504,"<"&EDATE(DATE($B$3,11,1),1))+SUMIFS('Expense Log'!$K$5:$K$504,'Expense Log'!$D$5:$D$504,"Vehicle Repairs",'Expense Log'!$A$5:$A$504,">="&DATE($B$3,11,1),'Expense Log'!$A$5:$A$504,"<"&EDATE(DATE($B$3,11,1),1))+SUMIFS('Expense Log'!$K$5:$K$504,'Expense Log'!$D$5:$D$504,"Parking",'Expense Log'!$A$5:$A$504,">="&DATE($B$3,11,1),'Expense Log'!$A$5:$A$504,"<"&EDATE(DATE($B$3,11,1),1))+SUMIFS('Expense Log'!$K$5:$K$504,'Expense Log'!$D$5:$D$504,"Tolls",'Expense Log'!$A$5:$A$504,">="&DATE($B$3,11,1),'Expense Log'!$A$5:$A$504,"<"&EDATE(DATE($B$3,11,1),1))+SUMIFS('Expense Log'!$K$5:$K$504,'Expense Log'!$D$5:$D$504,"Registration",'Expense Log'!$A$5:$A$504,">="&DATE($B$3,11,1),'Expense Log'!$A$5:$A$504,"<"&EDATE(DATE($B$3,11,1),1)) | M9: =SUMIFS('Expense Log'!$K$5:$K$504,'Expense Log'!$D$5:$D$504,"Fuel",'Expense Log'!$A$5:$A$504,">="&DATE($B$3,12,1),'Expense Log'!$A$5:$A$504,"<"&EDATE(DATE($B$3,12,1),1))+SUMIFS('Expense Log'!$K$5:$K$504,'Expense Log'!$D$5:$D$504,"Mileage",'Expense Log'!$A$5:$A$504,">="&DATE($B$3,12,1),'Expense Log'!$A$5:$A$504,"<"&EDATE(DATE($B$3,12,1),1))+SUMIFS('Expense Log'!$K$5:$K$504,'Expense Log'!$D$5:$D$504,"Vehicle Payment / Lease",'Expense Log'!$A$5:$A$504,">="&DATE($B$3,12,1),'Expense Log'!$A$5:$A$504,"<"&EDATE(DATE($B$3,12,1),1))+SUMIFS('Expense Log'!$K$5:$K$504,'Expense Log'!$D$5:$D$504,"Vehicle Insurance",'Expense Log'!$A$5:$A$504,">="&DATE($B$3,12,1),'Expense Log'!$A$5:$A$504,"<"&EDATE(DATE($B$3,12,1),1))+SUMIFS('Expense Log'!$K$5:$K$504,'Expense Log'!$D$5:$D$504,"Vehicle Maintenance",'Expense Log'!$A$5:$A$504,">="&DATE($B$3,12,1),'Expense Log'!$A$5:$A$504,"<"&EDATE(DATE($B$3,12,1),1))+SUMIFS('Expense Log'!$K$5:$K$504,'Expense Log'!$D$5:$D$504,"Vehicle Repairs",'Expense Log'!$A$5:$A$504,">="&DATE($B$3,12,1),'Expense Log'!$A$5:$A$504,"<"&EDATE(DATE($B$3,12,1),1))+SUMIFS('Expense Log'!$K$5:$K$504,'Expense Log'!$D$5:$D$504,"Parking",'Expense Log'!$A$5:$A$504,">="&DATE($B$3,12,1),'Expense Log'!$A$5:$A$504,"<"&EDATE(DATE($B$3,12,1),1))+SUMIFS('Expense Log'!$K$5:$K$504,'Expense Log'!$D$5:$D$504,"Tolls",'Expense Log'!$A$5:$A$504,">="&DATE($B$3,12,1),'Expense Log'!$A$5:$A$504,"<"&EDATE(DATE($B$3,12,1),1))+SUMIFS('Expense Log'!$K$5:$K$504,'Expense Log'!$D$5:$D$504,"Registration",'Expense Log'!$A$5:$A$504,">="&DATE($B$3,12,1),'Expense Log'!$A$5:$A$504,"<"&EDATE(DATE($B$3,12,1),1)) | N9: =SUM(B9:M9)
A10: Insurance | B10: =SUMIFS('Expense Log'!$K$5:$K$504,'Expense Log'!$D$5:$D$504,"General Liability Insurance",'Expense Log'!$A$5:$A$504,">="&DATE($B$3,1,1),'Expense Log'!$A$5:$A$504,"<"&EDATE(DATE($B$3,1,1),1))+SUMIFS('Expense Log'!$K$5:$K$504,'Expense Log'!$D$5:$D$504,"Commercial Auto Insurance",'Expense Log'!$A$5:$A$504,">="&DATE($B$3,1,1),'Expense Log'!$A$5:$A$504,"<"&EDATE(DATE($B$3,1,1),1))+SUMIFS('Expense Log'!$K$5:$K$504,'Expense Log'!$D$5:$D$504,"Bonding",'Expense Log'!$A$5:$A$504,">="&DATE($B$3,1,1),'Expense Log'!$A$5:$A$504,"<"&EDATE(DATE($B$3,1,1),1))+SUMIFS('Expense Log'!$K$5:$K$504,'Expense Log'!$D$5:$D$504,"Umbrella / Excess",'Expense Log'!$A$5:$A$504,">="&DATE($B$3,1,1),'Expense Log'!$A$5:$A$504,"<"&EDATE(DATE($B$3,1,1),1))+SUMIFS('Expense Log'!$K$5:$K$504,'Expense Log'!$D$5:$D$504,"Cyber Insurance",'Expense Log'!$A$5:$A$504,">="&DATE($B$3,1,1),'Expense Log'!$A$5:$A$504,"<"&EDATE(DATE($B$3,1,1),1))+SUMIFS('Expense Log'!$K$5:$K$504,'Expense Log'!$D$5:$D$504,"Other Insurance",'Expense Log'!$A$5:$A$504,">="&DATE($B$3,1,1),'Expense Log'!$A$5:$A$504,"<"&EDATE(DATE($B$3,1,1),1)) | C10: =SUMIFS('Expense Log'!$K$5:$K$504,'Expense Log'!$D$5:$D$504,"General Liability Insurance",'Expense Log'!$A$5:$A$504,">="&DATE($B$3,2,1),'Expense Log'!$A$5:$A$504,"<"&EDATE(DATE($B$3,2,1),1))+SUMIFS('Expense Log'!$K$5:$K$504,'Expense Log'!$D$5:$D$504,"Commercial Auto Insurance",'Expense Log'!$A$5:$A$504,">="&DATE($B$3,2,1),'Expense Log'!$A$5:$A$504,"<"&EDATE(DATE($B$3,2,1),1))+SUMIFS('Expense Log'!$K$5:$K$504,'Expense Log'!$D$5:$D$504,"Bonding",'Expense Log'!$A$5:$A$504,">="&DATE($B$3,2,1),'Expense Log'!$A$5:$A$504,"<"&EDATE(DATE($B$3,2,1),1))+SUMIFS('Expense Log'!$K$5:$K$504,'Expense Log'!$D$5:$D$504,"Umbrella / Excess",'Expense Log'!$A$5:$A$504,">="&DATE($B$3,2,1),'Expense Log'!$A$5:$A$504,"<"&EDATE(DATE($B$3,2,1),1))+SUMIFS('Expense Log'!$K$5:$K$504,'Expense Log'!$D$5:$D$504,"Cyber Insurance",'Expense Log'!$A$5:$A$504,">="&DATE($B$3,2,1),'Expense Log'!$A$5:$A$504,"<"&EDATE(DATE($B$3,2,1),1))+SUMIFS('Expense Log'!$K$5:$K$504,'Expense Log'!$D$5:$D$504,"Other Insurance",'Expense Log'!$A$5:$A$504,">="&DATE($B$3,2,1),'Expense Log'!$A$5:$A$504,"<"&EDATE(DATE($B$3,2,1),1)) | D10: =SUMIFS('Expense Log'!$K$5:$K$504,'Expense Log'!$D$5:$D$504,"General Liability Insurance",'Expense Log'!$A$5:$A$504,">="&DATE($B$3,3,1),'Expense Log'!$A$5:$A$504,"<"&EDATE(DATE($B$3,3,1),1))+SUMIFS('Expense Log'!$K$5:$K$504,'Expense Log'!$D$5:$D$504,"Commercial Auto Insurance",'Expense Log'!$A$5:$A$504,">="&DATE($B$3,3,1),'Expense Log'!$A$5:$A$504,"<"&EDATE(DATE($B$3,3,1),1))+SUMIFS('Expense Log'!$K$5:$K$504,'Expense Log'!$D$5:$D$504,"Bonding",'Expense Log'!$A$5:$A$504,">="&DATE($B$3,3,1),'Expense Log'!$A$5:$A$504,"<"&EDATE(DATE($B$3,3,1),1))+SUMIFS('Expense Log'!$K$5:$K$504,'Expense Log'!$D$5:$D$504,"Umbrella / Excess",'Expense Log'!$A$5:$A$504,">="&DATE($B$3,3,1),'Expense Log'!$A$5:$A$504,"<"&EDATE(DATE($B$3,3,1),1))+SUMIFS('Expense Log'!$K$5:$K$504,'Expense Log'!$D$5:$D$504,"Cyber Insurance",'Expense Log'!$A$5:$A$504,">="&DATE($B$3,3,1),'Expense Log'!$A$5:$A$504,"<"&EDATE(DATE($B$3,3,1),1))+SUMIFS('Expense Log'!$K$5:$K$504,'Expense Log'!$D$5:$D$504,"Other Insurance",'Expense Log'!$A$5:$A$504,">="&DATE($B$3,3,1),'Expense Log'!$A$5:$A$504,"<"&EDATE(DATE($B$3,3,1),1)) | E10: =SUMIFS('Expense Log'!$K$5:$K$504,'Expense Log'!$D$5:$D$504,"General Liability Insurance",'Expense Log'!$A$5:$A$504,">="&DATE($B$3,4,1),'Expense Log'!$A$5:$A$504,"<"&EDATE(DATE($B$3,4,1),1))+SUMIFS('Expense Log'!$K$5:$K$504,'Expense Log'!$D$5:$D$504,"Commercial Auto Insurance",'Expense Log'!$A$5:$A$504,">="&DATE($B$3,4,1),'Expense Log'!$A$5:$A$504,"<"&EDATE(DATE($B$3,4,1),1))+SUMIFS('Expense Log'!$K$5:$K$504,'Expense Log'!$D$5:$D$504,"Bonding",'Expense Log'!$A$5:$A$504,">="&DATE($B$3,4,1),'Expense Log'!$A$5:$A$504,"<"&EDATE(DATE($B$3,4,1),1))+SUMIFS('Expense Log'!$K$5:$K$504,'Expense Log'!$D$5:$D$504,"Umbrella / Excess",'Expense Log'!$A$5:$A$504,">="&DATE($B$3,4,1),'Expense Log'!$A$5:$A$504,"<"&EDATE(DATE($B$3,4,1),1))+SUMIFS('Expense Log'!$K$5:$K$504,'Expense Log'!$D$5:$D$504,"Cyber Insurance",'Expense Log'!$A$5:$A$504,">="&DATE($B$3,4,1),'Expense Log'!$A$5:$A$504,"<"&EDATE(DATE($B$3,4,1),1))+SUMIFS('Expense Log'!$K$5:$K$504,'Expense Log'!$D$5:$D$504,"Other Insurance",'Expense Log'!$A$5:$A$504,">="&DATE($B$3,4,1),'Expense Log'!$A$5:$A$504,"<"&EDATE(DATE($B$3,4,1),1)) | F10: =SUMIFS('Expense Log'!$K$5:$K$504,'Expense Log'!$D$5:$D$504,"General Liability Insurance",'Expense Log'!$A$5:$A$504,">="&DATE($B$3,5,1),'Expense Log'!$A$5:$A$504,"<"&EDATE(DATE($B$3,5,1),1))+SUMIFS('Expense Log'!$K$5:$K$504,'Expense Log'!$D$5:$D$504,"Commercial Auto Insurance",'Expense Log'!$A$5:$A$504,">="&DATE($B$3,5,1),'Expense Log'!$A$5:$A$504,"<"&EDATE(DATE($B$3,5,1),1))+SUMIFS('Expense Log'!$K$5:$K$504,'Expense Log'!$D$5:$D$504,"Bonding",'Expense Log'!$A$5:$A$504,">="&DATE($B$3,5,1),'Expense Log'!$A$5:$A$504,"<"&EDATE(DATE($B$3,5,1),1))+SUMIFS('Expense Log'!$K$5:$K$504,'Expense Log'!$D$5:$D$504,"Umbrella / Excess",'Expense Log'!$A$5:$A$504,">="&DATE($B$3,5,1),'Expense Log'!$A$5:$A$504,"<"&EDATE(DATE($B$3,5,1),1))+SUMIFS('Expense Log'!$K$5:$K$504,'Expense Log'!$D$5:$D$504,"Cyber Insurance",'Expense Log'!$A$5:$A$504,">="&DATE($B$3,5,1),'Expense Log'!$A$5:$A$504,"<"&EDATE(DATE($B$3,5,1),1))+SUMIFS('Expense Log'!$K$5:$K$504,'Expense Log'!$D$5:$D$504,"Other Insurance",'Expense Log'!$A$5:$A$504,">="&DATE($B$3,5,1),'Expense Log'!$A$5:$A$504,"<"&EDATE(DATE($B$3,5,1),1)) | G10: =SUMIFS('Expense Log'!$K$5:$K$504,'Expense Log'!$D$5:$D$504,"General Liability Insurance",'Expense Log'!$A$5:$A$504,">="&DATE($B$3,6,1),'Expense Log'!$A$5:$A$504,"<"&EDATE(DATE($B$3,6,1),1))+SUMIFS('Expense Log'!$K$5:$K$504,'Expense Log'!$D$5:$D$504,"Commercial Auto Insurance",'Expense Log'!$A$5:$A$504,">="&DATE($B$3,6,1),'Expense Log'!$A$5:$A$504,"<"&EDATE(DATE($B$3,6,1),1))+SUMIFS('Expense Log'!$K$5:$K$504,'Expense Log'!$D$5:$D$504,"Bonding",'Expense Log'!$A$5:$A$504,">="&DATE($B$3,6,1),'Expense Log'!$A$5:$A$504,"<"&EDATE(DATE($B$3,6,1),1))+SUMIFS('Expense Log'!$K$5:$K$504,'Expense Log'!$D$5:$D$504,"Umbrella / Excess",'Expense Log'!$A$5:$A$504,">="&DATE($B$3,6,1),'Expense Log'!$A$5:$A$504,"<"&EDATE(DATE($B$3,6,1),1))+SUMIFS('Expense Log'!$K$5:$K$504,'Expense Log'!$D$5:$D$504,"Cyber Insurance",'Expense Log'!$A$5:$A$504,">="&DATE($B$3,6,1),'Expense Log'!$A$5:$A$504,"<"&EDATE(DATE($B$3,6,1),1))+SUMIFS('Expense Log'!$K$5:$K$504,'Expense Log'!$D$5:$D$504,"Other Insurance",'Expense Log'!$A$5:$A$504,">="&DATE($B$3,6,1),'Expense Log'!$A$5:$A$504,"<"&EDATE(DATE($B$3,6,1),1)) | H10: =SUMIFS('Expense Log'!$K$5:$K$504,'Expense Log'!$D$5:$D$504,"General Liability Insurance",'Expense Log'!$A$5:$A$504,">="&DATE($B$3,7,1),'Expense Log'!$A$5:$A$504,"<"&EDATE(DATE($B$3,7,1),1))+SUMIFS('Expense Log'!$K$5:$K$504,'Expense Log'!$D$5:$D$504,"Commercial Auto Insurance",'Expense Log'!$A$5:$A$504,">="&DATE($B$3,7,1),'Expense Log'!$A$5:$A$504,"<"&EDATE(DATE($B$3,7,1),1))+SUMIFS('Expense Log'!$K$5:$K$504,'Expense Log'!$D$5:$D$504,"Bonding",'Expense Log'!$A$5:$A$504,">="&DATE($B$3,7,1),'Expense Log'!$A$5:$A$504,"<"&EDATE(DATE($B$3,7,1),1))+SUMIFS('Expense Log'!$K$5:$K$504,'Expense Log'!$D$5:$D$504,"Umbrella / Excess",'Expense Log'!$A$5:$A$504,">="&DATE($B$3,7,1),'Expense Log'!$A$5:$A$504,"<"&EDATE(DATE($B$3,7,1),1))+SUMIFS('Expense Log'!$K$5:$K$504,'Expense Log'!$D$5:$D$504,"Cyber Insurance",'Expense Log'!$A$5:$A$504,">="&DATE($B$3,7,1),'Expense Log'!$A$5:$A$504,"<"&EDATE(DATE($B$3,7,1),1))+SUMIFS('Expense Log'!$K$5:$K$504,'Expense Log'!$D$5:$D$504,"Other Insurance",'Expense Log'!$A$5:$A$504,">="&DATE($B$3,7,1),'Expense Log'!$A$5:$A$504,"<"&EDATE(DATE($B$3,7,1),1)) | I10: =SUMIFS('Expense Log'!$K$5:$K$504,'Expense Log'!$D$5:$D$504,"General Liability Insurance",'Expense Log'!$A$5:$A$504,">="&DATE($B$3,8,1),'Expense Log'!$A$5:$A$504,"<"&EDATE(DATE($B$3,8,1),1))+SUMIFS('Expense Log'!$K$5:$K$504,'Expense Log'!$D$5:$D$504,"Commercial Auto Insurance",'Expense Log'!$A$5:$A$504,">="&DATE($B$3,8,1),'Expense Log'!$A$5:$A$504,"<"&EDATE(DATE($B$3,8,1),1))+SUMIFS('Expense Log'!$K$5:$K$504,'Expense Log'!$D$5:$D$504,"Bonding",'Expense Log'!$A$5:$A$504,">="&DATE($B$3,8,1),'Expense Log'!$A$5:$A$504,"<"&EDATE(DATE($B$3,8,1),1))+SUMIFS('Expense Log'!$K$5:$K$504,'Expense Log'!$D$5:$D$504,"Umbrella / Excess",'Expense Log'!$A$5:$A$504,">="&DATE($B$3,8,1),'Expense Log'!$A$5:$A$504,"<"&EDATE(DATE($B$3,8,1),1))+SUMIFS('Expense Log'!$K$5:$K$504,'Expense Log'!$D$5:$D$504,"Cyber Insurance",'Expense Log'!$A$5:$A$504,">="&DATE($B$3,8,1),'Expense Log'!$A$5:$A$504,"<"&EDATE(DATE($B$3,8,1),1))+SUMIFS('Expense Log'!$K$5:$K$504,'Expense Log'!$D$5:$D$504,"Other Insurance",'Expense Log'!$A$5:$A$504,">="&DATE($B$3,8,1),'Expense Log'!$A$5:$A$504,"<"&EDATE(DATE($B$3,8,1),1)) | J10: =SUMIFS('Expense Log'!$K$5:$K$504,'Expense Log'!$D$5:$D$504,"General Liability Insurance",'Expense Log'!$A$5:$A$504,">="&DATE($B$3,9,1),'Expense Log'!$A$5:$A$504,"<"&EDATE(DATE($B$3,9,1),1))+SUMIFS('Expense Log'!$K$5:$K$504,'Expense Log'!$D$5:$D$504,"Commercial Auto Insurance",'Expense Log'!$A$5:$A$504,">="&DATE($B$3,9,1),'Expense Log'!$A$5:$A$504,"<"&EDATE(DATE($B$3,9,1),1))+SUMIFS('Expense Log'!$K$5:$K$504,'Expense Log'!$D$5:$D$504,"Bonding",'Expense Log'!$A$5:$A$504,">="&DATE($B$3,9,1),'Expense Log'!$A$5:$A$504,"<"&EDATE(DATE($B$3,9,1),1))+SUMIFS('Expense Log'!$K$5:$K$504,'Expense Log'!$D$5:$D$504,"Umbrella / Excess",'Expense Log'!$A$5:$A$504,">="&DATE($B$3,9,1),'Expense Log'!$A$5:$A$504,"<"&EDATE(DATE($B$3,9,1),1))+SUMIFS('Expense Log'!$K$5:$K$504,'Expense Log'!$D$5:$D$504,"Cyber Insurance",'Expense Log'!$A$5:$A$504,">="&DATE($B$3,9,1),'Expense Log'!$A$5:$A$504,"<"&EDATE(DATE($B$3,9,1),1))+SUMIFS('Expense Log'!$K$5:$K$504,'Expense Log'!$D$5:$D$504,"Other Insurance",'Expense Log'!$A$5:$A$504,">="&DATE($B$3,9,1),'Expense Log'!$A$5:$A$504,"<"&EDATE(DATE($B$3,9,1),1)) | K10: =SUMIFS('Expense Log'!$K$5:$K$504,'Expense Log'!$D$5:$D$504,"General Liability Insurance",'Expense Log'!$A$5:$A$504,">="&DATE($B$3,10,1),'Expense Log'!$A$5:$A$504,"<"&EDATE(DATE($B$3,10,1),1))+SUMIFS('Expense Log'!$K$5:$K$504,'Expense Log'!$D$5:$D$504,"Commercial Auto Insurance",'Expense Log'!$A$5:$A$504,">="&DATE($B$3,10,1),'Expense Log'!$A$5:$A$504,"<"&EDATE(DATE($B$3,10,1),1))+SUMIFS('Expense Log'!$K$5:$K$504,'Expense Log'!$D$5:$D$504,"Bonding",'Expense Log'!$A$5:$A$504,">="&DATE($B$3,10,1),'Expense Log'!$A$5:$A$504,"<"&EDATE(DATE($B$3,10,1),1))+SUMIFS('Expense Log'!$K$5:$K$504,'Expense Log'!$D$5:$D$504,"Umbrella / Excess",'Expense Log'!$A$5:$A$504,">="&DATE($B$3,10,1),'Expense Log'!$A$5:$A$504,"<"&EDATE(DATE($B$3,10,1),1))+SUMIFS('Expense Log'!$K$5:$K$504,'Expense Log'!$D$5:$D$504,"Cyber Insurance",'Expense Log'!$A$5:$A$504,">="&DATE($B$3,10,1),'Expense Log'!$A$5:$A$504,"<"&EDATE(DATE($B$3,10,1),1))+SUMIFS('Expense Log'!$K$5:$K$504,'Expense Log'!$D$5:$D$504,"Other Insurance",'Expense Log'!$A$5:$A$504,">="&DATE($B$3,10,1),'Expense Log'!$A$5:$A$504,"<"&EDATE(DATE($B$3,10,1),1)) | L10: =SUMIFS('Expense Log'!$K$5:$K$504,'Expense Log'!$D$5:$D$504,"General Liability Insurance",'Expense Log'!$A$5:$A$504,">="&DATE($B$3,11,1),'Expense Log'!$A$5:$A$504,"<"&EDATE(DATE($B$3,11,1),1))+SUMIFS('Expense Log'!$K$5:$K$504,'Expense Log'!$D$5:$D$504,"Commercial Auto Insurance",'Expense Log'!$A$5:$A$504,">="&DATE($B$3,11,1),'Expense Log'!$A$5:$A$504,"<"&EDATE(DATE($B$3,11,1),1))+SUMIFS('Expense Log'!$K$5:$K$504,'Expense Log'!$D$5:$D$504,"Bonding",'Expense Log'!$A$5:$A$504,">="&DATE($B$3,11,1),'Expense Log'!$A$5:$A$504,"<"&EDATE(DATE($B$3,11,1),1))+SUMIFS('Expense Log'!$K$5:$K$504,'Expense Log'!$D$5:$D$504,"Umbrella / Excess",'Expense Log'!$A$5:$A$504,">="&DATE($B$3,11,1),'Expense Log'!$A$5:$A$504,"<"&EDATE(DATE($B$3,11,1),1))+SUMIFS('Expense Log'!$K$5:$K$504,'Expense Log'!$D$5:$D$504,"Cyber Insurance",'Expense Log'!$A$5:$A$504,">="&DATE($B$3,11,1),'Expense Log'!$A$5:$A$504,"<"&EDATE(DATE($B$3,11,1),1))+SUMIFS('Expense Log'!$K$5:$K$504,'Expense Log'!$D$5:$D$504,"Other Insurance",'Expense Log'!$A$5:$A$504,">="&DATE($B$3,11,1),'Expense Log'!$A$5:$A$504,"<"&EDATE(DATE($B$3,11,1),1)) | M10: =SUMIFS('Expense Log'!$K$5:$K$504,'Expense Log'!$D$5:$D$504,"General Liability Insurance",'Expense Log'!$A$5:$A$504,">="&DATE($B$3,12,1),'Expense Log'!$A$5:$A$504,"<"&EDATE(DATE($B$3,12,1),1))+SUMIFS('Expense Log'!$K$5:$K$504,'Expense Log'!$D$5:$D$504,"Commercial Auto Insurance",'Expense Log'!$A$5:$A$504,">="&DATE($B$3,12,1),'Expense Log'!$A$5:$A$504,"<"&EDATE(DATE($B$3,12,1),1))+SUMIFS('Expense Log'!$K$5:$K$504,'Expense Log'!$D$5:$D$504,"Bonding",'Expense Log'!$A$5:$A$504,">="&DATE($B$3,12,1),'Expense Log'!$A$5:$A$504,"<"&EDATE(DATE($B$3,12,1),1))+SUMIFS('Expense Log'!$K$5:$K$504,'Expense Log'!$D$5:$D$504,"Umbrella / Excess",'Expense Log'!$A$5:$A$504,">="&DATE($B$3,12,1),'Expense Log'!$A$5:$A$504,"<"&EDATE(DATE($B$3,12,1),1))+SUMIFS('Expense Log'!$K$5:$K$504,'Expense Log'!$D$5:$D$504,"Cyber Insurance",'Expense Log'!$A$5:$A$504,">="&DATE($B$3,12,1),'Expense Log'!$A$5:$A$504,"<"&EDATE(DATE($B$3,12,1),1))+SUMIFS('Expense Log'!$K$5:$K$504,'Expense Log'!$D$5:$D$504,"Other Insurance",'Expense Log'!$A$5:$A$504,">="&DATE($B$3,12,1),'Expense Log'!$A$5:$A$504,"<"&EDATE(DATE($B$3,12,1),1)) | N10: =SUM(B10:M10)
A11: Marketing | B11: =SUMIFS('Expense Log'!$K$5:$K$504,'Expense Log'!$D$5:$D$504,"Website",'Expense Log'!$A$5:$A$504,">="&DATE($B$3,1,1),'Expense Log'!$A$5:$A$504,"<"&EDATE(DATE($B$3,1,1),1))+SUMIFS('Expense Log'!$K$5:$K$504,'Expense Log'!$D$5:$D$504,"SEO",'Expense Log'!$A$5:$A$504,">="&DATE($B$3,1,1),'Expense Log'!$A$5:$A$504,"<"&EDATE(DATE($B$3,1,1),1))+SUMIFS('Expense Log'!$K$5:$K$504,'Expense Log'!$D$5:$D$504,"Paid Search",'Expense Log'!$A$5:$A$504,">="&DATE($B$3,1,1),'Expense Log'!$A$5:$A$504,"<"&EDATE(DATE($B$3,1,1),1))+SUMIFS('Expense Log'!$K$5:$K$504,'Expense Log'!$D$5:$D$504,"Social Advertising",'Expense Log'!$A$5:$A$504,">="&DATE($B$3,1,1),'Expense Log'!$A$5:$A$504,"<"&EDATE(DATE($B$3,1,1),1))+SUMIFS('Expense Log'!$K$5:$K$504,'Expense Log'!$D$5:$D$504,"Print Advertising",'Expense Log'!$A$5:$A$504,">="&DATE($B$3,1,1),'Expense Log'!$A$5:$A$504,"<"&EDATE(DATE($B$3,1,1),1))+SUMIFS('Expense Log'!$K$5:$K$504,'Expense Log'!$D$5:$D$504,"Flyers / Door Hangers",'Expense Log'!$A$5:$A$504,">="&DATE($B$3,1,1),'Expense Log'!$A$5:$A$504,"<"&EDATE(DATE($B$3,1,1),1))+SUMIFS('Expense Log'!$K$5:$K$504,'Expense Log'!$D$5:$D$504,"Referral Incentives",'Expense Log'!$A$5:$A$504,">="&DATE($B$3,1,1),'Expense Log'!$A$5:$A$504,"<"&EDATE(DATE($B$3,1,1),1))+SUMIFS('Expense Log'!$K$5:$K$504,'Expense Log'!$D$5:$D$504,"Promotional Materials",'Expense Log'!$A$5:$A$504,">="&DATE($B$3,1,1),'Expense Log'!$A$5:$A$504,"<"&EDATE(DATE($B$3,1,1),1))+SUMIFS('Expense Log'!$K$5:$K$504,'Expense Log'!$D$5:$D$504,"Photography / Content",'Expense Log'!$A$5:$A$504,">="&DATE($B$3,1,1),'Expense Log'!$A$5:$A$504,"<"&EDATE(DATE($B$3,1,1),1)) | C11: =SUMIFS('Expense Log'!$K$5:$K$504,'Expense Log'!$D$5:$D$504,"Website",'Expense Log'!$A$5:$A$504,">="&DATE($B$3,2,1),'Expense Log'!$A$5:$A$504,"<"&EDATE(DATE($B$3,2,1),1))+SUMIFS('Expense Log'!$K$5:$K$504,'Expense Log'!$D$5:$D$504,"SEO",'Expense Log'!$A$5:$A$504,">="&DATE($B$3,2,1),'Expense Log'!$A$5:$A$504,"<"&EDATE(DATE($B$3,2,1),1))+SUMIFS('Expense Log'!$K$5:$K$504,'Expense Log'!$D$5:$D$504,"Paid Search",'Expense Log'!$A$5:$A$504,">="&DATE($B$3,2,1),'Expense Log'!$A$5:$A$504,"<"&EDATE(DATE($B$3,2,1),1))+SUMIFS('Expense Log'!$K$5:$K$504,'Expense Log'!$D$5:$D$504,"Social Advertising",'Expense Log'!$A$5:$A$504,">="&DATE($B$3,2,1),'Expense Log'!$A$5:$A$504,"<"&EDATE(DATE($B$3,2,1),1))+SUMIFS('Expense Log'!$K$5:$K$504,'Expense Log'!$D$5:$D$504,"Print Advertising",'Expense Log'!$A$5:$A$504,">="&DATE($B$3,2,1),'Expense Log'!$A$5:$A$504,"<"&EDATE(DATE($B$3,2,1),1))+SUMIFS('Expense Log'!$K$5:$K$504,'Expense Log'!$D$5:$D$504,"Flyers / Door Hangers",'Expense Log'!$A$5:$A$504,">="&DATE($B$3,2,1),'Expense Log'!$A$5:$A$504,"<"&EDATE(DATE($B$3,2,1),1))+SUMIFS('Expense Log'!$K$5:$K$504,'Expense Log'!$D$5:$D$504,"Referral Incentives",'Expense Log'!$A$5:$A$504,">="&DATE($B$3,2,1),'Expense Log'!$A$5:$A$504,"<"&EDATE(DATE($B$3,2,1),1))+SUMIFS('Expense Log'!$K$5:$K$504,'Expense Log'!$D$5:$D$504,"Promotional Materials",'Expense Log'!$A$5:$A$504,">="&DATE($B$3,2,1),'Expense Log'!$A$5:$A$504,"<"&EDATE(DATE($B$3,2,1),1))+SUMIFS('Expense Log'!$K$5:$K$504,'Expense Log'!$D$5:$D$504,"Photography / Content",'Expense Log'!$A$5:$A$504,">="&DATE($B$3,2,1),'Expense Log'!$A$5:$A$504,"<"&EDATE(DATE($B$3,2,1),1)) | D11: =SUMIFS('Expense Log'!$K$5:$K$504,'Expense Log'!$D$5:$D$504,"Website",'Expense Log'!$A$5:$A$504,">="&DATE($B$3,3,1),'Expense Log'!$A$5:$A$504,"<"&EDATE(DATE($B$3,3,1),1))+SUMIFS('Expense Log'!$K$5:$K$504,'Expense Log'!$D$5:$D$504,"SEO",'Expense Log'!$A$5:$A$504,">="&DATE($B$3,3,1),'Expense Log'!$A$5:$A$504,"<"&EDATE(DATE($B$3,3,1),1))+SUMIFS('Expense Log'!$K$5:$K$504,'Expense Log'!$D$5:$D$504,"Paid Search",'Expense Log'!$A$5:$A$504,">="&DATE($B$3,3,1),'Expense Log'!$A$5:$A$504,"<"&EDATE(DATE($B$3,3,1),1))+SUMIFS('Expense Log'!$K$5:$K$504,'Expense Log'!$D$5:$D$504,"Social Advertising",'Expense Log'!$A$5:$A$504,">="&DATE($B$3,3,1),'Expense Log'!$A$5:$A$504,"<"&EDATE(DATE($B$3,3,1),1))+SUMIFS('Expense Log'!$K$5:$K$504,'Expense Log'!$D$5:$D$504,"Print Advertising",'Expense Log'!$A$5:$A$504,">="&DATE($B$3,3,1),'Expense Log'!$A$5:$A$504,"<"&EDATE(DATE($B$3,3,1),1))+SUMIFS('Expense Log'!$K$5:$K$504,'Expense Log'!$D$5:$D$504,"Flyers / Door Hangers",'Expense Log'!$A$5:$A$504,">="&DATE($B$3,3,1),'Expense Log'!$A$5:$A$504,"<"&EDATE(DATE($B$3,3,1),1))+SUMIFS('Expense Log'!$K$5:$K$504,'Expense Log'!$D$5:$D$504,"Referral Incentives",'Expense Log'!$A$5:$A$504,">="&DATE($B$3,3,1),'Expense Log'!$A$5:$A$504,"<"&EDATE(DATE($B$3,3,1),1))+SUMIFS('Expense Log'!$K$5:$K$504,'Expense Log'!$D$5:$D$504,"Promotional Materials",'Expense Log'!$A$5:$A$504,">="&DATE($B$3,3,1),'Expense Log'!$A$5:$A$504,"<"&EDATE(DATE($B$3,3,1),1))+SUMIFS('Expense Log'!$K$5:$K$504,'Expense Log'!$D$5:$D$504,"Photography / Content",'Expense Log'!$A$5:$A$504,">="&DATE($B$3,3,1),'Expense Log'!$A$5:$A$504,"<"&EDATE(DATE($B$3,3,1),1)) | E11: =SUMIFS('Expense Log'!$K$5:$K$504,'Expense Log'!$D$5:$D$504,"Website",'Expense Log'!$A$5:$A$504,">="&DATE($B$3,4,1),'Expense Log'!$A$5:$A$504,"<"&EDATE(DATE($B$3,4,1),1))+SUMIFS('Expense Log'!$K$5:$K$504,'Expense Log'!$D$5:$D$504,"SEO",'Expense Log'!$A$5:$A$504,">="&DATE($B$3,4,1),'Expense Log'!$A$5:$A$504,"<"&EDATE(DATE($B$3,4,1),1))+SUMIFS('Expense Log'!$K$5:$K$504,'Expense Log'!$D$5:$D$504,"Paid Search",'Expense Log'!$A$5:$A$504,">="&DATE($B$3,4,1),'Expense Log'!$A$5:$A$504,"<"&EDATE(DATE($B$3,4,1),1))+SUMIFS('Expense Log'!$K$5:$K$504,'Expense Log'!$D$5:$D$504,"Social Advertising",'Expense Log'!$A$5:$A$504,">="&DATE($B$3,4,1),'Expense Log'!$A$5:$A$504,"<"&EDATE(DATE($B$3,4,1),1))+SUMIFS('Expense Log'!$K$5:$K$504,'Expense Log'!$D$5:$D$504,"Print Advertising",'Expense Log'!$A$5:$A$504,">="&DATE($B$3,4,1),'Expense Log'!$A$5:$A$504,"<"&EDATE(DATE($B$3,4,1),1))+SUMIFS('Expense Log'!$K$5:$K$504,'Expense Log'!$D$5:$D$504,"Flyers / Door Hangers",'Expense Log'!$A$5:$A$504,">="&DATE($B$3,4,1),'Expense Log'!$A$5:$A$504,"<"&EDATE(DATE($B$3,4,1),1))+SUMIFS('Expense Log'!$K$5:$K$504,'Expense Log'!$D$5:$D$504,"Referral Incentives",'Expense Log'!$A$5:$A$504,">="&DATE($B$3,4,1),'Expense Log'!$A$5:$A$504,"<"&EDATE(DATE($B$3,4,1),1))+SUMIFS('Expense Log'!$K$5:$K$504,'Expense Log'!$D$5:$D$504,"Promotional Materials",'Expense Log'!$A$5:$A$504,">="&DATE($B$3,4,1),'Expense Log'!$A$5:$A$504,"<"&EDATE(DATE($B$3,4,1),1))+SUMIFS('Expense Log'!$K$5:$K$504,'Expense Log'!$D$5:$D$504,"Photography / Content",'Expense Log'!$A$5:$A$504,">="&DATE($B$3,4,1),'Expense Log'!$A$5:$A$504,"<"&EDATE(DATE($B$3,4,1),1)) | F11: =SUMIFS('Expense Log'!$K$5:$K$504,'Expense Log'!$D$5:$D$504,"Website",'Expense Log'!$A$5:$A$504,">="&DATE($B$3,5,1),'Expense Log'!$A$5:$A$504,"<"&EDATE(DATE($B$3,5,1),1))+SUMIFS('Expense Log'!$K$5:$K$504,'Expense Log'!$D$5:$D$504,"SEO",'Expense Log'!$A$5:$A$504,">="&DATE($B$3,5,1),'Expense Log'!$A$5:$A$504,"<"&EDATE(DATE($B$3,5,1),1))+SUMIFS('Expense Log'!$K$5:$K$504,'Expense Log'!$D$5:$D$504,"Paid Search",'Expense Log'!$A$5:$A$504,">="&DATE($B$3,5,1),'Expense Log'!$A$5:$A$504,"<"&EDATE(DATE($B$3,5,1),1))+SUMIFS('Expense Log'!$K$5:$K$504,'Expense Log'!$D$5:$D$504,"Social Advertising",'Expense Log'!$A$5:$A$504,">="&DATE($B$3,5,1),'Expense Log'!$A$5:$A$504,"<"&EDATE(DATE($B$3,5,1),1))+SUMIFS('Expense Log'!$K$5:$K$504,'Expense Log'!$D$5:$D$504,"Print Advertising",'Expense Log'!$A$5:$A$504,">="&DATE($B$3,5,1),'Expense Log'!$A$5:$A$504,"<"&EDATE(DATE($B$3,5,1),1))+SUMIFS('Expense Log'!$K$5:$K$504,'Expense Log'!$D$5:$D$504,"Flyers / Door Hangers",'Expense Log'!$A$5:$A$504,">="&DATE($B$3,5,1),'Expense Log'!$A$5:$A$504,"<"&EDATE(DATE($B$3,5,1),1))+SUMIFS('Expense Log'!$K$5:$K$504,'Expense Log'!$D$5:$D$504,"Referral Incentives",'Expense Log'!$A$5:$A$504,">="&DATE($B$3,5,1),'Expense Log'!$A$5:$A$504,"<"&EDATE(DATE($B$3,5,1),1))+SUMIFS('Expense Log'!$K$5:$K$504,'Expense Log'!$D$5:$D$504,"Promotional Materials",'Expense Log'!$A$5:$A$504,">="&DATE($B$3,5,1),'Expense Log'!$A$5:$A$504,"<"&EDATE(DATE($B$3,5,1),1))+SUMIFS('Expense Log'!$K$5:$K$504,'Expense Log'!$D$5:$D$504,"Photography / Content",'Expense Log'!$A$5:$A$504,">="&DATE($B$3,5,1),'Expense Log'!$A$5:$A$504,"<"&EDATE(DATE($B$3,5,1),1)) | G11: =SUMIFS('Expense Log'!$K$5:$K$504,'Expense Log'!$D$5:$D$504,"Website",'Expense Log'!$A$5:$A$504,">="&DATE($B$3,6,1),'Expense Log'!$A$5:$A$504,"<"&EDATE(DATE($B$3,6,1),1))+SUMIFS('Expense Log'!$K$5:$K$504,'Expense Log'!$D$5:$D$504,"SEO",'Expense Log'!$A$5:$A$504,">="&DATE($B$3,6,1),'Expense Log'!$A$5:$A$504,"<"&EDATE(DATE($B$3,6,1),1))+SUMIFS('Expense Log'!$K$5:$K$504,'Expense Log'!$D$5:$D$504,"Paid Search",'Expense Log'!$A$5:$A$504,">="&DATE($B$3,6,1),'Expense Log'!$A$5:$A$504,"<"&EDATE(DATE($B$3,6,1),1))+SUMIFS('Expense Log'!$K$5:$K$504,'Expense Log'!$D$5:$D$504,"Social Advertising",'Expense Log'!$A$5:$A$504,">="&DATE($B$3,6,1),'Expense Log'!$A$5:$A$504,"<"&EDATE(DATE($B$3,6,1),1))+SUMIFS('Expense Log'!$K$5:$K$504,'Expense Log'!$D$5:$D$504,"Print Advertising",'Expense Log'!$A$5:$A$504,">="&DATE($B$3,6,1),'Expense Log'!$A$5:$A$504,"<"&EDATE(DATE($B$3,6,1),1))+SUMIFS('Expense Log'!$K$5:$K$504,'Expense Log'!$D$5:$D$504,"Flyers / Door Hangers",'Expense Log'!$A$5:$A$504,">="&DATE($B$3,6,1),'Expense Log'!$A$5:$A$504,"<"&EDATE(DATE($B$3,6,1),1))+SUMIFS('Expense Log'!$K$5:$K$504,'Expense Log'!$D$5:$D$504,"Referral Incentives",'Expense Log'!$A$5:$A$504,">="&DATE($B$3,6,1),'Expense Log'!$A$5:$A$504,"<"&EDATE(DATE($B$3,6,1),1))+SUMIFS('Expense Log'!$K$5:$K$504,'Expense Log'!$D$5:$D$504,"Promotional Materials",'Expense Log'!$A$5:$A$504,">="&DATE($B$3,6,1),'Expense Log'!$A$5:$A$504,"<"&EDATE(DATE($B$3,6,1),1))+SUMIFS('Expense Log'!$K$5:$K$504,'Expense Log'!$D$5:$D$504,"Photography / Content",'Expense Log'!$A$5:$A$504,">="&DATE($B$3,6,1),'Expense Log'!$A$5:$A$504,"<"&EDATE(DATE($B$3,6,1),1)) | H11: =SUMIFS('Expense Log'!$K$5:$K$504,'Expense Log'!$D$5:$D$504,"Website",'Expense Log'!$A$5:$A$504,">="&DATE($B$3,7,1),'Expense Log'!$A$5:$A$504,"<"&EDATE(DATE($B$3,7,1),1))+SUMIFS('Expense Log'!$K$5:$K$504,'Expense Log'!$D$5:$D$504,"SEO",'Expense Log'!$A$5:$A$504,">="&DATE($B$3,7,1),'Expense Log'!$A$5:$A$504,"<"&EDATE(DATE($B$3,7,1),1))+SUMIFS('Expense Log'!$K$5:$K$504,'Expense Log'!$D$5:$D$504,"Paid Search",'Expense Log'!$A$5:$A$504,">="&DATE($B$3,7,1),'Expense Log'!$A$5:$A$504,"<"&EDATE(DATE($B$3,7,1),1))+SUMIFS('Expense Log'!$K$5:$K$504,'Expense Log'!$D$5:$D$504,"Social Advertising",'Expense Log'!$A$5:$A$504,">="&DATE($B$3,7,1),'Expense Log'!$A$5:$A$504,"<"&EDATE(DATE($B$3,7,1),1))+SUMIFS('Expense Log'!$K$5:$K$504,'Expense Log'!$D$5:$D$504,"Print Advertising",'Expense Log'!$A$5:$A$504,">="&DATE($B$3,7,1),'Expense Log'!$A$5:$A$504,"<"&EDATE(DATE($B$3,7,1),1))+SUMIFS('Expense Log'!$K$5:$K$504,'Expense Log'!$D$5:$D$504,"Flyers / Door Hangers",'Expense Log'!$A$5:$A$504,">="&DATE($B$3,7,1),'Expense Log'!$A$5:$A$504,"<"&EDATE(DATE($B$3,7,1),1))+SUMIFS('Expense Log'!$K$5:$K$504,'Expense Log'!$D$5:$D$504,"Referral Incentives",'Expense Log'!$A$5:$A$504,">="&DATE($B$3,7,1),'Expense Log'!$A$5:$A$504,"<"&EDATE(DATE($B$3,7,1),1))+SUMIFS('Expense Log'!$K$5:$K$504,'Expense Log'!$D$5:$D$504,"Promotional Materials",'Expense Log'!$A$5:$A$504,">="&DATE($B$3,7,1),'Expense Log'!$A$5:$A$504,"<"&EDATE(DATE($B$3,7,1),1))+SUMIFS('Expense Log'!$K$5:$K$504,'Expense Log'!$D$5:$D$504,"Photography / Content",'Expense Log'!$A$5:$A$504,">="&DATE($B$3,7,1),'Expense Log'!$A$5:$A$504,"<"&EDATE(DATE($B$3,7,1),1)) | I11: =SUMIFS('Expense Log'!$K$5:$K$504,'Expense Log'!$D$5:$D$504,"Website",'Expense Log'!$A$5:$A$504,">="&DATE($B$3,8,1),'Expense Log'!$A$5:$A$504,"<"&EDATE(DATE($B$3,8,1),1))+SUMIFS('Expense Log'!$K$5:$K$504,'Expense Log'!$D$5:$D$504,"SEO",'Expense Log'!$A$5:$A$504,">="&DATE($B$3,8,1),'Expense Log'!$A$5:$A$504,"<"&EDATE(DATE($B$3,8,1),1))+SUMIFS('Expense Log'!$K$5:$K$504,'Expense Log'!$D$5:$D$504,"Paid Search",'Expense Log'!$A$5:$A$504,">="&DATE($B$3,8,1),'Expense Log'!$A$5:$A$504,"<"&EDATE(DATE($B$3,8,1),1))+SUMIFS('Expense Log'!$K$5:$K$504,'Expense Log'!$D$5:$D$504,"Social Advertising",'Expense Log'!$A$5:$A$504,">="&DATE($B$3,8,1),'Expense Log'!$A$5:$A$504,"<"&EDATE(DATE($B$3,8,1),1))+SUMIFS('Expense Log'!$K$5:$K$504,'Expense Log'!$D$5:$D$504,"Print Advertising",'Expense Log'!$A$5:$A$504,">="&DATE($B$3,8,1),'Expense Log'!$A$5:$A$504,"<"&EDATE(DATE($B$3,8,1),1))+SUMIFS('Expense Log'!$K$5:$K$504,'Expense Log'!$D$5:$D$504,"Flyers / Door Hangers",'Expense Log'!$A$5:$A$504,">="&DATE($B$3,8,1),'Expense Log'!$A$5:$A$504,"<"&EDATE(DATE($B$3,8,1),1))+SUMIFS('Expense Log'!$K$5:$K$504,'Expense Log'!$D$5:$D$504,"Referral Incentives",'Expense Log'!$A$5:$A$504,">="&DATE($B$3,8,1),'Expense Log'!$A$5:$A$504,"<"&EDATE(DATE($B$3,8,1),1))+SUMIFS('Expense Log'!$K$5:$K$504,'Expense Log'!$D$5:$D$504,"Promotional Materials",'Expense Log'!$A$5:$A$504,">="&DATE($B$3,8,1),'Expense Log'!$A$5:$A$504,"<"&EDATE(DATE($B$3,8,1),1))+SUMIFS('Expense Log'!$K$5:$K$504,'Expense Log'!$D$5:$D$504,"Photography / Content",'Expense Log'!$A$5:$A$504,">="&DATE($B$3,8,1),'Expense Log'!$A$5:$A$504,"<"&EDATE(DATE($B$3,8,1),1)) | J11: =SUMIFS('Expense Log'!$K$5:$K$504,'Expense Log'!$D$5:$D$504,"Website",'Expense Log'!$A$5:$A$504,">="&DATE($B$3,9,1),'Expense Log'!$A$5:$A$504,"<"&EDATE(DATE($B$3,9,1),1))+SUMIFS('Expense Log'!$K$5:$K$504,'Expense Log'!$D$5:$D$504,"SEO",'Expense Log'!$A$5:$A$504,">="&DATE($B$3,9,1),'Expense Log'!$A$5:$A$504,"<"&EDATE(DATE($B$3,9,1),1))+SUMIFS('Expense Log'!$K$5:$K$504,'Expense Log'!$D$5:$D$504,"Paid Search",'Expense Log'!$A$5:$A$504,">="&DATE($B$3,9,1),'Expense Log'!$A$5:$A$504,"<"&EDATE(DATE($B$3,9,1),1))+SUMIFS('Expense Log'!$K$5:$K$504,'Expense Log'!$D$5:$D$504,"Social Advertising",'Expense Log'!$A$5:$A$504,">="&DATE($B$3,9,1),'Expense Log'!$A$5:$A$504,"<"&EDATE(DATE($B$3,9,1),1))+SUMIFS('Expense Log'!$K$5:$K$504,'Expense Log'!$D$5:$D$504,"Print Advertising",'Expense Log'!$A$5:$A$504,">="&DATE($B$3,9,1),'Expense Log'!$A$5:$A$504,"<"&EDATE(DATE($B$3,9,1),1))+SUMIFS('Expense Log'!$K$5:$K$504,'Expense Log'!$D$5:$D$504,"Flyers / Door Hangers",'Expense Log'!$A$5:$A$504,">="&DATE($B$3,9,1),'Expense Log'!$A$5:$A$504,"<"&EDATE(DATE($B$3,9,1),1))+SUMIFS('Expense Log'!$K$5:$K$504,'Expense Log'!$D$5:$D$504,"Referral Incentives",'Expense Log'!$A$5:$A$504,">="&DATE($B$3,9,1),'Expense Log'!$A$5:$A$504,"<"&EDATE(DATE($B$3,9,1),1))+SUMIFS('Expense Log'!$K$5:$K$504,'Expense Log'!$D$5:$D$504,"Promotional Materials",'Expense Log'!$A$5:$A$504,">="&DATE($B$3,9,1),'Expense Log'!$A$5:$A$504,"<"&EDATE(DATE($B$3,9,1),1))+SUMIFS('Expense Log'!$K$5:$K$504,'Expense Log'!$D$5:$D$504,"Photography / Content",'Expense Log'!$A$5:$A$504,">="&DATE($B$3,9,1),'Expense Log'!$A$5:$A$504,"<"&EDATE(DATE($B$3,9,1),1)) | K11: =SUMIFS('Expense Log'!$K$5:$K$504,'Expense Log'!$D$5:$D$504,"Website",'Expense Log'!$A$5:$A$504,">="&DATE($B$3,10,1),'Expense Log'!$A$5:$A$504,"<"&EDATE(DATE($B$3,10,1),1))+SUMIFS('Expense Log'!$K$5:$K$504,'Expense Log'!$D$5:$D$504,"SEO",'Expense Log'!$A$5:$A$504,">="&DATE($B$3,10,1),'Expense Log'!$A$5:$A$504,"<"&EDATE(DATE($B$3,10,1),1))+SUMIFS('Expense Log'!$K$5:$K$504,'Expense Log'!$D$5:$D$504,"Paid Search",'Expense Log'!$A$5:$A$504,">="&DATE($B$3,10,1),'Expense Log'!$A$5:$A$504,"<"&EDATE(DATE($B$3,10,1),1))+SUMIFS('Expense Log'!$K$5:$K$504,'Expense Log'!$D$5:$D$504,"Social Advertising",'Expense Log'!$A$5:$A$504,">="&DATE($B$3,10,1),'Expense Log'!$A$5:$A$504,"<"&EDATE(DATE($B$3,10,1),1))+SUMIFS('Expense Log'!$K$5:$K$504,'Expense Log'!$D$5:$D$504,"Print Advertising",'Expense Log'!$A$5:$A$504,">="&DATE($B$3,10,1),'Expense Log'!$A$5:$A$504,"<"&EDATE(DATE($B$3,10,1),1))+SUMIFS('Expense Log'!$K$5:$K$504,'Expense Log'!$D$5:$D$504,"Flyers / Door Hangers",'Expense Log'!$A$5:$A$504,">="&DATE($B$3,10,1),'Expense Log'!$A$5:$A$504,"<"&EDATE(DATE($B$3,10,1),1))+SUMIFS('Expense Log'!$K$5:$K$504,'Expense Log'!$D$5:$D$504,"Referral Incentives",'Expense Log'!$A$5:$A$504,">="&DATE($B$3,10,1),'Expense Log'!$A$5:$A$504,"<"&EDATE(DATE($B$3,10,1),1))+SUMIFS('Expense Log'!$K$5:$K$504,'Expense Log'!$D$5:$D$504,"Promotional Materials",'Expense Log'!$A$5:$A$504,">="&DATE($B$3,10,1),'Expense Log'!$A$5:$A$504,"<"&EDATE(DATE($B$3,10,1),1))+SUMIFS('Expense Log'!$K$5:$K$504,'Expense Log'!$D$5:$D$504,"Photography / Content",'Expense Log'!$A$5:$A$504,">="&DATE($B$3,10,1),'Expense Log'!$A$5:$A$504,"<"&EDATE(DATE($B$3,10,1),1)) | L11: =SUMIFS('Expense Log'!$K$5:$K$504,'Expense Log'!$D$5:$D$504,"Website",'Expense Log'!$A$5:$A$504,">="&DATE($B$3,11,1),'Expense Log'!$A$5:$A$504,"<"&EDATE(DATE($B$3,11,1),1))+SUMIFS('Expense Log'!$K$5:$K$504,'Expense Log'!$D$5:$D$504,"SEO",'Expense Log'!$A$5:$A$504,">="&DATE($B$3,11,1),'Expense Log'!$A$5:$A$504,"<"&EDATE(DATE($B$3,11,1),1))+SUMIFS('Expense Log'!$K$5:$K$504,'Expense Log'!$D$5:$D$504,"Paid Search",'Expense Log'!$A$5:$A$504,">="&DATE($B$3,11,1),'Expense Log'!$A$5:$A$504,"<"&EDATE(DATE($B$3,11,1),1))+SUMIFS('Expense Log'!$K$5:$K$504,'Expense Log'!$D$5:$D$504,"Social Advertising",'Expense Log'!$A$5:$A$504,">="&DATE($B$3,11,1),'Expense Log'!$A$5:$A$504,"<"&EDATE(DATE($B$3,11,1),1))+SUMIFS('Expense Log'!$K$5:$K$504,'Expense Log'!$D$5:$D$504,"Print Advertising",'Expense Log'!$A$5:$A$504,">="&DATE($B$3,11,1),'Expense Log'!$A$5:$A$504,"<"&EDATE(DATE($B$3,11,1),1))+SUMIFS('Expense Log'!$K$5:$K$504,'Expense Log'!$D$5:$D$504,"Flyers / Door Hangers",'Expense Log'!$A$5:$A$504,">="&DATE($B$3,11,1),'Expense Log'!$A$5:$A$504,"<"&EDATE(DATE($B$3,11,1),1))+SUMIFS('Expense Log'!$K$5:$K$504,'Expense Log'!$D$5:$D$504,"Referral Incentives",'Expense Log'!$A$5:$A$504,">="&DATE($B$3,11,1),'Expense Log'!$A$5:$A$504,"<"&EDATE(DATE($B$3,11,1),1))+SUMIFS('Expense Log'!$K$5:$K$504,'Expense Log'!$D$5:$D$504,"Promotional Materials",'Expense Log'!$A$5:$A$504,">="&DATE($B$3,11,1),'Expense Log'!$A$5:$A$504,"<"&EDATE(DATE($B$3,11,1),1))+SUMIFS('Expense Log'!$K$5:$K$504,'Expense Log'!$D$5:$D$504,"Photography / Content",'Expense Log'!$A$5:$A$504,">="&DATE($B$3,11,1),'Expense Log'!$A$5:$A$504,"<"&EDATE(DATE($B$3,11,1),1)) | M11: =SUMIFS('Expense Log'!$K$5:$K$504,'Expense Log'!$D$5:$D$504,"Website",'Expense Log'!$A$5:$A$504,">="&DATE($B$3,12,1),'Expense Log'!$A$5:$A$504,"<"&EDATE(DATE($B$3,12,1),1))+SUMIFS('Expense Log'!$K$5:$K$504,'Expense Log'!$D$5:$D$504,"SEO",'Expense Log'!$A$5:$A$504,">="&DATE($B$3,12,1),'Expense Log'!$A$5:$A$504,"<"&EDATE(DATE($B$3,12,1),1))+SUMIFS('Expense Log'!$K$5:$K$504,'Expense Log'!$D$5:$D$504,"Paid Search",'Expense Log'!$A$5:$A$504,">="&DATE($B$3,12,1),'Expense Log'!$A$5:$A$504,"<"&EDATE(DATE($B$3,12,1),1))+SUMIFS('Expense Log'!$K$5:$K$504,'Expense Log'!$D$5:$D$504,"Social Advertising",'Expense Log'!$A$5:$A$504,">="&DATE($B$3,12,1),'Expense Log'!$A$5:$A$504,"<"&EDATE(DATE($B$3,12,1),1))+SUMIFS('Expense Log'!$K$5:$K$504,'Expense Log'!$D$5:$D$504,"Print Advertising",'Expense Log'!$A$5:$A$504,">="&DATE($B$3,12,1),'Expense Log'!$A$5:$A$504,"<"&EDATE(DATE($B$3,12,1),1))+SUMIFS('Expense Log'!$K$5:$K$504,'Expense Log'!$D$5:$D$504,"Flyers / Door Hangers",'Expense Log'!$A$5:$A$504,">="&DATE($B$3,12,1),'Expense Log'!$A$5:$A$504,"<"&EDATE(DATE($B$3,12,1),1))+SUMIFS('Expense Log'!$K$5:$K$504,'Expense Log'!$D$5:$D$504,"Referral Incentives",'Expense Log'!$A$5:$A$504,">="&DATE($B$3,12,1),'Expense Log'!$A$5:$A$504,"<"&EDATE(DATE($B$3,12,1),1))+SUMIFS('Expense Log'!$K$5:$K$504,'Expense Log'!$D$5:$D$504,"Promotional Materials",'Expense Log'!$A$5:$A$504,">="&DATE($B$3,12,1),'Expense Log'!$A$5:$A$504,"<"&EDATE(DATE($B$3,12,1),1))+SUMIFS('Expense Log'!$K$5:$K$504,'Expense Log'!$D$5:$D$504,"Photography / Content",'Expense Log'!$A$5:$A$504,">="&DATE($B$3,12,1),'Expense Log'!$A$5:$A$504,"<"&EDATE(DATE($B$3,12,1),1)) | N11: =SUM(B11:M11)
A12: Software | B12: =SUMIFS('Expense Log'!$K$5:$K$504,'Expense Log'!$D$5:$D$504,"TidyOps / Operations Software",'Expense Log'!$A$5:$A$504,">="&DATE($B$3,1,1),'Expense Log'!$A$5:$A$504,"<"&EDATE(DATE($B$3,1,1),1))+SUMIFS('Expense Log'!$K$5:$K$504,'Expense Log'!$D$5:$D$504,"Accounting Software",'Expense Log'!$A$5:$A$504,">="&DATE($B$3,1,1),'Expense Log'!$A$5:$A$504,"<"&EDATE(DATE($B$3,1,1),1))+SUMIFS('Expense Log'!$K$5:$K$504,'Expense Log'!$D$5:$D$504,"Payroll Software",'Expense Log'!$A$5:$A$504,">="&DATE($B$3,1,1),'Expense Log'!$A$5:$A$504,"<"&EDATE(DATE($B$3,1,1),1))+SUMIFS('Expense Log'!$K$5:$K$504,'Expense Log'!$D$5:$D$504,"Email / Phone Software",'Expense Log'!$A$5:$A$504,">="&DATE($B$3,1,1),'Expense Log'!$A$5:$A$504,"<"&EDATE(DATE($B$3,1,1),1))+SUMIFS('Expense Log'!$K$5:$K$504,'Expense Log'!$D$5:$D$504,"Cloud Storage",'Expense Log'!$A$5:$A$504,">="&DATE($B$3,1,1),'Expense Log'!$A$5:$A$504,"<"&EDATE(DATE($B$3,1,1),1))+SUMIFS('Expense Log'!$K$5:$K$504,'Expense Log'!$D$5:$D$504,"Website Hosting",'Expense Log'!$A$5:$A$504,">="&DATE($B$3,1,1),'Expense Log'!$A$5:$A$504,"<"&EDATE(DATE($B$3,1,1),1))+SUMIFS('Expense Log'!$K$5:$K$504,'Expense Log'!$D$5:$D$504,"Other Software",'Expense Log'!$A$5:$A$504,">="&DATE($B$3,1,1),'Expense Log'!$A$5:$A$504,"<"&EDATE(DATE($B$3,1,1),1)) | C12: =SUMIFS('Expense Log'!$K$5:$K$504,'Expense Log'!$D$5:$D$504,"TidyOps / Operations Software",'Expense Log'!$A$5:$A$504,">="&DATE($B$3,2,1),'Expense Log'!$A$5:$A$504,"<"&EDATE(DATE($B$3,2,1),1))+SUMIFS('Expense Log'!$K$5:$K$504,'Expense Log'!$D$5:$D$504,"Accounting Software",'Expense Log'!$A$5:$A$504,">="&DATE($B$3,2,1),'Expense Log'!$A$5:$A$504,"<"&EDATE(DATE($B$3,2,1),1))+SUMIFS('Expense Log'!$K$5:$K$504,'Expense Log'!$D$5:$D$504,"Payroll Software",'Expense Log'!$A$5:$A$504,">="&DATE($B$3,2,1),'Expense Log'!$A$5:$A$504,"<"&EDATE(DATE($B$3,2,1),1))+SUMIFS('Expense Log'!$K$5:$K$504,'Expense Log'!$D$5:$D$504,"Email / Phone Software",'Expense Log'!$A$5:$A$504,">="&DATE($B$3,2,1),'Expense Log'!$A$5:$A$504,"<"&EDATE(DATE($B$3,2,1),1))+SUMIFS('Expense Log'!$K$5:$K$504,'Expense Log'!$D$5:$D$504,"Cloud Storage",'Expense Log'!$A$5:$A$504,">="&DATE($B$3,2,1),'Expense Log'!$A$5:$A$504,"<"&EDATE(DATE($B$3,2,1),1))+SUMIFS('Expense Log'!$K$5:$K$504,'Expense Log'!$D$5:$D$504,"Website Hosting",'Expense Log'!$A$5:$A$504,">="&DATE($B$3,2,1),'Expense Log'!$A$5:$A$504,"<"&EDATE(DATE($B$3,2,1),1))+SUMIFS('Expense Log'!$K$5:$K$504,'Expense Log'!$D$5:$D$504,"Other Software",'Expense Log'!$A$5:$A$504,">="&DATE($B$3,2,1),'Expense Log'!$A$5:$A$504,"<"&EDATE(DATE($B$3,2,1),1)) | D12: =SUMIFS('Expense Log'!$K$5:$K$504,'Expense Log'!$D$5:$D$504,"TidyOps / Operations Software",'Expense Log'!$A$5:$A$504,">="&DATE($B$3,3,1),'Expense Log'!$A$5:$A$504,"<"&EDATE(DATE($B$3,3,1),1))+SUMIFS('Expense Log'!$K$5:$K$504,'Expense Log'!$D$5:$D$504,"Accounting Software",'Expense Log'!$A$5:$A$504,">="&DATE($B$3,3,1),'Expense Log'!$A$5:$A$504,"<"&EDATE(DATE($B$3,3,1),1))+SUMIFS('Expense Log'!$K$5:$K$504,'Expense Log'!$D$5:$D$504,"Payroll Software",'Expense Log'!$A$5:$A$504,">="&DATE($B$3,3,1),'Expense Log'!$A$5:$A$504,"<"&EDATE(DATE($B$3,3,1),1))+SUMIFS('Expense Log'!$K$5:$K$504,'Expense Log'!$D$5:$D$504,"Email / Phone Software",'Expense Log'!$A$5:$A$504,">="&DATE($B$3,3,1),'Expense Log'!$A$5:$A$504,"<"&EDATE(DATE($B$3,3,1),1))+SUMIFS('Expense Log'!$K$5:$K$504,'Expense Log'!$D$5:$D$504,"Cloud Storage",'Expense Log'!$A$5:$A$504,">="&DATE($B$3,3,1),'Expense Log'!$A$5:$A$504,"<"&EDATE(DATE($B$3,3,1),1))+SUMIFS('Expense Log'!$K$5:$K$504,'Expense Log'!$D$5:$D$504,"Website Hosting",'Expense Log'!$A$5:$A$504,">="&DATE($B$3,3,1),'Expense Log'!$A$5:$A$504,"<"&EDATE(DATE($B$3,3,1),1))+SUMIFS('Expense Log'!$K$5:$K$504,'Expense Log'!$D$5:$D$504,"Other Software",'Expense Log'!$A$5:$A$504,">="&DATE($B$3,3,1),'Expense Log'!$A$5:$A$504,"<"&EDATE(DATE($B$3,3,1),1)) | E12: =SUMIFS('Expense Log'!$K$5:$K$504,'Expense Log'!$D$5:$D$504,"TidyOps / Operations Software",'Expense Log'!$A$5:$A$504,">="&DATE($B$3,4,1),'Expense Log'!$A$5:$A$504,"<"&EDATE(DATE($B$3,4,1),1))+SUMIFS('Expense Log'!$K$5:$K$504,'Expense Log'!$D$5:$D$504,"Accounting Software",'Expense Log'!$A$5:$A$504,">="&DATE($B$3,4,1),'Expense Log'!$A$5:$A$504,"<"&EDATE(DATE($B$3,4,1),1))+SUMIFS('Expense Log'!$K$5:$K$504,'Expense Log'!$D$5:$D$504,"Payroll Software",'Expense Log'!$A$5:$A$504,">="&DATE($B$3,4,1),'Expense Log'!$A$5:$A$504,"<"&EDATE(DATE($B$3,4,1),1))+SUMIFS('Expense Log'!$K$5:$K$504,'Expense Log'!$D$5:$D$504,"Email / Phone Software",'Expense Log'!$A$5:$A$504,">="&DATE($B$3,4,1),'Expense Log'!$A$5:$A$504,"<"&EDATE(DATE($B$3,4,1),1))+SUMIFS('Expense Log'!$K$5:$K$504,'Expense Log'!$D$5:$D$504,"Cloud Storage",'Expense Log'!$A$5:$A$504,">="&DATE($B$3,4,1),'Expense Log'!$A$5:$A$504,"<"&EDATE(DATE($B$3,4,1),1))+SUMIFS('Expense Log'!$K$5:$K$504,'Expense Log'!$D$5:$D$504,"Website Hosting",'Expense Log'!$A$5:$A$504,">="&DATE($B$3,4,1),'Expense Log'!$A$5:$A$504,"<"&EDATE(DATE($B$3,4,1),1))+SUMIFS('Expense Log'!$K$5:$K$504,'Expense Log'!$D$5:$D$504,"Other Software",'Expense Log'!$A$5:$A$504,">="&DATE($B$3,4,1),'Expense Log'!$A$5:$A$504,"<"&EDATE(DATE($B$3,4,1),1)) | F12: =SUMIFS('Expense Log'!$K$5:$K$504,'Expense Log'!$D$5:$D$504,"TidyOps / Operations Software",'Expense Log'!$A$5:$A$504,">="&DATE($B$3,5,1),'Expense Log'!$A$5:$A$504,"<"&EDATE(DATE($B$3,5,1),1))+SUMIFS('Expense Log'!$K$5:$K$504,'Expense Log'!$D$5:$D$504,"Accounting Software",'Expense Log'!$A$5:$A$504,">="&DATE($B$3,5,1),'Expense Log'!$A$5:$A$504,"<"&EDATE(DATE($B$3,5,1),1))+SUMIFS('Expense Log'!$K$5:$K$504,'Expense Log'!$D$5:$D$504,"Payroll Software",'Expense Log'!$A$5:$A$504,">="&DATE($B$3,5,1),'Expense Log'!$A$5:$A$504,"<"&EDATE(DATE($B$3,5,1),1))+SUMIFS('Expense Log'!$K$5:$K$504,'Expense Log'!$D$5:$D$504,"Email / Phone Software",'Expense Log'!$A$5:$A$504,">="&DATE($B$3,5,1),'Expense Log'!$A$5:$A$504,"<"&EDATE(DATE($B$3,5,1),1))+SUMIFS('Expense Log'!$K$5:$K$504,'Expense Log'!$D$5:$D$504,"Cloud Storage",'Expense Log'!$A$5:$A$504,">="&DATE($B$3,5,1),'Expense Log'!$A$5:$A$504,"<"&EDATE(DATE($B$3,5,1),1))+SUMIFS('Expense Log'!$K$5:$K$504,'Expense Log'!$D$5:$D$504,"Website Hosting",'Expense Log'!$A$5:$A$504,">="&DATE($B$3,5,1),'Expense Log'!$A$5:$A$504,"<"&EDATE(DATE($B$3,5,1),1))+SUMIFS('Expense Log'!$K$5:$K$504,'Expense Log'!$D$5:$D$504,"Other Software",'Expense Log'!$A$5:$A$504,">="&DATE($B$3,5,1),'Expense Log'!$A$5:$A$504,"<"&EDATE(DATE($B$3,5,1),1)) | G12: =SUMIFS('Expense Log'!$K$5:$K$504,'Expense Log'!$D$5:$D$504,"TidyOps / Operations Software",'Expense Log'!$A$5:$A$504,">="&DATE($B$3,6,1),'Expense Log'!$A$5:$A$504,"<"&EDATE(DATE($B$3,6,1),1))+SUMIFS('Expense Log'!$K$5:$K$504,'Expense Log'!$D$5:$D$504,"Accounting Software",'Expense Log'!$A$5:$A$504,">="&DATE($B$3,6,1),'Expense Log'!$A$5:$A$504,"<"&EDATE(DATE($B$3,6,1),1))+SUMIFS('Expense Log'!$K$5:$K$504,'Expense Log'!$D$5:$D$504,"Payroll Software",'Expense Log'!$A$5:$A$504,">="&DATE($B$3,6,1),'Expense Log'!$A$5:$A$504,"<"&EDATE(DATE($B$3,6,1),1))+SUMIFS('Expense Log'!$K$5:$K$504,'Expense Log'!$D$5:$D$504,"Email / Phone Software",'Expense Log'!$A$5:$A$504,">="&DATE($B$3,6,1),'Expense Log'!$A$5:$A$504,"<"&EDATE(DATE($B$3,6,1),1))+SUMIFS('Expense Log'!$K$5:$K$504,'Expense Log'!$D$5:$D$504,"Cloud Storage",'Expense Log'!$A$5:$A$504,">="&DATE($B$3,6,1),'Expense Log'!$A$5:$A$504,"<"&EDATE(DATE($B$3,6,1),1))+SUMIFS('Expense Log'!$K$5:$K$504,'Expense Log'!$D$5:$D$504,"Website Hosting",'Expense Log'!$A$5:$A$504,">="&DATE($B$3,6,1),'Expense Log'!$A$5:$A$504,"<"&EDATE(DATE($B$3,6,1),1))+SUMIFS('Expense Log'!$K$5:$K$504,'Expense Log'!$D$5:$D$504,"Other Software",'Expense Log'!$A$5:$A$504,">="&DATE($B$3,6,1),'Expense Log'!$A$5:$A$504,"<"&EDATE(DATE($B$3,6,1),1)) | H12: =SUMIFS('Expense Log'!$K$5:$K$504,'Expense Log'!$D$5:$D$504,"TidyOps / Operations Software",'Expense Log'!$A$5:$A$504,">="&DATE($B$3,7,1),'Expense Log'!$A$5:$A$504,"<"&EDATE(DATE($B$3,7,1),1))+SUMIFS('Expense Log'!$K$5:$K$504,'Expense Log'!$D$5:$D$504,"Accounting Software",'Expense Log'!$A$5:$A$504,">="&DATE($B$3,7,1),'Expense Log'!$A$5:$A$504,"<"&EDATE(DATE($B$3,7,1),1))+SUMIFS('Expense Log'!$K$5:$K$504,'Expense Log'!$D$5:$D$504,"Payroll Software",'Expense Log'!$A$5:$A$504,">="&DATE($B$3,7,1),'Expense Log'!$A$5:$A$504,"<"&EDATE(DATE($B$3,7,1),1))+SUMIFS('Expense Log'!$K$5:$K$504,'Expense Log'!$D$5:$D$504,"Email / Phone Software",'Expense Log'!$A$5:$A$504,">="&DATE($B$3,7,1),'Expense Log'!$A$5:$A$504,"<"&EDATE(DATE($B$3,7,1),1))+SUMIFS('Expense Log'!$K$5:$K$504,'Expense Log'!$D$5:$D$504,"Cloud Storage",'Expense Log'!$A$5:$A$504,">="&DATE($B$3,7,1),'Expense Log'!$A$5:$A$504,"<"&EDATE(DATE($B$3,7,1),1))+SUMIFS('Expense Log'!$K$5:$K$504,'Expense Log'!$D$5:$D$504,"Website Hosting",'Expense Log'!$A$5:$A$504,">="&DATE($B$3,7,1),'Expense Log'!$A$5:$A$504,"<"&EDATE(DATE($B$3,7,1),1))+SUMIFS('Expense Log'!$K$5:$K$504,'Expense Log'!$D$5:$D$504,"Other Software",'Expense Log'!$A$5:$A$504,">="&DATE($B$3,7,1),'Expense Log'!$A$5:$A$504,"<"&EDATE(DATE($B$3,7,1),1)) | I12: =SUMIFS('Expense Log'!$K$5:$K$504,'Expense Log'!$D$5:$D$504,"TidyOps / Operations Software",'Expense Log'!$A$5:$A$504,">="&DATE($B$3,8,1),'Expense Log'!$A$5:$A$504,"<"&EDATE(DATE($B$3,8,1),1))+SUMIFS('Expense Log'!$K$5:$K$504,'Expense Log'!$D$5:$D$504,"Accounting Software",'Expense Log'!$A$5:$A$504,">="&DATE($B$3,8,1),'Expense Log'!$A$5:$A$504,"<"&EDATE(DATE($B$3,8,1),1))+SUMIFS('Expense Log'!$K$5:$K$504,'Expense Log'!$D$5:$D$504,"Payroll Software",'Expense Log'!$A$5:$A$504,">="&DATE($B$3,8,1),'Expense Log'!$A$5:$A$504,"<"&EDATE(DATE($B$3,8,1),1))+SUMIFS('Expense Log'!$K$5:$K$504,'Expense Log'!$D$5:$D$504,"Email / Phone Software",'Expense Log'!$A$5:$A$504,">="&DATE($B$3,8,1),'Expense Log'!$A$5:$A$504,"<"&EDATE(DATE($B$3,8,1),1))+SUMIFS('Expense Log'!$K$5:$K$504,'Expense Log'!$D$5:$D$504,"Cloud Storage",'Expense Log'!$A$5:$A$504,">="&DATE($B$3,8,1),'Expense Log'!$A$5:$A$504,"<"&EDATE(DATE($B$3,8,1),1))+SUMIFS('Expense Log'!$K$5:$K$504,'Expense Log'!$D$5:$D$504,"Website Hosting",'Expense Log'!$A$5:$A$504,">="&DATE($B$3,8,1),'Expense Log'!$A$5:$A$504,"<"&EDATE(DATE($B$3,8,1),1))+SUMIFS('Expense Log'!$K$5:$K$504,'Expense Log'!$D$5:$D$504,"Other Software",'Expense Log'!$A$5:$A$504,">="&DATE($B$3,8,1),'Expense Log'!$A$5:$A$504,"<"&EDATE(DATE($B$3,8,1),1)) | J12: =SUMIFS('Expense Log'!$K$5:$K$504,'Expense Log'!$D$5:$D$504,"TidyOps / Operations Software",'Expense Log'!$A$5:$A$504,">="&DATE($B$3,9,1),'Expense Log'!$A$5:$A$504,"<"&EDATE(DATE($B$3,9,1),1))+SUMIFS('Expense Log'!$K$5:$K$504,'Expense Log'!$D$5:$D$504,"Accounting Software",'Expense Log'!$A$5:$A$504,">="&DATE($B$3,9,1),'Expense Log'!$A$5:$A$504,"<"&EDATE(DATE($B$3,9,1),1))+SUMIFS('Expense Log'!$K$5:$K$504,'Expense Log'!$D$5:$D$504,"Payroll Software",'Expense Log'!$A$5:$A$504,">="&DATE($B$3,9,1),'Expense Log'!$A$5:$A$504,"<"&EDATE(DATE($B$3,9,1),1))+SUMIFS('Expense Log'!$K$5:$K$504,'Expense Log'!$D$5:$D$504,"Email / Phone Software",'Expense Log'!$A$5:$A$504,">="&DATE($B$3,9,1),'Expense Log'!$A$5:$A$504,"<"&EDATE(DATE($B$3,9,1),1))+SUMIFS('Expense Log'!$K$5:$K$504,'Expense Log'!$D$5:$D$504,"Cloud Storage",'Expense Log'!$A$5:$A$504,">="&DATE($B$3,9,1),'Expense Log'!$A$5:$A$504,"<"&EDATE(DATE($B$3,9,1),1))+SUMIFS('Expense Log'!$K$5:$K$504,'Expense Log'!$D$5:$D$504,"Website Hosting",'Expense Log'!$A$5:$A$504,">="&DATE($B$3,9,1),'Expense Log'!$A$5:$A$504,"<"&EDATE(DATE($B$3,9,1),1))+SUMIFS('Expense Log'!$K$5:$K$504,'Expense Log'!$D$5:$D$504,"Other Software",'Expense Log'!$A$5:$A$504,">="&DATE($B$3,9,1),'Expense Log'!$A$5:$A$504,"<"&EDATE(DATE($B$3,9,1),1)) | K12: =SUMIFS('Expense Log'!$K$5:$K$504,'Expense Log'!$D$5:$D$504,"TidyOps / Operations Software",'Expense Log'!$A$5:$A$504,">="&DATE($B$3,10,1),'Expense Log'!$A$5:$A$504,"<"&EDATE(DATE($B$3,10,1),1))+SUMIFS('Expense Log'!$K$5:$K$504,'Expense Log'!$D$5:$D$504,"Accounting Software",'Expense Log'!$A$5:$A$504,">="&DATE($B$3,10,1),'Expense Log'!$A$5:$A$504,"<"&EDATE(DATE($B$3,10,1),1))+SUMIFS('Expense Log'!$K$5:$K$504,'Expense Log'!$D$5:$D$504,"Payroll Software",'Expense Log'!$A$5:$A$504,">="&DATE($B$3,10,1),'Expense Log'!$A$5:$A$504,"<"&EDATE(DATE($B$3,10,1),1))+SUMIFS('Expense Log'!$K$5:$K$504,'Expense Log'!$D$5:$D$504,"Email / Phone Software",'Expense Log'!$A$5:$A$504,">="&DATE($B$3,10,1),'Expense Log'!$A$5:$A$504,"<"&EDATE(DATE($B$3,10,1),1))+SUMIFS('Expense Log'!$K$5:$K$504,'Expense Log'!$D$5:$D$504,"Cloud Storage",'Expense Log'!$A$5:$A$504,">="&DATE($B$3,10,1),'Expense Log'!$A$5:$A$504,"<"&EDATE(DATE($B$3,10,1),1))+SUMIFS('Expense Log'!$K$5:$K$504,'Expense Log'!$D$5:$D$504,"Website Hosting",'Expense Log'!$A$5:$A$504,">="&DATE($B$3,10,1),'Expense Log'!$A$5:$A$504,"<"&EDATE(DATE($B$3,10,1),1))+SUMIFS('Expense Log'!$K$5:$K$504,'Expense Log'!$D$5:$D$504,"Other Software",'Expense Log'!$A$5:$A$504,">="&DATE($B$3,10,1),'Expense Log'!$A$5:$A$504,"<"&EDATE(DATE($B$3,10,1),1)) | L12: =SUMIFS('Expense Log'!$K$5:$K$504,'Expense Log'!$D$5:$D$504,"TidyOps / Operations Software",'Expense Log'!$A$5:$A$504,">="&DATE($B$3,11,1),'Expense Log'!$A$5:$A$504,"<"&EDATE(DATE($B$3,11,1),1))+SUMIFS('Expense Log'!$K$5:$K$504,'Expense Log'!$D$5:$D$504,"Accounting Software",'Expense Log'!$A$5:$A$504,">="&DATE($B$3,11,1),'Expense Log'!$A$5:$A$504,"<"&EDATE(DATE($B$3,11,1),1))+SUMIFS('Expense Log'!$K$5:$K$504,'Expense Log'!$D$5:$D$504,"Payroll Software",'Expense Log'!$A$5:$A$504,">="&DATE($B$3,11,1),'Expense Log'!$A$5:$A$504,"<"&EDATE(DATE($B$3,11,1),1))+SUMIFS('Expense Log'!$K$5:$K$504,'Expense Log'!$D$5:$D$504,"Email / Phone Software",'Expense Log'!$A$5:$A$504,">="&DATE($B$3,11,1),'Expense Log'!$A$5:$A$504,"<"&EDATE(DATE($B$3,11,1),1))+SUMIFS('Expense Log'!$K$5:$K$504,'Expense Log'!$D$5:$D$504,"Cloud Storage",'Expense Log'!$A$5:$A$504,">="&DATE($B$3,11,1),'Expense Log'!$A$5:$A$504,"<"&EDATE(DATE($B$3,11,1),1))+SUMIFS('Expense Log'!$K$5:$K$504,'Expense Log'!$D$5:$D$504,"Website Hosting",'Expense Log'!$A$5:$A$504,">="&DATE($B$3,11,1),'Expense Log'!$A$5:$A$504,"<"&EDATE(DATE($B$3,11,1),1))+SUMIFS('Expense Log'!$K$5:$K$504,'Expense Log'!$D$5:$D$504,"Other Software",'Expense Log'!$A$5:$A$504,">="&DATE($B$3,11,1),'Expense Log'!$A$5:$A$504,"<"&EDATE(DATE($B$3,11,1),1)) | M12: =SUMIFS('Expense Log'!$K$5:$K$504,'Expense Log'!$D$5:$D$504,"TidyOps / Operations Software",'Expense Log'!$A$5:$A$504,">="&DATE($B$3,12,1),'Expense Log'!$A$5:$A$504,"<"&EDATE(DATE($B$3,12,1),1))+SUMIFS('Expense Log'!$K$5:$K$504,'Expense Log'!$D$5:$D$504,"Accounting Software",'Expense Log'!$A$5:$A$504,">="&DATE($B$3,12,1),'Expense Log'!$A$5:$A$504,"<"&EDATE(DATE($B$3,12,1),1))+SUMIFS('Expense Log'!$K$5:$K$504,'Expense Log'!$D$5:$D$504,"Payroll Software",'Expense Log'!$A$5:$A$504,">="&DATE($B$3,12,1),'Expense Log'!$A$5:$A$504,"<"&EDATE(DATE($B$3,12,1),1))+SUMIFS('Expense Log'!$K$5:$K$504,'Expense Log'!$D$5:$D$504,"Email / Phone Software",'Expense Log'!$A$5:$A$504,">="&DATE($B$3,12,1),'Expense Log'!$A$5:$A$504,"<"&EDATE(DATE($B$3,12,1),1))+SUMIFS('Expense Log'!$K$5:$K$504,'Expense Log'!$D$5:$D$504,"Cloud Storage",'Expense Log'!$A$5:$A$504,">="&DATE($B$3,12,1),'Expense Log'!$A$5:$A$504,"<"&EDATE(DATE($B$3,12,1),1))+SUMIFS('Expense Log'!$K$5:$K$504,'Expense Log'!$D$5:$D$504,"Website Hosting",'Expense Log'!$A$5:$A$504,">="&DATE($B$3,12,1),'Expense Log'!$A$5:$A$504,"<"&EDATE(DATE($B$3,12,1),1))+SUMIFS('Expense Log'!$K$5:$K$504,'Expense Log'!$D$5:$D$504,"Other Software",'Expense Log'!$A$5:$A$504,">="&DATE($B$3,12,1),'Expense Log'!$A$5:$A$504,"<"&EDATE(DATE($B$3,12,1),1)) | N12: =SUM(B12:M12)
A13: Office & Admin | B13: =SUMIFS('Expense Log'!$K$5:$K$504,'Expense Log'!$D$5:$D$504,"Office Supplies",'Expense Log'!$A$5:$A$504,">="&DATE($B$3,1,1),'Expense Log'!$A$5:$A$504,"<"&EDATE(DATE($B$3,1,1),1))+SUMIFS('Expense Log'!$K$5:$K$504,'Expense Log'!$D$5:$D$504,"Rent",'Expense Log'!$A$5:$A$504,">="&DATE($B$3,1,1),'Expense Log'!$A$5:$A$504,"<"&EDATE(DATE($B$3,1,1),1))+SUMIFS('Expense Log'!$K$5:$K$504,'Expense Log'!$D$5:$D$504,"Utilities",'Expense Log'!$A$5:$A$504,">="&DATE($B$3,1,1),'Expense Log'!$A$5:$A$504,"<"&EDATE(DATE($B$3,1,1),1))+SUMIFS('Expense Log'!$K$5:$K$504,'Expense Log'!$D$5:$D$504,"Phone / Internet",'Expense Log'!$A$5:$A$504,">="&DATE($B$3,1,1),'Expense Log'!$A$5:$A$504,"<"&EDATE(DATE($B$3,1,1),1))+SUMIFS('Expense Log'!$K$5:$K$504,'Expense Log'!$D$5:$D$504,"Postage",'Expense Log'!$A$5:$A$504,">="&DATE($B$3,1,1),'Expense Log'!$A$5:$A$504,"<"&EDATE(DATE($B$3,1,1),1))+SUMIFS('Expense Log'!$K$5:$K$504,'Expense Log'!$D$5:$D$504,"Printing",'Expense Log'!$A$5:$A$504,">="&DATE($B$3,1,1),'Expense Log'!$A$5:$A$504,"<"&EDATE(DATE($B$3,1,1),1))+SUMIFS('Expense Log'!$K$5:$K$504,'Expense Log'!$D$5:$D$504,"Bank Fees",'Expense Log'!$A$5:$A$504,">="&DATE($B$3,1,1),'Expense Log'!$A$5:$A$504,"<"&EDATE(DATE($B$3,1,1),1)) | C13: =SUMIFS('Expense Log'!$K$5:$K$504,'Expense Log'!$D$5:$D$504,"Office Supplies",'Expense Log'!$A$5:$A$504,">="&DATE($B$3,2,1),'Expense Log'!$A$5:$A$504,"<"&EDATE(DATE($B$3,2,1),1))+SUMIFS('Expense Log'!$K$5:$K$504,'Expense Log'!$D$5:$D$504,"Rent",'Expense Log'!$A$5:$A$504,">="&DATE($B$3,2,1),'Expense Log'!$A$5:$A$504,"<"&EDATE(DATE($B$3,2,1),1))+SUMIFS('Expense Log'!$K$5:$K$504,'Expense Log'!$D$5:$D$504,"Utilities",'Expense Log'!$A$5:$A$504,">="&DATE($B$3,2,1),'Expense Log'!$A$5:$A$504,"<"&EDATE(DATE($B$3,2,1),1))+SUMIFS('Expense Log'!$K$5:$K$504,'Expense Log'!$D$5:$D$504,"Phone / Internet",'Expense Log'!$A$5:$A$504,">="&DATE($B$3,2,1),'Expense Log'!$A$5:$A$504,"<"&EDATE(DATE($B$3,2,1),1))+SUMIFS('Expense Log'!$K$5:$K$504,'Expense Log'!$D$5:$D$504,"Postage",'Expense Log'!$A$5:$A$504,">="&DATE($B$3,2,1),'Expense Log'!$A$5:$A$504,"<"&EDATE(DATE($B$3,2,1),1))+SUMIFS('Expense Log'!$K$5:$K$504,'Expense Log'!$D$5:$D$504,"Printing",'Expense Log'!$A$5:$A$504,">="&DATE($B$3,2,1),'Expense Log'!$A$5:$A$504,"<"&EDATE(DATE($B$3,2,1),1))+SUMIFS('Expense Log'!$K$5:$K$504,'Expense Log'!$D$5:$D$504,"Bank Fees",'Expense Log'!$A$5:$A$504,">="&DATE($B$3,2,1),'Expense Log'!$A$5:$A$504,"<"&EDATE(DATE($B$3,2,1),1)) | D13: =SUMIFS('Expense Log'!$K$5:$K$504,'Expense Log'!$D$5:$D$504,"Office Supplies",'Expense Log'!$A$5:$A$504,">="&DATE($B$3,3,1),'Expense Log'!$A$5:$A$504,"<"&EDATE(DATE($B$3,3,1),1))+SUMIFS('Expense Log'!$K$5:$K$504,'Expense Log'!$D$5:$D$504,"Rent",'Expense Log'!$A$5:$A$504,">="&DATE($B$3,3,1),'Expense Log'!$A$5:$A$504,"<"&EDATE(DATE($B$3,3,1),1))+SUMIFS('Expense Log'!$K$5:$K$504,'Expense Log'!$D$5:$D$504,"Utilities",'Expense Log'!$A$5:$A$504,">="&DATE($B$3,3,1),'Expense Log'!$A$5:$A$504,"<"&EDATE(DATE($B$3,3,1),1))+SUMIFS('Expense Log'!$K$5:$K$504,'Expense Log'!$D$5:$D$504,"Phone / Internet",'Expense Log'!$A$5:$A$504,">="&DATE($B$3,3,1),'Expense Log'!$A$5:$A$504,"<"&EDATE(DATE($B$3,3,1),1))+SUMIFS('Expense Log'!$K$5:$K$504,'Expense Log'!$D$5:$D$504,"Postage",'Expense Log'!$A$5:$A$504,">="&DATE($B$3,3,1),'Expense Log'!$A$5:$A$504,"<"&EDATE(DATE($B$3,3,1),1))+SUMIFS('Expense Log'!$K$5:$K$504,'Expense Log'!$D$5:$D$504,"Printing",'Expense Log'!$A$5:$A$504,">="&DATE($B$3,3,1),'Expense Log'!$A$5:$A$504,"<"&EDATE(DATE($B$3,3,1),1))+SUMIFS('Expense Log'!$K$5:$K$504,'Expense Log'!$D$5:$D$504,"Bank Fees",'Expense Log'!$A$5:$A$504,">="&DATE($B$3,3,1),'Expense Log'!$A$5:$A$504,"<"&EDATE(DATE($B$3,3,1),1)) | E13: =SUMIFS('Expense Log'!$K$5:$K$504,'Expense Log'!$D$5:$D$504,"Office Supplies",'Expense Log'!$A$5:$A$504,">="&DATE($B$3,4,1),'Expense Log'!$A$5:$A$504,"<"&EDATE(DATE($B$3,4,1),1))+SUMIFS('Expense Log'!$K$5:$K$504,'Expense Log'!$D$5:$D$504,"Rent",'Expense Log'!$A$5:$A$504,">="&DATE($B$3,4,1),'Expense Log'!$A$5:$A$504,"<"&EDATE(DATE($B$3,4,1),1))+SUMIFS('Expense Log'!$K$5:$K$504,'Expense Log'!$D$5:$D$504,"Utilities",'Expense Log'!$A$5:$A$504,">="&DATE($B$3,4,1),'Expense Log'!$A$5:$A$504,"<"&EDATE(DATE($B$3,4,1),1))+SUMIFS('Expense Log'!$K$5:$K$504,'Expense Log'!$D$5:$D$504,"Phone / Internet",'Expense Log'!$A$5:$A$504,">="&DATE($B$3,4,1),'Expense Log'!$A$5:$A$504,"<"&EDATE(DATE($B$3,4,1),1))+SUMIFS('Expense Log'!$K$5:$K$504,'Expense Log'!$D$5:$D$504,"Postage",'Expense Log'!$A$5:$A$504,">="&DATE($B$3,4,1),'Expense Log'!$A$5:$A$504,"<"&EDATE(DATE($B$3,4,1),1))+SUMIFS('Expense Log'!$K$5:$K$504,'Expense Log'!$D$5:$D$504,"Printing",'Expense Log'!$A$5:$A$504,">="&DATE($B$3,4,1),'Expense Log'!$A$5:$A$504,"<"&EDATE(DATE($B$3,4,1),1))+SUMIFS('Expense Log'!$K$5:$K$504,'Expense Log'!$D$5:$D$504,"Bank Fees",'Expense Log'!$A$5:$A$504,">="&DATE($B$3,4,1),'Expense Log'!$A$5:$A$504,"<"&EDATE(DATE($B$3,4,1),1)) | F13: =SUMIFS('Expense Log'!$K$5:$K$504,'Expense Log'!$D$5:$D$504,"Office Supplies",'Expense Log'!$A$5:$A$504,">="&DATE($B$3,5,1),'Expense Log'!$A$5:$A$504,"<"&EDATE(DATE($B$3,5,1),1))+SUMIFS('Expense Log'!$K$5:$K$504,'Expense Log'!$D$5:$D$504,"Rent",'Expense Log'!$A$5:$A$504,">="&DATE($B$3,5,1),'Expense Log'!$A$5:$A$504,"<"&EDATE(DATE($B$3,5,1),1))+SUMIFS('Expense Log'!$K$5:$K$504,'Expense Log'!$D$5:$D$504,"Utilities",'Expense Log'!$A$5:$A$504,">="&DATE($B$3,5,1),'Expense Log'!$A$5:$A$504,"<"&EDATE(DATE($B$3,5,1),1))+SUMIFS('Expense Log'!$K$5:$K$504,'Expense Log'!$D$5:$D$504,"Phone / Internet",'Expense Log'!$A$5:$A$504,">="&DATE($B$3,5,1),'Expense Log'!$A$5:$A$504,"<"&EDATE(DATE($B$3,5,1),1))+SUMIFS('Expense Log'!$K$5:$K$504,'Expense Log'!$D$5:$D$504,"Postage",'Expense Log'!$A$5:$A$504,">="&DATE($B$3,5,1),'Expense Log'!$A$5:$A$504,"<"&EDATE(DATE($B$3,5,1),1))+SUMIFS('Expense Log'!$K$5:$K$504,'Expense Log'!$D$5:$D$504,"Printing",'Expense Log'!$A$5:$A$504,">="&DATE($B$3,5,1),'Expense Log'!$A$5:$A$504,"<"&EDATE(DATE($B$3,5,1),1))+SUMIFS('Expense Log'!$K$5:$K$504,'Expense Log'!$D$5:$D$504,"Bank Fees",'Expense Log'!$A$5:$A$504,">="&DATE($B$3,5,1),'Expense Log'!$A$5:$A$504,"<"&EDATE(DATE($B$3,5,1),1)) | G13: =SUMIFS('Expense Log'!$K$5:$K$504,'Expense Log'!$D$5:$D$504,"Office Supplies",'Expense Log'!$A$5:$A$504,">="&DATE($B$3,6,1),'Expense Log'!$A$5:$A$504,"<"&EDATE(DATE($B$3,6,1),1))+SUMIFS('Expense Log'!$K$5:$K$504,'Expense Log'!$D$5:$D$504,"Rent",'Expense Log'!$A$5:$A$504,">="&DATE($B$3,6,1),'Expense Log'!$A$5:$A$504,"<"&EDATE(DATE($B$3,6,1),1))+SUMIFS('Expense Log'!$K$5:$K$504,'Expense Log'!$D$5:$D$504,"Utilities",'Expense Log'!$A$5:$A$504,">="&DATE($B$3,6,1),'Expense Log'!$A$5:$A$504,"<"&EDATE(DATE($B$3,6,1),1))+SUMIFS('Expense Log'!$K$5:$K$504,'Expense Log'!$D$5:$D$504,"Phone / Internet",'Expense Log'!$A$5:$A$504,">="&DATE($B$3,6,1),'Expense Log'!$A$5:$A$504,"<"&EDATE(DATE($B$3,6,1),1))+SUMIFS('Expense Log'!$K$5:$K$504,'Expense Log'!$D$5:$D$504,"Postage",'Expense Log'!$A$5:$A$504,">="&DATE($B$3,6,1),'Expense Log'!$A$5:$A$504,"<"&EDATE(DATE($B$3,6,1),1))+SUMIFS('Expense Log'!$K$5:$K$504,'Expense Log'!$D$5:$D$504,"Printing",'Expense Log'!$A$5:$A$504,">="&DATE($B$3,6,1),'Expense Log'!$A$5:$A$504,"<"&EDATE(DATE($B$3,6,1),1))+SUMIFS('Expense Log'!$K$5:$K$504,'Expense Log'!$D$5:$D$504,"Bank Fees",'Expense Log'!$A$5:$A$504,">="&DATE($B$3,6,1),'Expense Log'!$A$5:$A$504,"<"&EDATE(DATE($B$3,6,1),1)) | H13: =SUMIFS('Expense Log'!$K$5:$K$504,'Expense Log'!$D$5:$D$504,"Office Supplies",'Expense Log'!$A$5:$A$504,">="&DATE($B$3,7,1),'Expense Log'!$A$5:$A$504,"<"&EDATE(DATE($B$3,7,1),1))+SUMIFS('Expense Log'!$K$5:$K$504,'Expense Log'!$D$5:$D$504,"Rent",'Expense Log'!$A$5:$A$504,">="&DATE($B$3,7,1),'Expense Log'!$A$5:$A$504,"<"&EDATE(DATE($B$3,7,1),1))+SUMIFS('Expense Log'!$K$5:$K$504,'Expense Log'!$D$5:$D$504,"Utilities",'Expense Log'!$A$5:$A$504,">="&DATE($B$3,7,1),'Expense Log'!$A$5:$A$504,"<"&EDATE(DATE($B$3,7,1),1))+SUMIFS('Expense Log'!$K$5:$K$504,'Expense Log'!$D$5:$D$504,"Phone / Internet",'Expense Log'!$A$5:$A$504,">="&DATE($B$3,7,1),'Expense Log'!$A$5:$A$504,"<"&EDATE(DATE($B$3,7,1),1))+SUMIFS('Expense Log'!$K$5:$K$504,'Expense Log'!$D$5:$D$504,"Postage",'Expense Log'!$A$5:$A$504,">="&DATE($B$3,7,1),'Expense Log'!$A$5:$A$504,"<"&EDATE(DATE($B$3,7,1),1))+SUMIFS('Expense Log'!$K$5:$K$504,'Expense Log'!$D$5:$D$504,"Printing",'Expense Log'!$A$5:$A$504,">="&DATE($B$3,7,1),'Expense Log'!$A$5:$A$504,"<"&EDATE(DATE($B$3,7,1),1))+SUMIFS('Expense Log'!$K$5:$K$504,'Expense Log'!$D$5:$D$504,"Bank Fees",'Expense Log'!$A$5:$A$504,">="&DATE($B$3,7,1),'Expense Log'!$A$5:$A$504,"<"&EDATE(DATE($B$3,7,1),1)) | I13: =SUMIFS('Expense Log'!$K$5:$K$504,'Expense Log'!$D$5:$D$504,"Office Supplies",'Expense Log'!$A$5:$A$504,">="&DATE($B$3,8,1),'Expense Log'!$A$5:$A$504,"<"&EDATE(DATE($B$3,8,1),1))+SUMIFS('Expense Log'!$K$5:$K$504,'Expense Log'!$D$5:$D$504,"Rent",'Expense Log'!$A$5:$A$504,">="&DATE($B$3,8,1),'Expense Log'!$A$5:$A$504,"<"&EDATE(DATE($B$3,8,1),1))+SUMIFS('Expense Log'!$K$5:$K$504,'Expense Log'!$D$5:$D$504,"Utilities",'Expense Log'!$A$5:$A$504,">="&DATE($B$3,8,1),'Expense Log'!$A$5:$A$504,"<"&EDATE(DATE($B$3,8,1),1))+SUMIFS('Expense Log'!$K$5:$K$504,'Expense Log'!$D$5:$D$504,"Phone / Internet",'Expense Log'!$A$5:$A$504,">="&DATE($B$3,8,1),'Expense Log'!$A$5:$A$504,"<"&EDATE(DATE($B$3,8,1),1))+SUMIFS('Expense Log'!$K$5:$K$504,'Expense Log'!$D$5:$D$504,"Postage",'Expense Log'!$A$5:$A$504,">="&DATE($B$3,8,1),'Expense Log'!$A$5:$A$504,"<"&EDATE(DATE($B$3,8,1),1))+SUMIFS('Expense Log'!$K$5:$K$504,'Expense Log'!$D$5:$D$504,"Printing",'Expense Log'!$A$5:$A$504,">="&DATE($B$3,8,1),'Expense Log'!$A$5:$A$504,"<"&EDATE(DATE($B$3,8,1),1))+SUMIFS('Expense Log'!$K$5:$K$504,'Expense Log'!$D$5:$D$504,"Bank Fees",'Expense Log'!$A$5:$A$504,">="&DATE($B$3,8,1),'Expense Log'!$A$5:$A$504,"<"&EDATE(DATE($B$3,8,1),1)) | J13: =SUMIFS('Expense Log'!$K$5:$K$504,'Expense Log'!$D$5:$D$504,"Office Supplies",'Expense Log'!$A$5:$A$504,">="&DATE($B$3,9,1),'Expense Log'!$A$5:$A$504,"<"&EDATE(DATE($B$3,9,1),1))+SUMIFS('Expense Log'!$K$5:$K$504,'Expense Log'!$D$5:$D$504,"Rent",'Expense Log'!$A$5:$A$504,">="&DATE($B$3,9,1),'Expense Log'!$A$5:$A$504,"<"&EDATE(DATE($B$3,9,1),1))+SUMIFS('Expense Log'!$K$5:$K$504,'Expense Log'!$D$5:$D$504,"Utilities",'Expense Log'!$A$5:$A$504,">="&DATE($B$3,9,1),'Expense Log'!$A$5:$A$504,"<"&EDATE(DATE($B$3,9,1),1))+SUMIFS('Expense Log'!$K$5:$K$504,'Expense Log'!$D$5:$D$504,"Phone / Internet",'Expense Log'!$A$5:$A$504,">="&DATE($B$3,9,1),'Expense Log'!$A$5:$A$504,"<"&EDATE(DATE($B$3,9,1),1))+SUMIFS('Expense Log'!$K$5:$K$504,'Expense Log'!$D$5:$D$504,"Postage",'Expense Log'!$A$5:$A$504,">="&DATE($B$3,9,1),'Expense Log'!$A$5:$A$504,"<"&EDATE(DATE($B$3,9,1),1))+SUMIFS('Expense Log'!$K$5:$K$504,'Expense Log'!$D$5:$D$504,"Printing",'Expense Log'!$A$5:$A$504,">="&DATE($B$3,9,1),'Expense Log'!$A$5:$A$504,"<"&EDATE(DATE($B$3,9,1),1))+SUMIFS('Expense Log'!$K$5:$K$504,'Expense Log'!$D$5:$D$504,"Bank Fees",'Expense Log'!$A$5:$A$504,">="&DATE($B$3,9,1),'Expense Log'!$A$5:$A$504,"<"&EDATE(DATE($B$3,9,1),1)) | K13: =SUMIFS('Expense Log'!$K$5:$K$504,'Expense Log'!$D$5:$D$504,"Office Supplies",'Expense Log'!$A$5:$A$504,">="&DATE($B$3,10,1),'Expense Log'!$A$5:$A$504,"<"&EDATE(DATE($B$3,10,1),1))+SUMIFS('Expense Log'!$K$5:$K$504,'Expense Log'!$D$5:$D$504,"Rent",'Expense Log'!$A$5:$A$504,">="&DATE($B$3,10,1),'Expense Log'!$A$5:$A$504,"<"&EDATE(DATE($B$3,10,1),1))+SUMIFS('Expense Log'!$K$5:$K$504,'Expense Log'!$D$5:$D$504,"Utilities",'Expense Log'!$A$5:$A$504,">="&DATE($B$3,10,1),'Expense Log'!$A$5:$A$504,"<"&EDATE(DATE($B$3,10,1),1))+SUMIFS('Expense Log'!$K$5:$K$504,'Expense Log'!$D$5:$D$504,"Phone / Internet",'Expense Log'!$A$5:$A$504,">="&DATE($B$3,10,1),'Expense Log'!$A$5:$A$504,"<"&EDATE(DATE($B$3,10,1),1))+SUMIFS('Expense Log'!$K$5:$K$504,'Expense Log'!$D$5:$D$504,"Postage",'Expense Log'!$A$5:$A$504,">="&DATE($B$3,10,1),'Expense Log'!$A$5:$A$504,"<"&EDATE(DATE($B$3,10,1),1))+SUMIFS('Expense Log'!$K$5:$K$504,'Expense Log'!$D$5:$D$504,"Printing",'Expense Log'!$A$5:$A$504,">="&DATE($B$3,10,1),'Expense Log'!$A$5:$A$504,"<"&EDATE(DATE($B$3,10,1),1))+SUMIFS('Expense Log'!$K$5:$K$504,'Expense Log'!$D$5:$D$504,"Bank Fees",'Expense Log'!$A$5:$A$504,">="&DATE($B$3,10,1),'Expense Log'!$A$5:$A$504,"<"&EDATE(DATE($B$3,10,1),1)) | L13: =SUMIFS('Expense Log'!$K$5:$K$504,'Expense Log'!$D$5:$D$504,"Office Supplies",'Expense Log'!$A$5:$A$504,">="&DATE($B$3,11,1),'Expense Log'!$A$5:$A$504,"<"&EDATE(DATE($B$3,11,1),1))+SUMIFS('Expense Log'!$K$5:$K$504,'Expense Log'!$D$5:$D$504,"Rent",'Expense Log'!$A$5:$A$504,">="&DATE($B$3,11,1),'Expense Log'!$A$5:$A$504,"<"&EDATE(DATE($B$3,11,1),1))+SUMIFS('Expense Log'!$K$5:$K$504,'Expense Log'!$D$5:$D$504,"Utilities",'Expense Log'!$A$5:$A$504,">="&DATE($B$3,11,1),'Expense Log'!$A$5:$A$504,"<"&EDATE(DATE($B$3,11,1),1))+SUMIFS('Expense Log'!$K$5:$K$504,'Expense Log'!$D$5:$D$504,"Phone / Internet",'Expense Log'!$A$5:$A$504,">="&DATE($B$3,11,1),'Expense Log'!$A$5:$A$504,"<"&EDATE(DATE($B$3,11,1),1))+SUMIFS('Expense Log'!$K$5:$K$504,'Expense Log'!$D$5:$D$504,"Postage",'Expense Log'!$A$5:$A$504,">="&DATE($B$3,11,1),'Expense Log'!$A$5:$A$504,"<"&EDATE(DATE($B$3,11,1),1))+SUMIFS('Expense Log'!$K$5:$K$504,'Expense Log'!$D$5:$D$504,"Printing",'Expense Log'!$A$5:$A$504,">="&DATE($B$3,11,1),'Expense Log'!$A$5:$A$504,"<"&EDATE(DATE($B$3,11,1),1))+SUMIFS('Expense Log'!$K$5:$K$504,'Expense Log'!$D$5:$D$504,"Bank Fees",'Expense Log'!$A$5:$A$504,">="&DATE($B$3,11,1),'Expense Log'!$A$5:$A$504,"<"&EDATE(DATE($B$3,11,1),1)) | M13: =SUMIFS('Expense Log'!$K$5:$K$504,'Expense Log'!$D$5:$D$504,"Office Supplies",'Expense Log'!$A$5:$A$504,">="&DATE($B$3,12,1),'Expense Log'!$A$5:$A$504,"<"&EDATE(DATE($B$3,12,1),1))+SUMIFS('Expense Log'!$K$5:$K$504,'Expense Log'!$D$5:$D$504,"Rent",'Expense Log'!$A$5:$A$504,">="&DATE($B$3,12,1),'Expense Log'!$A$5:$A$504,"<"&EDATE(DATE($B$3,12,1),1))+SUMIFS('Expense Log'!$K$5:$K$504,'Expense Log'!$D$5:$D$504,"Utilities",'Expense Log'!$A$5:$A$504,">="&DATE($B$3,12,1),'Expense Log'!$A$5:$A$504,"<"&EDATE(DATE($B$3,12,1),1))+SUMIFS('Expense Log'!$K$5:$K$504,'Expense Log'!$D$5:$D$504,"Phone / Internet",'Expense Log'!$A$5:$A$504,">="&DATE($B$3,12,1),'Expense Log'!$A$5:$A$504,"<"&EDATE(DATE($B$3,12,1),1))+SUMIFS('Expense Log'!$K$5:$K$504,'Expense Log'!$D$5:$D$504,"Postage",'Expense Log'!$A$5:$A$504,">="&DATE($B$3,12,1),'Expense Log'!$A$5:$A$504,"<"&EDATE(DATE($B$3,12,1),1))+SUMIFS('Expense Log'!$K$5:$K$504,'Expense Log'!$D$5:$D$504,"Printing",'Expense Log'!$A$5:$A$504,">="&DATE($B$3,12,1),'Expense Log'!$A$5:$A$504,"<"&EDATE(DATE($B$3,12,1),1))+SUMIFS('Expense Log'!$K$5:$K$504,'Expense Log'!$D$5:$D$504,"Bank Fees",'Expense Log'!$A$5:$A$504,">="&DATE($B$3,12,1),'Expense Log'!$A$5:$A$504,"<"&EDATE(DATE($B$3,12,1),1)) | N13: =SUM(B13:M13)
A14: Professional Services | B14: =SUMIFS('Expense Log'!$K$5:$K$504,'Expense Log'!$D$5:$D$504,"Bookkeeping",'Expense Log'!$A$5:$A$504,">="&DATE($B$3,1,1),'Expense Log'!$A$5:$A$504,"<"&EDATE(DATE($B$3,1,1),1))+SUMIFS('Expense Log'!$K$5:$K$504,'Expense Log'!$D$5:$D$504,"Accounting",'Expense Log'!$A$5:$A$504,">="&DATE($B$3,1,1),'Expense Log'!$A$5:$A$504,"<"&EDATE(DATE($B$3,1,1),1))+SUMIFS('Expense Log'!$K$5:$K$504,'Expense Log'!$D$5:$D$504,"Legal",'Expense Log'!$A$5:$A$504,">="&DATE($B$3,1,1),'Expense Log'!$A$5:$A$504,"<"&EDATE(DATE($B$3,1,1),1))+SUMIFS('Expense Log'!$K$5:$K$504,'Expense Log'!$D$5:$D$504,"HR / Payroll Services",'Expense Log'!$A$5:$A$504,">="&DATE($B$3,1,1),'Expense Log'!$A$5:$A$504,"<"&EDATE(DATE($B$3,1,1),1))+SUMIFS('Expense Log'!$K$5:$K$504,'Expense Log'!$D$5:$D$504,"Consulting",'Expense Log'!$A$5:$A$504,">="&DATE($B$3,1,1),'Expense Log'!$A$5:$A$504,"<"&EDATE(DATE($B$3,1,1),1))+SUMIFS('Expense Log'!$K$5:$K$504,'Expense Log'!$D$5:$D$504,"Insurance Broker",'Expense Log'!$A$5:$A$504,">="&DATE($B$3,1,1),'Expense Log'!$A$5:$A$504,"<"&EDATE(DATE($B$3,1,1),1))+SUMIFS('Expense Log'!$K$5:$K$504,'Expense Log'!$D$5:$D$504,"Other Professional Fees",'Expense Log'!$A$5:$A$504,">="&DATE($B$3,1,1),'Expense Log'!$A$5:$A$504,"<"&EDATE(DATE($B$3,1,1),1)) | C14: =SUMIFS('Expense Log'!$K$5:$K$504,'Expense Log'!$D$5:$D$504,"Bookkeeping",'Expense Log'!$A$5:$A$504,">="&DATE($B$3,2,1),'Expense Log'!$A$5:$A$504,"<"&EDATE(DATE($B$3,2,1),1))+SUMIFS('Expense Log'!$K$5:$K$504,'Expense Log'!$D$5:$D$504,"Accounting",'Expense Log'!$A$5:$A$504,">="&DATE($B$3,2,1),'Expense Log'!$A$5:$A$504,"<"&EDATE(DATE($B$3,2,1),1))+SUMIFS('Expense Log'!$K$5:$K$504,'Expense Log'!$D$5:$D$504,"Legal",'Expense Log'!$A$5:$A$504,">="&DATE($B$3,2,1),'Expense Log'!$A$5:$A$504,"<"&EDATE(DATE($B$3,2,1),1))+SUMIFS('Expense Log'!$K$5:$K$504,'Expense Log'!$D$5:$D$504,"HR / Payroll Services",'Expense Log'!$A$5:$A$504,">="&DATE($B$3,2,1),'Expense Log'!$A$5:$A$504,"<"&EDATE(DATE($B$3,2,1),1))+SUMIFS('Expense Log'!$K$5:$K$504,'Expense Log'!$D$5:$D$504,"Consulting",'Expense Log'!$A$5:$A$504,">="&DATE($B$3,2,1),'Expense Log'!$A$5:$A$504,"<"&EDATE(DATE($B$3,2,1),1))+SUMIFS('Expense Log'!$K$5:$K$504,'Expense Log'!$D$5:$D$504,"Insurance Broker",'Expense Log'!$A$5:$A$504,">="&DATE($B$3,2,1),'Expense Log'!$A$5:$A$504,"<"&EDATE(DATE($B$3,2,1),1))+SUMIFS('Expense Log'!$K$5:$K$504,'Expense Log'!$D$5:$D$504,"Other Professional Fees",'Expense Log'!$A$5:$A$504,">="&DATE($B$3,2,1),'Expense Log'!$A$5:$A$504,"<"&EDATE(DATE($B$3,2,1),1)) | D14: =SUMIFS('Expense Log'!$K$5:$K$504,'Expense Log'!$D$5:$D$504,"Bookkeeping",'Expense Log'!$A$5:$A$504,">="&DATE($B$3,3,1),'Expense Log'!$A$5:$A$504,"<"&EDATE(DATE($B$3,3,1),1))+SUMIFS('Expense Log'!$K$5:$K$504,'Expense Log'!$D$5:$D$504,"Accounting",'Expense Log'!$A$5:$A$504,">="&DATE($B$3,3,1),'Expense Log'!$A$5:$A$504,"<"&EDATE(DATE($B$3,3,1),1))+SUMIFS('Expense Log'!$K$5:$K$504,'Expense Log'!$D$5:$D$504,"Legal",'Expense Log'!$A$5:$A$504,">="&DATE($B$3,3,1),'Expense Log'!$A$5:$A$504,"<"&EDATE(DATE($B$3,3,1),1))+SUMIFS('Expense Log'!$K$5:$K$504,'Expense Log'!$D$5:$D$504,"HR / Payroll Services",'Expense Log'!$A$5:$A$504,">="&DATE($B$3,3,1),'Expense Log'!$A$5:$A$504,"<"&EDATE(DATE($B$3,3,1),1))+SUMIFS('Expense Log'!$K$5:$K$504,'Expense Log'!$D$5:$D$504,"Consulting",'Expense Log'!$A$5:$A$504,">="&DATE($B$3,3,1),'Expense Log'!$A$5:$A$504,"<"&EDATE(DATE($B$3,3,1),1))+SUMIFS('Expense Log'!$K$5:$K$504,'Expense Log'!$D$5:$D$504,"Insurance Broker",'Expense Log'!$A$5:$A$504,">="&DATE($B$3,3,1),'Expense Log'!$A$5:$A$504,"<"&EDATE(DATE($B$3,3,1),1))+SUMIFS('Expense Log'!$K$5:$K$504,'Expense Log'!$D$5:$D$504,"Other Professional Fees",'Expense Log'!$A$5:$A$504,">="&DATE($B$3,3,1),'Expense Log'!$A$5:$A$504,"<"&EDATE(DATE($B$3,3,1),1)) | E14: =SUMIFS('Expense Log'!$K$5:$K$504,'Expense Log'!$D$5:$D$504,"Bookkeeping",'Expense Log'!$A$5:$A$504,">="&DATE($B$3,4,1),'Expense Log'!$A$5:$A$504,"<"&EDATE(DATE($B$3,4,1),1))+SUMIFS('Expense Log'!$K$5:$K$504,'Expense Log'!$D$5:$D$504,"Accounting",'Expense Log'!$A$5:$A$504,">="&DATE($B$3,4,1),'Expense Log'!$A$5:$A$504,"<"&EDATE(DATE($B$3,4,1),1))+SUMIFS('Expense Log'!$K$5:$K$504,'Expense Log'!$D$5:$D$504,"Legal",'Expense Log'!$A$5:$A$504,">="&DATE($B$3,4,1),'Expense Log'!$A$5:$A$504,"<"&EDATE(DATE($B$3,4,1),1))+SUMIFS('Expense Log'!$K$5:$K$504,'Expense Log'!$D$5:$D$504,"HR / Payroll Services",'Expense Log'!$A$5:$A$504,">="&DATE($B$3,4,1),'Expense Log'!$A$5:$A$504,"<"&EDATE(DATE($B$3,4,1),1))+SUMIFS('Expense Log'!$K$5:$K$504,'Expense Log'!$D$5:$D$504,"Consulting",'Expense Log'!$A$5:$A$504,">="&DATE($B$3,4,1),'Expense Log'!$A$5:$A$504,"<"&EDATE(DATE($B$3,4,1),1))+SUMIFS('Expense Log'!$K$5:$K$504,'Expense Log'!$D$5:$D$504,"Insurance Broker",'Expense Log'!$A$5:$A$504,">="&DATE($B$3,4,1),'Expense Log'!$A$5:$A$504,"<"&EDATE(DATE($B$3,4,1),1))+SUMIFS('Expense Log'!$K$5:$K$504,'Expense Log'!$D$5:$D$504,"Other Professional Fees",'Expense Log'!$A$5:$A$504,">="&DATE($B$3,4,1),'Expense Log'!$A$5:$A$504,"<"&EDATE(DATE($B$3,4,1),1)) | F14: =SUMIFS('Expense Log'!$K$5:$K$504,'Expense Log'!$D$5:$D$504,"Bookkeeping",'Expense Log'!$A$5:$A$504,">="&DATE($B$3,5,1),'Expense Log'!$A$5:$A$504,"<"&EDATE(DATE($B$3,5,1),1))+SUMIFS('Expense Log'!$K$5:$K$504,'Expense Log'!$D$5:$D$504,"Accounting",'Expense Log'!$A$5:$A$504,">="&DATE($B$3,5,1),'Expense Log'!$A$5:$A$504,"<"&EDATE(DATE($B$3,5,1),1))+SUMIFS('Expense Log'!$K$5:$K$504,'Expense Log'!$D$5:$D$504,"Legal",'Expense Log'!$A$5:$A$504,">="&DATE($B$3,5,1),'Expense Log'!$A$5:$A$504,"<"&EDATE(DATE($B$3,5,1),1))+SUMIFS('Expense Log'!$K$5:$K$504,'Expense Log'!$D$5:$D$504,"HR / Payroll Services",'Expense Log'!$A$5:$A$504,">="&DATE($B$3,5,1),'Expense Log'!$A$5:$A$504,"<"&EDATE(DATE($B$3,5,1),1))+SUMIFS('Expense Log'!$K$5:$K$504,'Expense Log'!$D$5:$D$504,"Consulting",'Expense Log'!$A$5:$A$504,">="&DATE($B$3,5,1),'Expense Log'!$A$5:$A$504,"<"&EDATE(DATE($B$3,5,1),1))+SUMIFS('Expense Log'!$K$5:$K$504,'Expense Log'!$D$5:$D$504,"Insurance Broker",'Expense Log'!$A$5:$A$504,">="&DATE($B$3,5,1),'Expense Log'!$A$5:$A$504,"<"&EDATE(DATE($B$3,5,1),1))+SUMIFS('Expense Log'!$K$5:$K$504,'Expense Log'!$D$5:$D$504,"Other Professional Fees",'Expense Log'!$A$5:$A$504,">="&DATE($B$3,5,1),'Expense Log'!$A$5:$A$504,"<"&EDATE(DATE($B$3,5,1),1)) | G14: =SUMIFS('Expense Log'!$K$5:$K$504,'Expense Log'!$D$5:$D$504,"Bookkeeping",'Expense Log'!$A$5:$A$504,">="&DATE($B$3,6,1),'Expense Log'!$A$5:$A$504,"<"&EDATE(DATE($B$3,6,1),1))+SUMIFS('Expense Log'!$K$5:$K$504,'Expense Log'!$D$5:$D$504,"Accounting",'Expense Log'!$A$5:$A$504,">="&DATE($B$3,6,1),'Expense Log'!$A$5:$A$504,"<"&EDATE(DATE($B$3,6,1),1))+SUMIFS('Expense Log'!$K$5:$K$504,'Expense Log'!$D$5:$D$504,"Legal",'Expense Log'!$A$5:$A$504,">="&DATE($B$3,6,1),'Expense Log'!$A$5:$A$504,"<"&EDATE(DATE($B$3,6,1),1))+SUMIFS('Expense Log'!$K$5:$K$504,'Expense Log'!$D$5:$D$504,"HR / Payroll Services",'Expense Log'!$A$5:$A$504,">="&DATE($B$3,6,1),'Expense Log'!$A$5:$A$504,"<"&EDATE(DATE($B$3,6,1),1))+SUMIFS('Expense Log'!$K$5:$K$504,'Expense Log'!$D$5:$D$504,"Consulting",'Expense Log'!$A$5:$A$504,">="&DATE($B$3,6,1),'Expense Log'!$A$5:$A$504,"<"&EDATE(DATE($B$3,6,1),1))+SUMIFS('Expense Log'!$K$5:$K$504,'Expense Log'!$D$5:$D$504,"Insurance Broker",'Expense Log'!$A$5:$A$504,">="&DATE($B$3,6,1),'Expense Log'!$A$5:$A$504,"<"&EDATE(DATE($B$3,6,1),1))+SUMIFS('Expense Log'!$K$5:$K$504,'Expense Log'!$D$5:$D$504,"Other Professional Fees",'Expense Log'!$A$5:$A$504,">="&DATE($B$3,6,1),'Expense Log'!$A$5:$A$504,"<"&EDATE(DATE($B$3,6,1),1)) | H14: =SUMIFS('Expense Log'!$K$5:$K$504,'Expense Log'!$D$5:$D$504,"Bookkeeping",'Expense Log'!$A$5:$A$504,">="&DATE($B$3,7,1),'Expense Log'!$A$5:$A$504,"<"&EDATE(DATE($B$3,7,1),1))+SUMIFS('Expense Log'!$K$5:$K$504,'Expense Log'!$D$5:$D$504,"Accounting",'Expense Log'!$A$5:$A$504,">="&DATE($B$3,7,1),'Expense Log'!$A$5:$A$504,"<"&EDATE(DATE($B$3,7,1),1))+SUMIFS('Expense Log'!$K$5:$K$504,'Expense Log'!$D$5:$D$504,"Legal",'Expense Log'!$A$5:$A$504,">="&DATE($B$3,7,1),'Expense Log'!$A$5:$A$504,"<"&EDATE(DATE($B$3,7,1),1))+SUMIFS('Expense Log'!$K$5:$K$504,'Expense Log'!$D$5:$D$504,"HR / Payroll Services",'Expense Log'!$A$5:$A$504,">="&DATE($B$3,7,1),'Expense Log'!$A$5:$A$504,"<"&EDATE(DATE($B$3,7,1),1))+SUMIFS('Expense Log'!$K$5:$K$504,'Expense Log'!$D$5:$D$504,"Consulting",'Expense Log'!$A$5:$A$504,">="&DATE($B$3,7,1),'Expense Log'!$A$5:$A$504,"<"&EDATE(DATE($B$3,7,1),1))+SUMIFS('Expense Log'!$K$5:$K$504,'Expense Log'!$D$5:$D$504,"Insurance Broker",'Expense Log'!$A$5:$A$504,">="&DATE($B$3,7,1),'Expense Log'!$A$5:$A$504,"<"&EDATE(DATE($B$3,7,1),1))+SUMIFS('Expense Log'!$K$5:$K$504,'Expense Log'!$D$5:$D$504,"Other Professional Fees",'Expense Log'!$A$5:$A$504,">="&DATE($B$3,7,1),'Expense Log'!$A$5:$A$504,"<"&EDATE(DATE($B$3,7,1),1)) | I14: =SUMIFS('Expense Log'!$K$5:$K$504,'Expense Log'!$D$5:$D$504,"Bookkeeping",'Expense Log'!$A$5:$A$504,">="&DATE($B$3,8,1),'Expense Log'!$A$5:$A$504,"<"&EDATE(DATE($B$3,8,1),1))+SUMIFS('Expense Log'!$K$5:$K$504,'Expense Log'!$D$5:$D$504,"Accounting",'Expense Log'!$A$5:$A$504,">="&DATE($B$3,8,1),'Expense Log'!$A$5:$A$504,"<"&EDATE(DATE($B$3,8,1),1))+SUMIFS('Expense Log'!$K$5:$K$504,'Expense Log'!$D$5:$D$504,"Legal",'Expense Log'!$A$5:$A$504,">="&DATE($B$3,8,1),'Expense Log'!$A$5:$A$504,"<"&EDATE(DATE($B$3,8,1),1))+SUMIFS('Expense Log'!$K$5:$K$504,'Expense Log'!$D$5:$D$504,"HR / Payroll Services",'Expense Log'!$A$5:$A$504,">="&DATE($B$3,8,1),'Expense Log'!$A$5:$A$504,"<"&EDATE(DATE($B$3,8,1),1))+SUMIFS('Expense Log'!$K$5:$K$504,'Expense Log'!$D$5:$D$504,"Consulting",'Expense Log'!$A$5:$A$504,">="&DATE($B$3,8,1),'Expense Log'!$A$5:$A$504,"<"&EDATE(DATE($B$3,8,1),1))+SUMIFS('Expense Log'!$K$5:$K$504,'Expense Log'!$D$5:$D$504,"Insurance Broker",'Expense Log'!$A$5:$A$504,">="&DATE($B$3,8,1),'Expense Log'!$A$5:$A$504,"<"&EDATE(DATE($B$3,8,1),1))+SUMIFS('Expense Log'!$K$5:$K$504,'Expense Log'!$D$5:$D$504,"Other Professional Fees",'Expense Log'!$A$5:$A$504,">="&DATE($B$3,8,1),'Expense Log'!$A$5:$A$504,"<"&EDATE(DATE($B$3,8,1),1)) | J14: =SUMIFS('Expense Log'!$K$5:$K$504,'Expense Log'!$D$5:$D$504,"Bookkeeping",'Expense Log'!$A$5:$A$504,">="&DATE($B$3,9,1),'Expense Log'!$A$5:$A$504,"<"&EDATE(DATE($B$3,9,1),1))+SUMIFS('Expense Log'!$K$5:$K$504,'Expense Log'!$D$5:$D$504,"Accounting",'Expense Log'!$A$5:$A$504,">="&DATE($B$3,9,1),'Expense Log'!$A$5:$A$504,"<"&EDATE(DATE($B$3,9,1),1))+SUMIFS('Expense Log'!$K$5:$K$504,'Expense Log'!$D$5:$D$504,"Legal",'Expense Log'!$A$5:$A$504,">="&DATE($B$3,9,1),'Expense Log'!$A$5:$A$504,"<"&EDATE(DATE($B$3,9,1),1))+SUMIFS('Expense Log'!$K$5:$K$504,'Expense Log'!$D$5:$D$504,"HR / Payroll Services",'Expense Log'!$A$5:$A$504,">="&DATE($B$3,9,1),'Expense Log'!$A$5:$A$504,"<"&EDATE(DATE($B$3,9,1),1))+SUMIFS('Expense Log'!$K$5:$K$504,'Expense Log'!$D$5:$D$504,"Consulting",'Expense Log'!$A$5:$A$504,">="&DATE($B$3,9,1),'Expense Log'!$A$5:$A$504,"<"&EDATE(DATE($B$3,9,1),1))+SUMIFS('Expense Log'!$K$5:$K$504,'Expense Log'!$D$5:$D$504,"Insurance Broker",'Expense Log'!$A$5:$A$504,">="&DATE($B$3,9,1),'Expense Log'!$A$5:$A$504,"<"&EDATE(DATE($B$3,9,1),1))+SUMIFS('Expense Log'!$K$5:$K$504,'Expense Log'!$D$5:$D$504,"Other Professional Fees",'Expense Log'!$A$5:$A$504,">="&DATE($B$3,9,1),'Expense Log'!$A$5:$A$504,"<"&EDATE(DATE($B$3,9,1),1)) | K14: =SUMIFS('Expense Log'!$K$5:$K$504,'Expense Log'!$D$5:$D$504,"Bookkeeping",'Expense Log'!$A$5:$A$504,">="&DATE($B$3,10,1),'Expense Log'!$A$5:$A$504,"<"&EDATE(DATE($B$3,10,1),1))+SUMIFS('Expense Log'!$K$5:$K$504,'Expense Log'!$D$5:$D$504,"Accounting",'Expense Log'!$A$5:$A$504,">="&DATE($B$3,10,1),'Expense Log'!$A$5:$A$504,"<"&EDATE(DATE($B$3,10,1),1))+SUMIFS('Expense Log'!$K$5:$K$504,'Expense Log'!$D$5:$D$504,"Legal",'Expense Log'!$A$5:$A$504,">="&DATE($B$3,10,1),'Expense Log'!$A$5:$A$504,"<"&EDATE(DATE($B$3,10,1),1))+SUMIFS('Expense Log'!$K$5:$K$504,'Expense Log'!$D$5:$D$504,"HR / Payroll Services",'Expense Log'!$A$5:$A$504,">="&DATE($B$3,10,1),'Expense Log'!$A$5:$A$504,"<"&EDATE(DATE($B$3,10,1),1))+SUMIFS('Expense Log'!$K$5:$K$504,'Expense Log'!$D$5:$D$504,"Consulting",'Expense Log'!$A$5:$A$504,">="&DATE($B$3,10,1),'Expense Log'!$A$5:$A$504,"<"&EDATE(DATE($B$3,10,1),1))+SUMIFS('Expense Log'!$K$5:$K$504,'Expense Log'!$D$5:$D$504,"Insurance Broker",'Expense Log'!$A$5:$A$504,">="&DATE($B$3,10,1),'Expense Log'!$A$5:$A$504,"<"&EDATE(DATE($B$3,10,1),1))+SUMIFS('Expense Log'!$K$5:$K$504,'Expense Log'!$D$5:$D$504,"Other Professional Fees",'Expense Log'!$A$5:$A$504,">="&DATE($B$3,10,1),'Expense Log'!$A$5:$A$504,"<"&EDATE(DATE($B$3,10,1),1)) | L14: =SUMIFS('Expense Log'!$K$5:$K$504,'Expense Log'!$D$5:$D$504,"Bookkeeping",'Expense Log'!$A$5:$A$504,">="&DATE($B$3,11,1),'Expense Log'!$A$5:$A$504,"<"&EDATE(DATE($B$3,11,1),1))+SUMIFS('Expense Log'!$K$5:$K$504,'Expense Log'!$D$5:$D$504,"Accounting",'Expense Log'!$A$5:$A$504,">="&DATE($B$3,11,1),'Expense Log'!$A$5:$A$504,"<"&EDATE(DATE($B$3,11,1),1))+SUMIFS('Expense Log'!$K$5:$K$504,'Expense Log'!$D$5:$D$504,"Legal",'Expense Log'!$A$5:$A$504,">="&DATE($B$3,11,1),'Expense Log'!$A$5:$A$504,"<"&EDATE(DATE($B$3,11,1),1))+SUMIFS('Expense Log'!$K$5:$K$504,'Expense Log'!$D$5:$D$504,"HR / Payroll Services",'Expense Log'!$A$5:$A$504,">="&DATE($B$3,11,1),'Expense Log'!$A$5:$A$504,"<"&EDATE(DATE($B$3,11,1),1))+SUMIFS('Expense Log'!$K$5:$K$504,'Expense Log'!$D$5:$D$504,"Consulting",'Expense Log'!$A$5:$A$504,">="&DATE($B$3,11,1),'Expense Log'!$A$5:$A$504,"<"&EDATE(DATE($B$3,11,1),1))+SUMIFS('Expense Log'!$K$5:$K$504,'Expense Log'!$D$5:$D$504,"Insurance Broker",'Expense Log'!$A$5:$A$504,">="&DATE($B$3,11,1),'Expense Log'!$A$5:$A$504,"<"&EDATE(DATE($B$3,11,1),1))+SUMIFS('Expense Log'!$K$5:$K$504,'Expense Log'!$D$5:$D$504,"Other Professional Fees",'Expense Log'!$A$5:$A$504,">="&DATE($B$3,11,1),'Expense Log'!$A$5:$A$504,"<"&EDATE(DATE($B$3,11,1),1)) | M14: =SUMIFS('Expense Log'!$K$5:$K$504,'Expense Log'!$D$5:$D$504,"Bookkeeping",'Expense Log'!$A$5:$A$504,">="&DATE($B$3,12,1),'Expense Log'!$A$5:$A$504,"<"&EDATE(DATE($B$3,12,1),1))+SUMIFS('Expense Log'!$K$5:$K$504,'Expense Log'!$D$5:$D$504,"Accounting",'Expense Log'!$A$5:$A$504,">="&DATE($B$3,12,1),'Expense Log'!$A$5:$A$504,"<"&EDATE(DATE($B$3,12,1),1))+SUMIFS('Expense Log'!$K$5:$K$504,'Expense Log'!$D$5:$D$504,"Legal",'Expense Log'!$A$5:$A$504,">="&DATE($B$3,12,1),'Expense Log'!$A$5:$A$504,"<"&EDATE(DATE($B$3,12,1),1))+SUMIFS('Expense Log'!$K$5:$K$504,'Expense Log'!$D$5:$D$504,"HR / Payroll Services",'Expense Log'!$A$5:$A$504,">="&DATE($B$3,12,1),'Expense Log'!$A$5:$A$504,"<"&EDATE(DATE($B$3,12,1),1))+SUMIFS('Expense Log'!$K$5:$K$504,'Expense Log'!$D$5:$D$504,"Consulting",'Expense Log'!$A$5:$A$504,">="&DATE($B$3,12,1),'Expense Log'!$A$5:$A$504,"<"&EDATE(DATE($B$3,12,1),1))+SUMIFS('Expense Log'!$K$5:$K$504,'Expense Log'!$D$5:$D$504,"Insurance Broker",'Expense Log'!$A$5:$A$504,">="&DATE($B$3,12,1),'Expense Log'!$A$5:$A$504,"<"&EDATE(DATE($B$3,12,1),1))+SUMIFS('Expense Log'!$K$5:$K$504,'Expense Log'!$D$5:$D$504,"Other Professional Fees",'Expense Log'!$A$5:$A$504,">="&DATE($B$3,12,1),'Expense Log'!$A$5:$A$504,"<"&EDATE(DATE($B$3,12,1),1)) | N14: =SUM(B14:M14)
A15: Taxes & Fees | B15: =SUMIFS('Expense Log'!$K$5:$K$504,'Expense Log'!$D$5:$D$504,"Business Registration",'Expense Log'!$A$5:$A$504,">="&DATE($B$3,1,1),'Expense Log'!$A$5:$A$504,"<"&EDATE(DATE($B$3,1,1),1))+SUMIFS('Expense Log'!$K$5:$K$504,'Expense Log'!$D$5:$D$504,"Licenses",'Expense Log'!$A$5:$A$504,">="&DATE($B$3,1,1),'Expense Log'!$A$5:$A$504,"<"&EDATE(DATE($B$3,1,1),1))+SUMIFS('Expense Log'!$K$5:$K$504,'Expense Log'!$D$5:$D$504,"Permits",'Expense Log'!$A$5:$A$504,">="&DATE($B$3,1,1),'Expense Log'!$A$5:$A$504,"<"&EDATE(DATE($B$3,1,1),1))+SUMIFS('Expense Log'!$K$5:$K$504,'Expense Log'!$D$5:$D$504,"Sales / Service Taxes",'Expense Log'!$A$5:$A$504,">="&DATE($B$3,1,1),'Expense Log'!$A$5:$A$504,"<"&EDATE(DATE($B$3,1,1),1))+SUMIFS('Expense Log'!$K$5:$K$504,'Expense Log'!$D$5:$D$504,"Other Government Fees",'Expense Log'!$A$5:$A$504,">="&DATE($B$3,1,1),'Expense Log'!$A$5:$A$504,"<"&EDATE(DATE($B$3,1,1),1)) | C15: =SUMIFS('Expense Log'!$K$5:$K$504,'Expense Log'!$D$5:$D$504,"Business Registration",'Expense Log'!$A$5:$A$504,">="&DATE($B$3,2,1),'Expense Log'!$A$5:$A$504,"<"&EDATE(DATE($B$3,2,1),1))+SUMIFS('Expense Log'!$K$5:$K$504,'Expense Log'!$D$5:$D$504,"Licenses",'Expense Log'!$A$5:$A$504,">="&DATE($B$3,2,1),'Expense Log'!$A$5:$A$504,"<"&EDATE(DATE($B$3,2,1),1))+SUMIFS('Expense Log'!$K$5:$K$504,'Expense Log'!$D$5:$D$504,"Permits",'Expense Log'!$A$5:$A$504,">="&DATE($B$3,2,1),'Expense Log'!$A$5:$A$504,"<"&EDATE(DATE($B$3,2,1),1))+SUMIFS('Expense Log'!$K$5:$K$504,'Expense Log'!$D$5:$D$504,"Sales / Service Taxes",'Expense Log'!$A$5:$A$504,">="&DATE($B$3,2,1),'Expense Log'!$A$5:$A$504,"<"&EDATE(DATE($B$3,2,1),1))+SUMIFS('Expense Log'!$K$5:$K$504,'Expense Log'!$D$5:$D$504,"Other Government Fees",'Expense Log'!$A$5:$A$504,">="&DATE($B$3,2,1),'Expense Log'!$A$5:$A$504,"<"&EDATE(DATE($B$3,2,1),1)) | D15: =SUMIFS('Expense Log'!$K$5:$K$504,'Expense Log'!$D$5:$D$504,"Business Registration",'Expense Log'!$A$5:$A$504,">="&DATE($B$3,3,1),'Expense Log'!$A$5:$A$504,"<"&EDATE(DATE($B$3,3,1),1))+SUMIFS('Expense Log'!$K$5:$K$504,'Expense Log'!$D$5:$D$504,"Licenses",'Expense Log'!$A$5:$A$504,">="&DATE($B$3,3,1),'Expense Log'!$A$5:$A$504,"<"&EDATE(DATE($B$3,3,1),1))+SUMIFS('Expense Log'!$K$5:$K$504,'Expense Log'!$D$5:$D$504,"Permits",'Expense Log'!$A$5:$A$504,">="&DATE($B$3,3,1),'Expense Log'!$A$5:$A$504,"<"&EDATE(DATE($B$3,3,1),1))+SUMIFS('Expense Log'!$K$5:$K$504,'Expense Log'!$D$5:$D$504,"Sales / Service Taxes",'Expense Log'!$A$5:$A$504,">="&DATE($B$3,3,1),'Expense Log'!$A$5:$A$504,"<"&EDATE(DATE($B$3,3,1),1))+SUMIFS('Expense Log'!$K$5:$K$504,'Expense Log'!$D$5:$D$504,"Other Government Fees",'Expense Log'!$A$5:$A$504,">="&DATE($B$3,3,1),'Expense Log'!$A$5:$A$504,"<"&EDATE(DATE($B$3,3,1),1)) | E15: =SUMIFS('Expense Log'!$K$5:$K$504,'Expense Log'!$D$5:$D$504,"Business Registration",'Expense Log'!$A$5:$A$504,">="&DATE($B$3,4,1),'Expense Log'!$A$5:$A$504,"<"&EDATE(DATE($B$3,4,1),1))+SUMIFS('Expense Log'!$K$5:$K$504,'Expense Log'!$D$5:$D$504,"Licenses",'Expense Log'!$A$5:$A$504,">="&DATE($B$3,4,1),'Expense Log'!$A$5:$A$504,"<"&EDATE(DATE($B$3,4,1),1))+SUMIFS('Expense Log'!$K$5:$K$504,'Expense Log'!$D$5:$D$504,"Permits",'Expense Log'!$A$5:$A$504,">="&DATE($B$3,4,1),'Expense Log'!$A$5:$A$504,"<"&EDATE(DATE($B$3,4,1),1))+SUMIFS('Expense Log'!$K$5:$K$504,'Expense Log'!$D$5:$D$504,"Sales / Service Taxes",'Expense Log'!$A$5:$A$504,">="&DATE($B$3,4,1),'Expense Log'!$A$5:$A$504,"<"&EDATE(DATE($B$3,4,1),1))+SUMIFS('Expense Log'!$K$5:$K$504,'Expense Log'!$D$5:$D$504,"Other Government Fees",'Expense Log'!$A$5:$A$504,">="&DATE($B$3,4,1),'Expense Log'!$A$5:$A$504,"<"&EDATE(DATE($B$3,4,1),1)) | F15: =SUMIFS('Expense Log'!$K$5:$K$504,'Expense Log'!$D$5:$D$504,"Business Registration",'Expense Log'!$A$5:$A$504,">="&DATE($B$3,5,1),'Expense Log'!$A$5:$A$504,"<"&EDATE(DATE($B$3,5,1),1))+SUMIFS('Expense Log'!$K$5:$K$504,'Expense Log'!$D$5:$D$504,"Licenses",'Expense Log'!$A$5:$A$504,">="&DATE($B$3,5,1),'Expense Log'!$A$5:$A$504,"<"&EDATE(DATE($B$3,5,1),1))+SUMIFS('Expense Log'!$K$5:$K$504,'Expense Log'!$D$5:$D$504,"Permits",'Expense Log'!$A$5:$A$504,">="&DATE($B$3,5,1),'Expense Log'!$A$5:$A$504,"<"&EDATE(DATE($B$3,5,1),1))+SUMIFS('Expense Log'!$K$5:$K$504,'Expense Log'!$D$5:$D$504,"Sales / Service Taxes",'Expense Log'!$A$5:$A$504,">="&DATE($B$3,5,1),'Expense Log'!$A$5:$A$504,"<"&EDATE(DATE($B$3,5,1),1))+SUMIFS('Expense Log'!$K$5:$K$504,'Expense Log'!$D$5:$D$504,"Other Government Fees",'Expense Log'!$A$5:$A$504,">="&DATE($B$3,5,1),'Expense Log'!$A$5:$A$504,"<"&EDATE(DATE($B$3,5,1),1)) | G15: =SUMIFS('Expense Log'!$K$5:$K$504,'Expense Log'!$D$5:$D$504,"Business Registration",'Expense Log'!$A$5:$A$504,">="&DATE($B$3,6,1),'Expense Log'!$A$5:$A$504,"<"&EDATE(DATE($B$3,6,1),1))+SUMIFS('Expense Log'!$K$5:$K$504,'Expense Log'!$D$5:$D$504,"Licenses",'Expense Log'!$A$5:$A$504,">="&DATE($B$3,6,1),'Expense Log'!$A$5:$A$504,"<"&EDATE(DATE($B$3,6,1),1))+SUMIFS('Expense Log'!$K$5:$K$504,'Expense Log'!$D$5:$D$504,"Permits",'Expense Log'!$A$5:$A$504,">="&DATE($B$3,6,1),'Expense Log'!$A$5:$A$504,"<"&EDATE(DATE($B$3,6,1),1))+SUMIFS('Expense Log'!$K$5:$K$504,'Expense Log'!$D$5:$D$504,"Sales / Service Taxes",'Expense Log'!$A$5:$A$504,">="&DATE($B$3,6,1),'Expense Log'!$A$5:$A$504,"<"&EDATE(DATE($B$3,6,1),1))+SUMIFS('Expense Log'!$K$5:$K$504,'Expense Log'!$D$5:$D$504,"Other Government Fees",'Expense Log'!$A$5:$A$504,">="&DATE($B$3,6,1),'Expense Log'!$A$5:$A$504,"<"&EDATE(DATE($B$3,6,1),1)) | H15: =SUMIFS('Expense Log'!$K$5:$K$504,'Expense Log'!$D$5:$D$504,"Business Registration",'Expense Log'!$A$5:$A$504,">="&DATE($B$3,7,1),'Expense Log'!$A$5:$A$504,"<"&EDATE(DATE($B$3,7,1),1))+SUMIFS('Expense Log'!$K$5:$K$504,'Expense Log'!$D$5:$D$504,"Licenses",'Expense Log'!$A$5:$A$504,">="&DATE($B$3,7,1),'Expense Log'!$A$5:$A$504,"<"&EDATE(DATE($B$3,7,1),1))+SUMIFS('Expense Log'!$K$5:$K$504,'Expense Log'!$D$5:$D$504,"Permits",'Expense Log'!$A$5:$A$504,">="&DATE($B$3,7,1),'Expense Log'!$A$5:$A$504,"<"&EDATE(DATE($B$3,7,1),1))+SUMIFS('Expense Log'!$K$5:$K$504,'Expense Log'!$D$5:$D$504,"Sales / Service Taxes",'Expense Log'!$A$5:$A$504,">="&DATE($B$3,7,1),'Expense Log'!$A$5:$A$504,"<"&EDATE(DATE($B$3,7,1),1))+SUMIFS('Expense Log'!$K$5:$K$504,'Expense Log'!$D$5:$D$504,"Other Government Fees",'Expense Log'!$A$5:$A$504,">="&DATE($B$3,7,1),'Expense Log'!$A$5:$A$504,"<"&EDATE(DATE($B$3,7,1),1)) | I15: =SUMIFS('Expense Log'!$K$5:$K$504,'Expense Log'!$D$5:$D$504,"Business Registration",'Expense Log'!$A$5:$A$504,">="&DATE($B$3,8,1),'Expense Log'!$A$5:$A$504,"<"&EDATE(DATE($B$3,8,1),1))+SUMIFS('Expense Log'!$K$5:$K$504,'Expense Log'!$D$5:$D$504,"Licenses",'Expense Log'!$A$5:$A$504,">="&DATE($B$3,8,1),'Expense Log'!$A$5:$A$504,"<"&EDATE(DATE($B$3,8,1),1))+SUMIFS('Expense Log'!$K$5:$K$504,'Expense Log'!$D$5:$D$504,"Permits",'Expense Log'!$A$5:$A$504,">="&DATE($B$3,8,1),'Expense Log'!$A$5:$A$504,"<"&EDATE(DATE($B$3,8,1),1))+SUMIFS('Expense Log'!$K$5:$K$504,'Expense Log'!$D$5:$D$504,"Sales / Service Taxes",'Expense Log'!$A$5:$A$504,">="&DATE($B$3,8,1),'Expense Log'!$A$5:$A$504,"<"&EDATE(DATE($B$3,8,1),1))+SUMIFS('Expense Log'!$K$5:$K$504,'Expense Log'!$D$5:$D$504,"Other Government Fees",'Expense Log'!$A$5:$A$504,">="&DATE($B$3,8,1),'Expense Log'!$A$5:$A$504,"<"&EDATE(DATE($B$3,8,1),1)) | J15: =SUMIFS('Expense Log'!$K$5:$K$504,'Expense Log'!$D$5:$D$504,"Business Registration",'Expense Log'!$A$5:$A$504,">="&DATE($B$3,9,1),'Expense Log'!$A$5:$A$504,"<"&EDATE(DATE($B$3,9,1),1))+SUMIFS('Expense Log'!$K$5:$K$504,'Expense Log'!$D$5:$D$504,"Licenses",'Expense Log'!$A$5:$A$504,">="&DATE($B$3,9,1),'Expense Log'!$A$5:$A$504,"<"&EDATE(DATE($B$3,9,1),1))+SUMIFS('Expense Log'!$K$5:$K$504,'Expense Log'!$D$5:$D$504,"Permits",'Expense Log'!$A$5:$A$504,">="&DATE($B$3,9,1),'Expense Log'!$A$5:$A$504,"<"&EDATE(DATE($B$3,9,1),1))+SUMIFS('Expense Log'!$K$5:$K$504,'Expense Log'!$D$5:$D$504,"Sales / Service Taxes",'Expense Log'!$A$5:$A$504,">="&DATE($B$3,9,1),'Expense Log'!$A$5:$A$504,"<"&EDATE(DATE($B$3,9,1),1))+SUMIFS('Expense Log'!$K$5:$K$504,'Expense Log'!$D$5:$D$504,"Other Government Fees",'Expense Log'!$A$5:$A$504,">="&DATE($B$3,9,1),'Expense Log'!$A$5:$A$504,"<"&EDATE(DATE($B$3,9,1),1)) | K15: =SUMIFS('Expense Log'!$K$5:$K$504,'Expense Log'!$D$5:$D$504,"Business Registration",'Expense Log'!$A$5:$A$504,">="&DATE($B$3,10,1),'Expense Log'!$A$5:$A$504,"<"&EDATE(DATE($B$3,10,1),1))+SUMIFS('Expense Log'!$K$5:$K$504,'Expense Log'!$D$5:$D$504,"Licenses",'Expense Log'!$A$5:$A$504,">="&DATE($B$3,10,1),'Expense Log'!$A$5:$A$504,"<"&EDATE(DATE($B$3,10,1),1))+SUMIFS('Expense Log'!$K$5:$K$504,'Expense Log'!$D$5:$D$504,"Permits",'Expense Log'!$A$5:$A$504,">="&DATE($B$3,10,1),'Expense Log'!$A$5:$A$504,"<"&EDATE(DATE($B$3,10,1),1))+SUMIFS('Expense Log'!$K$5:$K$504,'Expense Log'!$D$5:$D$504,"Sales / Service Taxes",'Expense Log'!$A$5:$A$504,">="&DATE($B$3,10,1),'Expense Log'!$A$5:$A$504,"<"&EDATE(DATE($B$3,10,1),1))+SUMIFS('Expense Log'!$K$5:$K$504,'Expense Log'!$D$5:$D$504,"Other Government Fees",'Expense Log'!$A$5:$A$504,">="&DATE($B$3,10,1),'Expense Log'!$A$5:$A$504,"<"&EDATE(DATE($B$3,10,1),1)) | L15: =SUMIFS('Expense Log'!$K$5:$K$504,'Expense Log'!$D$5:$D$504,"Business Registration",'Expense Log'!$A$5:$A$504,">="&DATE($B$3,11,1),'Expense Log'!$A$5:$A$504,"<"&EDATE(DATE($B$3,11,1),1))+SUMIFS('Expense Log'!$K$5:$K$504,'Expense Log'!$D$5:$D$504,"Licenses",'Expense Log'!$A$5:$A$504,">="&DATE($B$3,11,1),'Expense Log'!$A$5:$A$504,"<"&EDATE(DATE($B$3,11,1),1))+SUMIFS('Expense Log'!$K$5:$K$504,'Expense Log'!$D$5:$D$504,"Permits",'Expense Log'!$A$5:$A$504,">="&DATE($B$3,11,1),'Expense Log'!$A$5:$A$504,"<"&EDATE(DATE($B$3,11,1),1))+SUMIFS('Expense Log'!$K$5:$K$504,'Expense Log'!$D$5:$D$504,"Sales / Service Taxes",'Expense Log'!$A$5:$A$504,">="&DATE($B$3,11,1),'Expense Log'!$A$5:$A$504,"<"&EDATE(DATE($B$3,11,1),1))+SUMIFS('Expense Log'!$K$5:$K$504,'Expense Log'!$D$5:$D$504,"Other Government Fees",'Expense Log'!$A$5:$A$504,">="&DATE($B$3,11,1),'Expense Log'!$A$5:$A$504,"<"&EDATE(DATE($B$3,11,1),1)) | M15: =SUMIFS('Expense Log'!$K$5:$K$504,'Expense Log'!$D$5:$D$504,"Business Registration",'Expense Log'!$A$5:$A$504,">="&DATE($B$3,12,1),'Expense Log'!$A$5:$A$504,"<"&EDATE(DATE($B$3,12,1),1))+SUMIFS('Expense Log'!$K$5:$K$504,'Expense Log'!$D$5:$D$504,"Licenses",'Expense Log'!$A$5:$A$504,">="&DATE($B$3,12,1),'Expense Log'!$A$5:$A$504,"<"&EDATE(DATE($B$3,12,1),1))+SUMIFS('Expense Log'!$K$5:$K$504,'Expense Log'!$D$5:$D$504,"Permits",'Expense Log'!$A$5:$A$504,">="&DATE($B$3,12,1),'Expense Log'!$A$5:$A$504,"<"&EDATE(DATE($B$3,12,1),1))+SUMIFS('Expense Log'!$K$5:$K$504,'Expense Log'!$D$5:$D$504,"Sales / Service Taxes",'Expense Log'!$A$5:$A$504,">="&DATE($B$3,12,1),'Expense Log'!$A$5:$A$504,"<"&EDATE(DATE($B$3,12,1),1))+SUMIFS('Expense Log'!$K$5:$K$504,'Expense Log'!$D$5:$D$504,"Other Government Fees",'Expense Log'!$A$5:$A$504,">="&DATE($B$3,12,1),'Expense Log'!$A$5:$A$504,"<"&EDATE(DATE($B$3,12,1),1)) | N15: =SUM(B15:M15)
A16: Other | B16: =SUMIFS('Expense Log'!$K$5:$K$504,'Expense Log'!$D$5:$D$504,"Customer Refunds",'Expense Log'!$A$5:$A$504,">="&DATE($B$3,1,1),'Expense Log'!$A$5:$A$504,"<"&EDATE(DATE($B$3,1,1),1))+SUMIFS('Expense Log'!$K$5:$K$504,'Expense Log'!$D$5:$D$504,"Reclean Costs",'Expense Log'!$A$5:$A$504,">="&DATE($B$3,1,1),'Expense Log'!$A$5:$A$504,"<"&EDATE(DATE($B$3,1,1),1))+SUMIFS('Expense Log'!$K$5:$K$504,'Expense Log'!$D$5:$D$504,"Damage / Claims",'Expense Log'!$A$5:$A$504,">="&DATE($B$3,1,1),'Expense Log'!$A$5:$A$504,"<"&EDATE(DATE($B$3,1,1),1))+SUMIFS('Expense Log'!$K$5:$K$504,'Expense Log'!$D$5:$D$504,"Bad Debt",'Expense Log'!$A$5:$A$504,">="&DATE($B$3,1,1),'Expense Log'!$A$5:$A$504,"<"&EDATE(DATE($B$3,1,1),1))+SUMIFS('Expense Log'!$K$5:$K$504,'Expense Log'!$D$5:$D$504,"Donations",'Expense Log'!$A$5:$A$504,">="&DATE($B$3,1,1),'Expense Log'!$A$5:$A$504,"<"&EDATE(DATE($B$3,1,1),1))+SUMIFS('Expense Log'!$K$5:$K$504,'Expense Log'!$D$5:$D$504,"Miscellaneous",'Expense Log'!$A$5:$A$504,">="&DATE($B$3,1,1),'Expense Log'!$A$5:$A$504,"<"&EDATE(DATE($B$3,1,1),1))+SUMIFS('Expense Log'!$K$5:$K$504,'Expense Log'!$D$5:$D$504,"Other",'Expense Log'!$A$5:$A$504,">="&DATE($B$3,1,1),'Expense Log'!$A$5:$A$504,"<"&EDATE(DATE($B$3,1,1),1)) | C16: =SUMIFS('Expense Log'!$K$5:$K$504,'Expense Log'!$D$5:$D$504,"Customer Refunds",'Expense Log'!$A$5:$A$504,">="&DATE($B$3,2,1),'Expense Log'!$A$5:$A$504,"<"&EDATE(DATE($B$3,2,1),1))+SUMIFS('Expense Log'!$K$5:$K$504,'Expense Log'!$D$5:$D$504,"Reclean Costs",'Expense Log'!$A$5:$A$504,">="&DATE($B$3,2,1),'Expense Log'!$A$5:$A$504,"<"&EDATE(DATE($B$3,2,1),1))+SUMIFS('Expense Log'!$K$5:$K$504,'Expense Log'!$D$5:$D$504,"Damage / Claims",'Expense Log'!$A$5:$A$504,">="&DATE($B$3,2,1),'Expense Log'!$A$5:$A$504,"<"&EDATE(DATE($B$3,2,1),1))+SUMIFS('Expense Log'!$K$5:$K$504,'Expense Log'!$D$5:$D$504,"Bad Debt",'Expense Log'!$A$5:$A$504,">="&DATE($B$3,2,1),'Expense Log'!$A$5:$A$504,"<"&EDATE(DATE($B$3,2,1),1))+SUMIFS('Expense Log'!$K$5:$K$504,'Expense Log'!$D$5:$D$504,"Donations",'Expense Log'!$A$5:$A$504,">="&DATE($B$3,2,1),'Expense Log'!$A$5:$A$504,"<"&EDATE(DATE($B$3,2,1),1))+SUMIFS('Expense Log'!$K$5:$K$504,'Expense Log'!$D$5:$D$504,"Miscellaneous",'Expense Log'!$A$5:$A$504,">="&DATE($B$3,2,1),'Expense Log'!$A$5:$A$504,"<"&EDATE(DATE($B$3,2,1),1))+SUMIFS('Expense Log'!$K$5:$K$504,'Expense Log'!$D$5:$D$504,"Other",'Expense Log'!$A$5:$A$504,">="&DATE($B$3,2,1),'Expense Log'!$A$5:$A$504,"<"&EDATE(DATE($B$3,2,1),1)) | D16: =SUMIFS('Expense Log'!$K$5:$K$504,'Expense Log'!$D$5:$D$504,"Customer Refunds",'Expense Log'!$A$5:$A$504,">="&DATE($B$3,3,1),'Expense Log'!$A$5:$A$504,"<"&EDATE(DATE($B$3,3,1),1))+SUMIFS('Expense Log'!$K$5:$K$504,'Expense Log'!$D$5:$D$504,"Reclean Costs",'Expense Log'!$A$5:$A$504,">="&DATE($B$3,3,1),'Expense Log'!$A$5:$A$504,"<"&EDATE(DATE($B$3,3,1),1))+SUMIFS('Expense Log'!$K$5:$K$504,'Expense Log'!$D$5:$D$504,"Damage / Claims",'Expense Log'!$A$5:$A$504,">="&DATE($B$3,3,1),'Expense Log'!$A$5:$A$504,"<"&EDATE(DATE($B$3,3,1),1))+SUMIFS('Expense Log'!$K$5:$K$504,'Expense Log'!$D$5:$D$504,"Bad Debt",'Expense Log'!$A$5:$A$504,">="&DATE($B$3,3,1),'Expense Log'!$A$5:$A$504,"<"&EDATE(DATE($B$3,3,1),1))+SUMIFS('Expense Log'!$K$5:$K$504,'Expense Log'!$D$5:$D$504,"Donations",'Expense Log'!$A$5:$A$504,">="&DATE($B$3,3,1),'Expense Log'!$A$5:$A$504,"<"&EDATE(DATE($B$3,3,1),1))+SUMIFS('Expense Log'!$K$5:$K$504,'Expense Log'!$D$5:$D$504,"Miscellaneous",'Expense Log'!$A$5:$A$504,">="&DATE($B$3,3,1),'Expense Log'!$A$5:$A$504,"<"&EDATE(DATE($B$3,3,1),1))+SUMIFS('Expense Log'!$K$5:$K$504,'Expense Log'!$D$5:$D$504,"Other",'Expense Log'!$A$5:$A$504,">="&DATE($B$3,3,1),'Expense Log'!$A$5:$A$504,"<"&EDATE(DATE($B$3,3,1),1)) | E16: =SUMIFS('Expense Log'!$K$5:$K$504,'Expense Log'!$D$5:$D$504,"Customer Refunds",'Expense Log'!$A$5:$A$504,">="&DATE($B$3,4,1),'Expense Log'!$A$5:$A$504,"<"&EDATE(DATE($B$3,4,1),1))+SUMIFS('Expense Log'!$K$5:$K$504,'Expense Log'!$D$5:$D$504,"Reclean Costs",'Expense Log'!$A$5:$A$504,">="&DATE($B$3,4,1),'Expense Log'!$A$5:$A$504,"<"&EDATE(DATE($B$3,4,1),1))+SUMIFS('Expense Log'!$K$5:$K$504,'Expense Log'!$D$5:$D$504,"Damage / Claims",'Expense Log'!$A$5:$A$504,">="&DATE($B$3,4,1),'Expense Log'!$A$5:$A$504,"<"&EDATE(DATE($B$3,4,1),1))+SUMIFS('Expense Log'!$K$5:$K$504,'Expense Log'!$D$5:$D$504,"Bad Debt",'Expense Log'!$A$5:$A$504,">="&DATE($B$3,4,1),'Expense Log'!$A$5:$A$504,"<"&EDATE(DATE($B$3,4,1),1))+SUMIFS('Expense Log'!$K$5:$K$504,'Expense Log'!$D$5:$D$504,"Donations",'Expense Log'!$A$5:$A$504,">="&DATE($B$3,4,1),'Expense Log'!$A$5:$A$504,"<"&EDATE(DATE($B$3,4,1),1))+SUMIFS('Expense Log'!$K$5:$K$504,'Expense Log'!$D$5:$D$504,"Miscellaneous",'Expense Log'!$A$5:$A$504,">="&DATE($B$3,4,1),'Expense Log'!$A$5:$A$504,"<"&EDATE(DATE($B$3,4,1),1))+SUMIFS('Expense Log'!$K$5:$K$504,'Expense Log'!$D$5:$D$504,"Other",'Expense Log'!$A$5:$A$504,">="&DATE($B$3,4,1),'Expense Log'!$A$5:$A$504,"<"&EDATE(DATE($B$3,4,1),1)) | F16: =SUMIFS('Expense Log'!$K$5:$K$504,'Expense Log'!$D$5:$D$504,"Customer Refunds",'Expense Log'!$A$5:$A$504,">="&DATE($B$3,5,1),'Expense Log'!$A$5:$A$504,"<"&EDATE(DATE($B$3,5,1),1))+SUMIFS('Expense Log'!$K$5:$K$504,'Expense Log'!$D$5:$D$504,"Reclean Costs",'Expense Log'!$A$5:$A$504,">="&DATE($B$3,5,1),'Expense Log'!$A$5:$A$504,"<"&EDATE(DATE($B$3,5,1),1))+SUMIFS('Expense Log'!$K$5:$K$504,'Expense Log'!$D$5:$D$504,"Damage / Claims",'Expense Log'!$A$5:$A$504,">="&DATE($B$3,5,1),'Expense Log'!$A$5:$A$504,"<"&EDATE(DATE($B$3,5,1),1))+SUMIFS('Expense Log'!$K$5:$K$504,'Expense Log'!$D$5:$D$504,"Bad Debt",'Expense Log'!$A$5:$A$504,">="&DATE($B$3,5,1),'Expense Log'!$A$5:$A$504,"<"&EDATE(DATE($B$3,5,1),1))+SUMIFS('Expense Log'!$K$5:$K$504,'Expense Log'!$D$5:$D$504,"Donations",'Expense Log'!$A$5:$A$504,">="&DATE($B$3,5,1),'Expense Log'!$A$5:$A$504,"<"&EDATE(DATE($B$3,5,1),1))+SUMIFS('Expense Log'!$K$5:$K$504,'Expense Log'!$D$5:$D$504,"Miscellaneous",'Expense Log'!$A$5:$A$504,">="&DATE($B$3,5,1),'Expense Log'!$A$5:$A$504,"<"&EDATE(DATE($B$3,5,1),1))+SUMIFS('Expense Log'!$K$5:$K$504,'Expense Log'!$D$5:$D$504,"Other",'Expense Log'!$A$5:$A$504,">="&DATE($B$3,5,1),'Expense Log'!$A$5:$A$504,"<"&EDATE(DATE($B$3,5,1),1)) | G16: =SUMIFS('Expense Log'!$K$5:$K$504,'Expense Log'!$D$5:$D$504,"Customer Refunds",'Expense Log'!$A$5:$A$504,">="&DATE($B$3,6,1),'Expense Log'!$A$5:$A$504,"<"&EDATE(DATE($B$3,6,1),1))+SUMIFS('Expense Log'!$K$5:$K$504,'Expense Log'!$D$5:$D$504,"Reclean Costs",'Expense Log'!$A$5:$A$504,">="&DATE($B$3,6,1),'Expense Log'!$A$5:$A$504,"<"&EDATE(DATE($B$3,6,1),1))+SUMIFS('Expense Log'!$K$5:$K$504,'Expense Log'!$D$5:$D$504,"Damage / Claims",'Expense Log'!$A$5:$A$504,">="&DATE($B$3,6,1),'Expense Log'!$A$5:$A$504,"<"&EDATE(DATE($B$3,6,1),1))+SUMIFS('Expense Log'!$K$5:$K$504,'Expense Log'!$D$5:$D$504,"Bad Debt",'Expense Log'!$A$5:$A$504,">="&DATE($B$3,6,1),'Expense Log'!$A$5:$A$504,"<"&EDATE(DATE($B$3,6,1),1))+SUMIFS('Expense Log'!$K$5:$K$504,'Expense Log'!$D$5:$D$504,"Donations",'Expense Log'!$A$5:$A$504,">="&DATE($B$3,6,1),'Expense Log'!$A$5:$A$504,"<"&EDATE(DATE($B$3,6,1),1))+SUMIFS('Expense Log'!$K$5:$K$504,'Expense Log'!$D$5:$D$504,"Miscellaneous",'Expense Log'!$A$5:$A$504,">="&DATE($B$3,6,1),'Expense Log'!$A$5:$A$504,"<"&EDATE(DATE($B$3,6,1),1))+SUMIFS('Expense Log'!$K$5:$K$504,'Expense Log'!$D$5:$D$504,"Other",'Expense Log'!$A$5:$A$504,">="&DATE($B$3,6,1),'Expense Log'!$A$5:$A$504,"<"&EDATE(DATE($B$3,6,1),1)) | H16: =SUMIFS('Expense Log'!$K$5:$K$504,'Expense Log'!$D$5:$D$504,"Customer Refunds",'Expense Log'!$A$5:$A$504,">="&DATE($B$3,7,1),'Expense Log'!$A$5:$A$504,"<"&EDATE(DATE($B$3,7,1),1))+SUMIFS('Expense Log'!$K$5:$K$504,'Expense Log'!$D$5:$D$504,"Reclean Costs",'Expense Log'!$A$5:$A$504,">="&DATE($B$3,7,1),'Expense Log'!$A$5:$A$504,"<"&EDATE(DATE($B$3,7,1),1))+SUMIFS('Expense Log'!$K$5:$K$504,'Expense Log'!$D$5:$D$504,"Damage / Claims",'Expense Log'!$A$5:$A$504,">="&DATE($B$3,7,1),'Expense Log'!$A$5:$A$504,"<"&EDATE(DATE($B$3,7,1),1))+SUMIFS('Expense Log'!$K$5:$K$504,'Expense Log'!$D$5:$D$504,"Bad Debt",'Expense Log'!$A$5:$A$504,">="&DATE($B$3,7,1),'Expense Log'!$A$5:$A$504,"<"&EDATE(DATE($B$3,7,1),1))+SUMIFS('Expense Log'!$K$5:$K$504,'Expense Log'!$D$5:$D$504,"Donations",'Expense Log'!$A$5:$A$504,">="&DATE($B$3,7,1),'Expense Log'!$A$5:$A$504,"<"&EDATE(DATE($B$3,7,1),1))+SUMIFS('Expense Log'!$K$5:$K$504,'Expense Log'!$D$5:$D$504,"Miscellaneous",'Expense Log'!$A$5:$A$504,">="&DATE($B$3,7,1),'Expense Log'!$A$5:$A$504,"<"&EDATE(DATE($B$3,7,1),1))+SUMIFS('Expense Log'!$K$5:$K$504,'Expense Log'!$D$5:$D$504,"Other",'Expense Log'!$A$5:$A$504,">="&DATE($B$3,7,1),'Expense Log'!$A$5:$A$504,"<"&EDATE(DATE($B$3,7,1),1)) | I16: =SUMIFS('Expense Log'!$K$5:$K$504,'Expense Log'!$D$5:$D$504,"Customer Refunds",'Expense Log'!$A$5:$A$504,">="&DATE($B$3,8,1),'Expense Log'!$A$5:$A$504,"<"&EDATE(DATE($B$3,8,1),1))+SUMIFS('Expense Log'!$K$5:$K$504,'Expense Log'!$D$5:$D$504,"Reclean Costs",'Expense Log'!$A$5:$A$504,">="&DATE($B$3,8,1),'Expense Log'!$A$5:$A$504,"<"&EDATE(DATE($B$3,8,1),1))+SUMIFS('Expense Log'!$K$5:$K$504,'Expense Log'!$D$5:$D$504,"Damage / Claims",'Expense Log'!$A$5:$A$504,">="&DATE($B$3,8,1),'Expense Log'!$A$5:$A$504,"<"&EDATE(DATE($B$3,8,1),1))+SUMIFS('Expense Log'!$K$5:$K$504,'Expense Log'!$D$5:$D$504,"Bad Debt",'Expense Log'!$A$5:$A$504,">="&DATE($B$3,8,1),'Expense Log'!$A$5:$A$504,"<"&EDATE(DATE($B$3,8,1),1))+SUMIFS('Expense Log'!$K$5:$K$504,'Expense Log'!$D$5:$D$504,"Donations",'Expense Log'!$A$5:$A$504,">="&DATE($B$3,8,1),'Expense Log'!$A$5:$A$504,"<"&EDATE(DATE($B$3,8,1),1))+SUMIFS('Expense Log'!$K$5:$K$504,'Expense Log'!$D$5:$D$504,"Miscellaneous",'Expense Log'!$A$5:$A$504,">="&DATE($B$3,8,1),'Expense Log'!$A$5:$A$504,"<"&EDATE(DATE($B$3,8,1),1))+SUMIFS('Expense Log'!$K$5:$K$504,'Expense Log'!$D$5:$D$504,"Other",'Expense Log'!$A$5:$A$504,">="&DATE($B$3,8,1),'Expense Log'!$A$5:$A$504,"<"&EDATE(DATE($B$3,8,1),1)) | J16: =SUMIFS('Expense Log'!$K$5:$K$504,'Expense Log'!$D$5:$D$504,"Customer Refunds",'Expense Log'!$A$5:$A$504,">="&DATE($B$3,9,1),'Expense Log'!$A$5:$A$504,"<"&EDATE(DATE($B$3,9,1),1))+SUMIFS('Expense Log'!$K$5:$K$504,'Expense Log'!$D$5:$D$504,"Reclean Costs",'Expense Log'!$A$5:$A$504,">="&DATE($B$3,9,1),'Expense Log'!$A$5:$A$504,"<"&EDATE(DATE($B$3,9,1),1))+SUMIFS('Expense Log'!$K$5:$K$504,'Expense Log'!$D$5:$D$504,"Damage / Claims",'Expense Log'!$A$5:$A$504,">="&DATE($B$3,9,1),'Expense Log'!$A$5:$A$504,"<"&EDATE(DATE($B$3,9,1),1))+SUMIFS('Expense Log'!$K$5:$K$504,'Expense Log'!$D$5:$D$504,"Bad Debt",'Expense Log'!$A$5:$A$504,">="&DATE($B$3,9,1),'Expense Log'!$A$5:$A$504,"<"&EDATE(DATE($B$3,9,1),1))+SUMIFS('Expense Log'!$K$5:$K$504,'Expense Log'!$D$5:$D$504,"Donations",'Expense Log'!$A$5:$A$504,">="&DATE($B$3,9,1),'Expense Log'!$A$5:$A$504,"<"&EDATE(DATE($B$3,9,1),1))+SUMIFS('Expense Log'!$K$5:$K$504,'Expense Log'!$D$5:$D$504,"Miscellaneous",'Expense Log'!$A$5:$A$504,">="&DATE($B$3,9,1),'Expense Log'!$A$5:$A$504,"<"&EDATE(DATE($B$3,9,1),1))+SUMIFS('Expense Log'!$K$5:$K$504,'Expense Log'!$D$5:$D$504,"Other",'Expense Log'!$A$5:$A$504,">="&DATE($B$3,9,1),'Expense Log'!$A$5:$A$504,"<"&EDATE(DATE($B$3,9,1),1)) | K16: =SUMIFS('Expense Log'!$K$5:$K$504,'Expense Log'!$D$5:$D$504,"Customer Refunds",'Expense Log'!$A$5:$A$504,">="&DATE($B$3,10,1),'Expense Log'!$A$5:$A$504,"<"&EDATE(DATE($B$3,10,1),1))+SUMIFS('Expense Log'!$K$5:$K$504,'Expense Log'!$D$5:$D$504,"Reclean Costs",'Expense Log'!$A$5:$A$504,">="&DATE($B$3,10,1),'Expense Log'!$A$5:$A$504,"<"&EDATE(DATE($B$3,10,1),1))+SUMIFS('Expense Log'!$K$5:$K$504,'Expense Log'!$D$5:$D$504,"Damage / Claims",'Expense Log'!$A$5:$A$504,">="&DATE($B$3,10,1),'Expense Log'!$A$5:$A$504,"<"&EDATE(DATE($B$3,10,1),1))+SUMIFS('Expense Log'!$K$5:$K$504,'Expense Log'!$D$5:$D$504,"Bad Debt",'Expense Log'!$A$5:$A$504,">="&DATE($B$3,10,1),'Expense Log'!$A$5:$A$504,"<"&EDATE(DATE($B$3,10,1),1))+SUMIFS('Expense Log'!$K$5:$K$504,'Expense Log'!$D$5:$D$504,"Donations",'Expense Log'!$A$5:$A$504,">="&DATE($B$3,10,1),'Expense Log'!$A$5:$A$504,"<"&EDATE(DATE($B$3,10,1),1))+SUMIFS('Expense Log'!$K$5:$K$504,'Expense Log'!$D$5:$D$504,"Miscellaneous",'Expense Log'!$A$5:$A$504,">="&DATE($B$3,10,1),'Expense Log'!$A$5:$A$504,"<"&EDATE(DATE($B$3,10,1),1))+SUMIFS('Expense Log'!$K$5:$K$504,'Expense Log'!$D$5:$D$504,"Other",'Expense Log'!$A$5:$A$504,">="&DATE($B$3,10,1),'Expense Log'!$A$5:$A$504,"<"&EDATE(DATE($B$3,10,1),1)) | L16: =SUMIFS('Expense Log'!$K$5:$K$504,'Expense Log'!$D$5:$D$504,"Customer Refunds",'Expense Log'!$A$5:$A$504,">="&DATE($B$3,11,1),'Expense Log'!$A$5:$A$504,"<"&EDATE(DATE($B$3,11,1),1))+SUMIFS('Expense Log'!$K$5:$K$504,'Expense Log'!$D$5:$D$504,"Reclean Costs",'Expense Log'!$A$5:$A$504,">="&DATE($B$3,11,1),'Expense Log'!$A$5:$A$504,"<"&EDATE(DATE($B$3,11,1),1))+SUMIFS('Expense Log'!$K$5:$K$504,'Expense Log'!$D$5:$D$504,"Damage / Claims",'Expense Log'!$A$5:$A$504,">="&DATE($B$3,11,1),'Expense Log'!$A$5:$A$504,"<"&EDATE(DATE($B$3,11,1),1))+SUMIFS('Expense Log'!$K$5:$K$504,'Expense Log'!$D$5:$D$504,"Bad Debt",'Expense Log'!$A$5:$A$504,">="&DATE($B$3,11,1),'Expense Log'!$A$5:$A$504,"<"&EDATE(DATE($B$3,11,1),1))+SUMIFS('Expense Log'!$K$5:$K$504,'Expense Log'!$D$5:$D$504,"Donations",'Expense Log'!$A$5:$A$504,">="&DATE($B$3,11,1),'Expense Log'!$A$5:$A$504,"<"&EDATE(DATE($B$3,11,1),1))+SUMIFS('Expense Log'!$K$5:$K$504,'Expense Log'!$D$5:$D$504,"Miscellaneous",'Expense Log'!$A$5:$A$504,">="&DATE($B$3,11,1),'Expense Log'!$A$5:$A$504,"<"&EDATE(DATE($B$3,11,1),1))+SUMIFS('Expense Log'!$K$5:$K$504,'Expense Log'!$D$5:$D$504,"Other",'Expense Log'!$A$5:$A$504,">="&DATE($B$3,11,1),'Expense Log'!$A$5:$A$504,"<"&EDATE(DATE($B$3,11,1),1)) | M16: =SUMIFS('Expense Log'!$K$5:$K$504,'Expense Log'!$D$5:$D$504,"Customer Refunds",'Expense Log'!$A$5:$A$504,">="&DATE($B$3,12,1),'Expense Log'!$A$5:$A$504,"<"&EDATE(DATE($B$3,12,1),1))+SUMIFS('Expense Log'!$K$5:$K$504,'Expense Log'!$D$5:$D$504,"Reclean Costs",'Expense Log'!$A$5:$A$504,">="&DATE($B$3,12,1),'Expense Log'!$A$5:$A$504,"<"&EDATE(DATE($B$3,12,1),1))+SUMIFS('Expense Log'!$K$5:$K$504,'Expense Log'!$D$5:$D$504,"Damage / Claims",'Expense Log'!$A$5:$A$504,">="&DATE($B$3,12,1),'Expense Log'!$A$5:$A$504,"<"&EDATE(DATE($B$3,12,1),1))+SUMIFS('Expense Log'!$K$5:$K$504,'Expense Log'!$D$5:$D$504,"Bad Debt",'Expense Log'!$A$5:$A$504,">="&DATE($B$3,12,1),'Expense Log'!$A$5:$A$504,"<"&EDATE(DATE($B$3,12,1),1))+SUMIFS('Expense Log'!$K$5:$K$504,'Expense Log'!$D$5:$D$504,"Donations",'Expense Log'!$A$5:$A$504,">="&DATE($B$3,12,1),'Expense Log'!$A$5:$A$504,"<"&EDATE(DATE($B$3,12,1),1))+SUMIFS('Expense Log'!$K$5:$K$504,'Expense Log'!$D$5:$D$504,"Miscellaneous",'Expense Log'!$A$5:$A$504,">="&DATE($B$3,12,1),'Expense Log'!$A$5:$A$504,"<"&EDATE(DATE($B$3,12,1),1))+SUMIFS('Expense Log'!$K$5:$K$504,'Expense Log'!$D$5:$D$504,"Other",'Expense Log'!$A$5:$A$504,">="&DATE($B$3,12,1),'Expense Log'!$A$5:$A$504,"<"&EDATE(DATE($B$3,12,1),1)) | N16: =SUM(B16:M16)
A17: Total Expenses | B17: =SUM(B6:B16) | C17: =SUM(C6:C16) | D17: =SUM(D6:D16) | E17: =SUM(E6:E16) | F17: =SUM(F6:F16) | G17: =SUM(G6:G16) | H17: =SUM(H6:H16) | I17: =SUM(I6:I16) | ... N17: =SUM(N6:N16)
A20: Cost Structure Summary
A21: Direct Job Costs | B21: =SUMIFS('Expense Log'!$K$5:$K$504,'Expense Log'!$E$5:$E$504,"Direct Job Cost",'Expense Log'!$A$5:$A$504,">="&DATE($B$3,1,1),'Expense Log'!$A$5:$A$504,"<"&DATE($B$3+1,1,1))
A22: Overhead | B22: =SUMIFS('Expense Log'!$K$5:$K$504,'Expense Log'!$E$5:$E$504,"Overhead",'Expense Log'!$A$5:$A$504,">="&DATE($B$3,1,1),'Expense Log'!$A$5:$A$504,"<"&DATE($B$3+1,1,1))
A23: Payroll / Labor | B23: =SUMIFS('Expense Log'!$K$5:$K$504,'Expense Log'!$E$5:$E$504,"Payroll / Labor",'Expense Log'!$A$5:$A$504,">="&DATE($B$3,1,1),'Expense Log'!$A$5:$A$504,"<"&DATE($B$3+1,1,1))
A24: Capital / Equipment | B24: =SUMIFS('Expense Log'!$K$5:$K$504,'Expense Log'!$E$5:$E$504,"Capital / Equipment",'Expense Log'!$A$5:$A$504,">="&DATE($B$3,1,1),'Expense Log'!$A$5:$A$504,"<"&DATE($B$3+1,1,1))
A25: Other | B25: =SUMIFS('Expense Log'!$K$5:$K$504,'Expense Log'!$E$5:$E$504,"Other",'Expense Log'!$A$5:$A$504,">="&DATE($B$3,1,1),'Expense Log'!$A$5:$A$504,"<"&DATE($B$3+1,1,1))
A27: Fixed Costs | B27: =SUMIFS('Expense Log'!$K$5:$K$504,'Expense Log'!$F$5:$F$504,"Fixed",'Expense Log'!$A$5:$A$504,">="&DATE($B$3,1,1),'Expense Log'!$A$5:$A$504,"<"&DATE($B$3+1,1,1))
A28: Variable Costs | B28: =SUMIFS('Expense Log'!$K$5:$K$504,'Expense Log'!$F$5:$F$504,"Variable",'Expense Log'!$A$5:$A$504,">="&DATE($B$3,1,1),'Expense Log'!$A$5:$A$504,"<"&DATE($B$3+1,1,1))
A29: Mixed Costs | B29: =SUMIFS('Expense Log'!$K$5:$K$504,'Expense Log'!$F$5:$F$504,"Mixed",'Expense Log'!$A$5:$A$504,">="&DATE($B$3,1,1),'Expense Log'!$A$5:$A$504,"<"&DATE($B$3+1,1,1))
A32: Management Metrics
A33: YTD Revenue | B33: 0
A34: Jobs Completed | B34: 0
A35: Job Labor Hours | B35: 0
A36: YTD Expenses | B36: =N17
A37: YTD Operating Surplus* | B37: =B33-B36
A38: Average Expense / Job | B38: =IFERROR(B36/B34,0)
A39: Overhead / Job Labor Hour | B39: =IFERROR(SUMIFS('Expense Log'!$K$5:$K$504,'Expense Log'!$E$5:$E$504,"Overhead",'Expense Log'!$A$5:$A$504,">="&DATE($B$3,1,1),'Expense Log'!$A$5:$A$504,"<"&DATE($B$3+1,1,1))/B35,0)
A41: *Management figure, not accounting net income.

Sheet Budget vs Actual
A1: Budget vs Actual
A3: Reporting Month | B3: 46023
A5: Category | B5: Monthly Budget | C5: Actual | D5: Variance | E5: Variance % | F5: Status
A6: Payroll / Labor | B6: 0 | C6: =SUMIFS('Expense Log'!$K$5:$K$504,'Expense Log'!$D$5:$D$504,"Cleaner Wages",'Expense Log'!$A$5:$A$504,">="&EOMONTH($B$3,-1)+1,'Expense Log'!$A$5:$A$504,"<="&EOMONTH($B$3,0))+SUMIFS('Expense Log'!$K$5:$K$504,'Expense Log'!$D$5:$D$504,"Payroll Taxes",'Expense Log'!$A$5:$A$504,">="&EOMONTH($B$3,-1)+1,'Expense Log'!$A$5:$A$504,"<="&EOMONTH($B$3,0))+SUMIFS('Expense Log'!$K$5:$K$504,'Expense Log'!$D$5:$D$504,"Workers Comp",'Expense Log'!$A$5:$A$504,">="&EOMONTH($B$3,-1)+1,'Expense Log'!$A$5:$A$504,"<="&EOMONTH($B$3,0))+SUMIFS('Expense Log'!$K$5:$K$504,'Expense Log'!$D$5:$D$504,"Benefits",'Expense Log'!$A$5:$A$504,">="&EOMONTH($B$3,-1)+1,'Expense Log'!$A$5:$A$504,"<="&EOMONTH($B$3,0))+SUMIFS('Expense Log'!$K$5:$K$504,'Expense Log'!$D$5:$D$504,"Bonuses",'Expense Log'!$A$5:$A$504,">="&EOMONTH($B$3,-1)+1,'Expense Log'!$A$5:$A$504,"<="&EOMONTH($B$3,0))+SUMIFS('Expense Log'!$K$5:$K$504,'Expense Log'!$D$5:$D$504,"Training",'Expense Log'!$A$5:$A$504,">="&EOMONTH($B$3,-1)+1,'Expense Log'!$A$5:$A$504,"<="&EOMONTH($B$3,0))+SUMIFS('Expense Log'!$K$5:$K$504,'Expense Log'!$D$5:$D$504,"Recruiting",'Expense Log'!$A$5:$A$504,">="&EOMONTH($B$3,-1)+1,'Expense Log'!$A$5:$A$504,"<="&EOMONTH($B$3,0))+SUMIFS('Expense Log'!$K$5:$K$504,'Expense Log'!$D$5:$D$504,"Uniforms",'Expense Log'!$A$5:$A$504,">="&EOMONTH($B$3,-1)+1,'Expense Log'!$A$5:$A$504,"<="&EOMONTH($B$3,0))+SUMIFS('Expense Log'!$K$5:$K$504,'Expense Log'!$D$5:$D$504,"Administrative Labor",'Expense Log'!$A$5:$A$504,">="&EOMONTH($B$3,-1)+1,'Expense Log'!$A$5:$A$504,"<="&EOMONTH($B$3,0)) | D6: =B6-C6 | E6: =IFERROR(C6/B6-1,0) | F6: =IF(B6=0,IF(C6=0,"NO BUDGET","REVIEW"),IF(C6>B6*(1+'Setup & Categories'!$B$7),"OVER BUDGET",IF(C6>=B6*'Setup & Categories'!$B$8,"NEAR BUDGET","WITHIN BUDGET")))
A7: Cleaning Supplies | B7: 0 | C7: =SUMIFS('Expense Log'!$K$5:$K$504,'Expense Log'!$D$5:$D$504,"Cleaning Chemicals",'Expense Log'!$A$5:$A$504,">="&EOMONTH($B$3,-1)+1,'Expense Log'!$A$5:$A$504,"<="&EOMONTH($B$3,0))+SUMIFS('Expense Log'!$K$5:$K$504,'Expense Log'!$D$5:$D$504,"Microfiber / Mop Supplies",'Expense Log'!$A$5:$A$504,">="&EOMONTH($B$3,-1)+1,'Expense Log'!$A$5:$A$504,"<="&EOMONTH($B$3,0))+SUMIFS('Expense Log'!$K$5:$K$504,'Expense Log'!$D$5:$D$504,"Vacuum Supplies",'Expense Log'!$A$5:$A$504,">="&EOMONTH($B$3,-1)+1,'Expense Log'!$A$5:$A$504,"<="&EOMONTH($B$3,0))+SUMIFS('Expense Log'!$K$5:$K$504,'Expense Log'!$D$5:$D$504,"Trash Liners",'Expense Log'!$A$5:$A$504,">="&EOMONTH($B$3,-1)+1,'Expense Log'!$A$5:$A$504,"<="&EOMONTH($B$3,0))+SUMIFS('Expense Log'!$K$5:$K$504,'Expense Log'!$D$5:$D$504,"PPE",'Expense Log'!$A$5:$A$504,">="&EOMONTH($B$3,-1)+1,'Expense Log'!$A$5:$A$504,"<="&EOMONTH($B$3,0))+SUMIFS('Expense Log'!$K$5:$K$504,'Expense Log'!$D$5:$D$504,"Disposable Supplies",'Expense Log'!$A$5:$A$504,">="&EOMONTH($B$3,-1)+1,'Expense Log'!$A$5:$A$504,"<="&EOMONTH($B$3,0))+SUMIFS('Expense Log'!$K$5:$K$504,'Expense Log'!$D$5:$D$504,"Guest / Client Consumables",'Expense Log'!$A$5:$A$504,">="&EOMONTH($B$3,-1)+1,'Expense Log'!$A$5:$A$504,"<="&EOMONTH($B$3,0))+SUMIFS('Expense Log'!$K$5:$K$504,'Expense Log'!$D$5:$D$504,"Other Cleaning Supplies",'Expense Log'!$A$5:$A$504,">="&EOMONTH($B$3,-1)+1,'Expense Log'!$A$5:$A$504,"<="&EOMONTH($B$3,0)) | D7: =B7-C7 | E7: =IFERROR(C7/B7-1,0) | F7: =IF(B7=0,IF(C7=0,"NO BUDGET","REVIEW"),IF(C7>B7*(1+'Setup & Categories'!$B$7),"OVER BUDGET",IF(C7>=B7*'Setup & Categories'!$B$8,"NEAR BUDGET","WITHIN BUDGET")))
A8: Equipment | B8: 0 | C8: =SUMIFS('Expense Log'!$K$5:$K$504,'Expense Log'!$D$5:$D$504,"Vacuums",'Expense Log'!$A$5:$A$504,">="&EOMONTH($B$3,-1)+1,'Expense Log'!$A$5:$A$504,"<="&EOMONTH($B$3,0))+SUMIFS('Expense Log'!$K$5:$K$504,'Expense Log'!$D$5:$D$504,"Carpet Equipment",'Expense Log'!$A$5:$A$504,">="&EOMONTH($B$3,-1)+1,'Expense Log'!$A$5:$A$504,"<="&EOMONTH($B$3,0))+SUMIFS('Expense Log'!$K$5:$K$504,'Expense Log'!$D$5:$D$504,"Floor Machines",'Expense Log'!$A$5:$A$504,">="&EOMONTH($B$3,-1)+1,'Expense Log'!$A$5:$A$504,"<="&EOMONTH($B$3,0))+SUMIFS('Expense Log'!$K$5:$K$504,'Expense Log'!$D$5:$D$504,"Mops / Buckets",'Expense Log'!$A$5:$A$504,">="&EOMONTH($B$3,-1)+1,'Expense Log'!$A$5:$A$504,"<="&EOMONTH($B$3,0))+SUMIFS('Expense Log'!$K$5:$K$504,'Expense Log'!$D$5:$D$504,"Extension Tools",'Expense Log'!$A$5:$A$504,">="&EOMONTH($B$3,-1)+1,'Expense Log'!$A$5:$A$504,"<="&EOMONTH($B$3,0))+SUMIFS('Expense Log'!$K$5:$K$504,'Expense Log'!$D$5:$D$504,"Equipment Repairs",'Expense Log'!$A$5:$A$504,">="&EOMONTH($B$3,-1)+1,'Expense Log'!$A$5:$A$504,"<="&EOMONTH($B$3,0))+SUMIFS('Expense Log'!$K$5:$K$504,'Expense Log'!$D$5:$D$504,"Replacement Parts",'Expense Log'!$A$5:$A$504,">="&EOMONTH($B$3,-1)+1,'Expense Log'!$A$5:$A$504,"<="&EOMONTH($B$3,0))+SUMIFS('Expense Log'!$K$5:$K$504,'Expense Log'!$D$5:$D$504,"Equipment Rental",'Expense Log'!$A$5:$A$504,">="&EOMONTH($B$3,-1)+1,'Expense Log'!$A$5:$A$504,"<="&EOMONTH($B$3,0)) | D8: =B8-C8 | E8: =IFERROR(C8/B8-1,0) | F8: =IF(B8=0,IF(C8=0,"NO BUDGET","REVIEW"),IF(C8>B8*(1+'Setup & Categories'!$B$7),"OVER BUDGET",IF(C8>=B8*'Setup & Categories'!$B$8,"NEAR BUDGET","WITHIN BUDGET")))
A9: Vehicles & Travel | B9: 0 | C9: =SUMIFS('Expense Log'!$K$5:$K$504,'Expense Log'!$D$5:$D$504,"Fuel",'Expense Log'!$A$5:$A$504,">="&EOMONTH($B$3,-1)+1,'Expense Log'!$A$5:$A$504,"<="&EOMONTH($B$3,0))+SUMIFS('Expense Log'!$K$5:$K$504,'Expense Log'!$D$5:$D$504,"Mileage",'Expense Log'!$A$5:$A$504,">="&EOMONTH($B$3,-1)+1,'Expense Log'!$A$5:$A$504,"<="&EOMONTH($B$3,0))+SUMIFS('Expense Log'!$K$5:$K$504,'Expense Log'!$D$5:$D$504,"Vehicle Payment / Lease",'Expense Log'!$A$5:$A$504,">="&EOMONTH($B$3,-1)+1,'Expense Log'!$A$5:$A$504,"<="&EOMONTH($B$3,0))+SUMIFS('Expense Log'!$K$5:$K$504,'Expense Log'!$D$5:$D$504,"Vehicle Insurance",'Expense Log'!$A$5:$A$504,">="&EOMONTH($B$3,-1)+1,'Expense Log'!$A$5:$A$504,"<="&EOMONTH($B$3,0))+SUMIFS('Expense Log'!$K$5:$K$504,'Expense Log'!$D$5:$D$504,"Vehicle Maintenance",'Expense Log'!$A$5:$A$504,">="&EOMONTH($B$3,-1)+1,'Expense Log'!$A$5:$A$504,"<="&EOMONTH($B$3,0))+SUMIFS('Expense Log'!$K$5:$K$504,'Expense Log'!$D$5:$D$504,"Vehicle Repairs",'Expense Log'!$A$5:$A$504,">="&EOMONTH($B$3,-1)+1,'Expense Log'!$A$5:$A$504,"<="&EOMONTH($B$3,0))+SUMIFS('Expense Log'!$K$5:$K$504,'Expense Log'!$D$5:$D$504,"Parking",'Expense Log'!$A$5:$A$504,">="&EOMONTH($B$3,-1)+1,'Expense Log'!$A$5:$A$504,"<="&EOMONTH($B$3,0))+SUMIFS('Expense Log'!$K$5:$K$504,'Expense Log'!$D$5:$D$504,"Tolls",'Expense Log'!$A$5:$A$504,">="&EOMONTH($B$3,-1)+1,'Expense Log'!$A$5:$A$504,"<="&EOMONTH($B$3,0))+SUMIFS('Expense Log'!$K$5:$K$504,'Expense Log'!$D$5:$D$504,"Registration",'Expense Log'!$A$5:$A$504,">="&EOMONTH($B$3,-1)+1,'Expense Log'!$A$5:$A$504,"<="&EOMONTH($B$3,0)) | D9: =B9-C9 | E9: =IFERROR(C9/B9-1,0) | F9: =IF(B9=0,IF(C9=0,"NO BUDGET","REVIEW"),IF(C9>B9*(1+'Setup & Categories'!$B$7),"OVER BUDGET",IF(C9>=B9*'Setup & Categories'!$B$8,"NEAR BUDGET","WITHIN BUDGET")))
A10: Insurance | B10: 0 | C10: =SUMIFS('Expense Log'!$K$5:$K$504,'Expense Log'!$D$5:$D$504,"General Liability Insurance",'Expense Log'!$A$5:$A$504,">="&EOMONTH($B$3,-1)+1,'Expense Log'!$A$5:$A$504,"<="&EOMONTH($B$3,0))+SUMIFS('Expense Log'!$K$5:$K$504,'Expense Log'!$D$5:$D$504,"Commercial Auto Insurance",'Expense Log'!$A$5:$A$504,">="&EOMONTH($B$3,-1)+1,'Expense Log'!$A$5:$A$504,"<="&EOMONTH($B$3,0))+SUMIFS('Expense Log'!$K$5:$K$504,'Expense Log'!$D$5:$D$504,"Bonding",'Expense Log'!$A$5:$A$504,">="&EOMONTH($B$3,-1)+1,'Expense Log'!$A$5:$A$504,"<="&EOMONTH($B$3,0))+SUMIFS('Expense Log'!$K$5:$K$504,'Expense Log'!$D$5:$D$504,"Umbrella / Excess",'Expense Log'!$A$5:$A$504,">="&EOMONTH($B$3,-1)+1,'Expense Log'!$A$5:$A$504,"<="&EOMONTH($B$3,0))+SUMIFS('Expense Log'!$K$5:$K$504,'Expense Log'!$D$5:$D$504,"Cyber Insurance",'Expense Log'!$A$5:$A$504,">="&EOMONTH($B$3,-1)+1,'Expense Log'!$A$5:$A$504,"<="&EOMONTH($B$3,0))+SUMIFS('Expense Log'!$K$5:$K$504,'Expense Log'!$D$5:$D$504,"Other Insurance",'Expense Log'!$A$5:$A$504,">="&EOMONTH($B$3,-1)+1,'Expense Log'!$A$5:$A$504,"<="&EOMONTH($B$3,0)) | D10: =B10-C10 | E10: =IFERROR(C10/B10-1,0) | F10: =IF(B10=0,IF(C10=0,"NO BUDGET","REVIEW"),IF(C10>B10*(1+'Setup & Categories'!$B$7),"OVER BUDGET",IF(C10>=B10*'Setup & Categories'!$B$8,"NEAR BUDGET","WITHIN BUDGET")))
A11: Marketing | B11: 0 | C11: =SUMIFS('Expense Log'!$K$5:$K$504,'Expense Log'!$D$5:$D$504,"Website",'Expense Log'!$A$5:$A$504,">="&EOMONTH($B$3,-1)+1,'Expense Log'!$A$5:$A$504,"<="&EOMONTH($B$3,0))+SUMIFS('Expense Log'!$K$5:$K$504,'Expense Log'!$D$5:$D$504,"SEO",'Expense Log'!$A$5:$A$504,">="&EOMONTH($B$3,-1)+1,'Expense Log'!$A$5:$A$504,"<="&EOMONTH($B$3,0))+SUMIFS('Expense Log'!$K$5:$K$504,'Expense Log'!$D$5:$D$504,"Paid Search",'Expense Log'!$A$5:$A$504,">="&EOMONTH($B$3,-1)+1,'Expense Log'!$A$5:$A$504,"<="&EOMONTH($B$3,0))+SUMIFS('Expense Log'!$K$5:$K$504,'Expense Log'!$D$5:$D$504,"Social Advertising",'Expense Log'!$A$5:$A$504,">="&EOMONTH($B$3,-1)+1,'Expense Log'!$A$5:$A$504,"<="&EOMONTH($B$3,0))+SUMIFS('Expense Log'!$K$5:$K$504,'Expense Log'!$D$5:$D$504,"Print Advertising",'Expense Log'!$A$5:$A$504,">="&EOMONTH($B$3,-1)+1,'Expense Log'!$A$5:$A$504,"<="&EOMONTH($B$3,0))+SUMIFS('Expense Log'!$K$5:$K$504,'Expense Log'!$D$5:$D$504,"Flyers / Door Hangers",'Expense Log'!$A$5:$A$504,">="&EOMONTH($B$3,-1)+1,'Expense Log'!$A$5:$A$504,"<="&EOMONTH($B$3,0))+SUMIFS('Expense Log'!$K$5:$K$504,'Expense Log'!$D$5:$D$504,"Referral Incentives",'Expense Log'!$A$5:$A$504,">="&EOMONTH($B$3,-1)+1,'Expense Log'!$A$5:$A$504,"<="&EOMONTH($B$3,0))+SUMIFS('Expense Log'!$K$5:$K$504,'Expense Log'!$D$5:$D$504,"Promotional Materials",'Expense Log'!$A$5:$A$504,">="&EOMONTH($B$3,-1)+1,'Expense Log'!$A$5:$A$504,"<="&EOMONTH($B$3,0))+SUMIFS('Expense Log'!$K$5:$K$504,'Expense Log'!$D$5:$D$504,"Photography / Content",'Expense Log'!$A$5:$A$504,">="&EOMONTH($B$3,-1)+1,'Expense Log'!$A$5:$A$504,"<="&EOMONTH($B$3,0)) | D11: =B11-C11 | E11: =IFERROR(C11/B11-1,0) | F11: =IF(B11=0,IF(C11=0,"NO BUDGET","REVIEW"),IF(C11>B11*(1+'Setup & Categories'!$B$7),"OVER BUDGET",IF(C11>=B11*'Setup & Categories'!$B$8,"NEAR BUDGET","WITHIN BUDGET")))
A12: Software | B12: 0 | C12: =SUMIFS('Expense Log'!$K$5:$K$504,'Expense Log'!$D$5:$D$504,"TidyOps / Operations Software",'Expense Log'!$A$5:$A$504,">="&EOMONTH($B$3,-1)+1,'Expense Log'!$A$5:$A$504,"<="&EOMONTH($B$3,0))+SUMIFS('Expense Log'!$K$5:$K$504,'Expense Log'!$D$5:$D$504,"Accounting Software",'Expense Log'!$A$5:$A$504,">="&EOMONTH($B$3,-1)+1,'Expense Log'!$A$5:$A$504,"<="&EOMONTH($B$3,0))+SUMIFS('Expense Log'!$K$5:$K$504,'Expense Log'!$D$5:$D$504,"Payroll Software",'Expense Log'!$A$5:$A$504,">="&EOMONTH($B$3,-1)+1,'Expense Log'!$A$5:$A$504,"<="&EOMONTH($B$3,0))+SUMIFS('Expense Log'!$K$5:$K$504,'Expense Log'!$D$5:$D$504,"Email / Phone Software",'Expense Log'!$A$5:$A$504,">="&EOMONTH($B$3,-1)+1,'Expense Log'!$A$5:$A$504,"<="&EOMONTH($B$3,0))+SUMIFS('Expense Log'!$K$5:$K$504,'Expense Log'!$D$5:$D$504,"Cloud Storage",'Expense Log'!$A$5:$A$504,">="&EOMONTH($B$3,-1)+1,'Expense Log'!$A$5:$A$504,"<="&EOMONTH($B$3,0))+SUMIFS('Expense Log'!$K$5:$K$504,'Expense Log'!$D$5:$D$504,"Website Hosting",'Expense Log'!$A$5:$A$504,">="&EOMONTH($B$3,-1)+1,'Expense Log'!$A$5:$A$504,"<="&EOMONTH($B$3,0))+SUMIFS('Expense Log'!$K$5:$K$504,'Expense Log'!$D$5:$D$504,"Other Software",'Expense Log'!$A$5:$A$504,">="&EOMONTH($B$3,-1)+1,'Expense Log'!$A$5:$A$504,"<="&EOMONTH($B$3,0)) | D12: =B12-C12 | E12: =IFERROR(C12/B12-1,0) | F12: =IF(B12=0,IF(C12=0,"NO BUDGET","REVIEW"),IF(C12>B12*(1+'Setup & Categories'!$B$7),"OVER BUDGET",IF(C12>=B12*'Setup & Categories'!$B$8,"NEAR BUDGET","WITHIN BUDGET")))
A13: Office & Admin | B13: 0 | C13: =SUMIFS('Expense Log'!$K$5:$K$504,'Expense Log'!$D$5:$D$504,"Office Supplies",'Expense Log'!$A$5:$A$504,">="&EOMONTH($B$3,-1)+1,'Expense Log'!$A$5:$A$504,"<="&EOMONTH($B$3,0))+SUMIFS('Expense Log'!$K$5:$K$504,'Expense Log'!$D$5:$D$504,"Rent",'Expense Log'!$A$5:$A$504,">="&EOMONTH($B$3,-1)+1,'Expense Log'!$A$5:$A$504,"<="&EOMONTH($B$3,0))+SUMIFS('Expense Log'!$K$5:$K$504,'Expense Log'!$D$5:$D$504,"Utilities",'Expense Log'!$A$5:$A$504,">="&EOMONTH($B$3,-1)+1,'Expense Log'!$A$5:$A$504,"<="&EOMONTH($B$3,0))+SUMIFS('Expense Log'!$K$5:$K$504,'Expense Log'!$D$5:$D$504,"Phone / Internet",'Expense Log'!$A$5:$A$504,">="&EOMONTH($B$3,-1)+1,'Expense Log'!$A$5:$A$504,"<="&EOMONTH($B$3,0))+SUMIFS('Expense Log'!$K$5:$K$504,'Expense Log'!$D$5:$D$504,"Postage",'Expense Log'!$A$5:$A$504,">="&EOMONTH($B$3,-1)+1,'Expense Log'!$A$5:$A$504,"<="&EOMONTH($B$3,0))+SUMIFS('Expense Log'!$K$5:$K$504,'Expense Log'!$D$5:$D$504,"Printing",'Expense Log'!$A$5:$A$504,">="&EOMONTH($B$3,-1)+1,'Expense Log'!$A$5:$A$504,"<="&EOMONTH($B$3,0))+SUMIFS('Expense Log'!$K$5:$K$504,'Expense Log'!$D$5:$D$504,"Bank Fees",'Expense Log'!$A$5:$A$504,">="&EOMONTH($B$3,-1)+1,'Expense Log'!$A$5:$A$504,"<="&EOMONTH($B$3,0)) | D13: =B13-C13 | E13: =IFERROR(C13/B13-1,0) | F13: =IF(B13=0,IF(C13=0,"NO BUDGET","REVIEW"),IF(C13>B13*(1+'Setup & Categories'!$B$7),"OVER BUDGET",IF(C13>=B13*'Setup & Categories'!$B$8,"NEAR BUDGET","WITHIN BUDGET")))
A14: Professional Services | B14: 0 | C14: =SUMIFS('Expense Log'!$K$5:$K$504,'Expense Log'!$D$5:$D$504,"Bookkeeping",'Expense Log'!$A$5:$A$504,">="&EOMONTH($B$3,-1)+1,'Expense Log'!$A$5:$A$504,"<="&EOMONTH($B$3,0))+SUMIFS('Expense Log'!$K$5:$K$504,'Expense Log'!$D$5:$D$504,"Accounting",'Expense Log'!$A$5:$A$504,">="&EOMONTH($B$3,-1)+1,'Expense Log'!$A$5:$A$504,"<="&EOMONTH($B$3,0))+SUMIFS('Expense Log'!$K$5:$K$504,'Expense Log'!$D$5:$D$504,"Legal",'Expense Log'!$A$5:$A$504,">="&EOMONTH($B$3,-1)+1,'Expense Log'!$A$5:$A$504,"<="&EOMONTH($B$3,0))+SUMIFS('Expense Log'!$K$5:$K$504,'Expense Log'!$D$5:$D$504,"HR / Payroll Services",'Expense Log'!$A$5:$A$504,">="&EOMONTH($B$3,-1)+1,'Expense Log'!$A$5:$A$504,"<="&EOMONTH($B$3,0))+SUMIFS('Expense Log'!$K$5:$K$504,'Expense Log'!$D$5:$D$504,"Consulting",'Expense Log'!$A$5:$A$504,">="&EOMONTH($B$3,-1)+1,'Expense Log'!$A$5:$A$504,"<="&EOMONTH($B$3,0))+SUMIFS('Expense Log'!$K$5:$K$504,'Expense Log'!$D$5:$D$504,"Insurance Broker",'Expense Log'!$A$5:$A$504,">="&EOMONTH($B$3,-1)+1,'Expense Log'!$A$5:$A$504,"<="&EOMONTH($B$3,0))+SUMIFS('Expense Log'!$K$5:$K$504,'Expense Log'!$D$5:$D$504,"Other Professional Fees",'Expense Log'!$A$5:$A$504,">="&EOMONTH($B$3,-1)+1,'Expense Log'!$A$5:$A$504,"<="&EOMONTH($B$3,0)) | D14: =B14-C14 | E14: =IFERROR(C14/B14-1,0) | F14: =IF(B14=0,IF(C14=0,"NO BUDGET","REVIEW"),IF(C14>B14*(1+'Setup & Categories'!$B$7),"OVER BUDGET",IF(C14>=B14*'Setup & Categories'!$B$8,"NEAR BUDGET","WITHIN BUDGET")))
A15: Taxes & Fees | B15: 0 | C15: =SUMIFS('Expense Log'!$K$5:$K$504,'Expense Log'!$D$5:$D$504,"Business Registration",'Expense Log'!$A$5:$A$504,">="&EOMONTH($B$3,-1)+1,'Expense Log'!$A$5:$A$504,"<="&EOMONTH($B$3,0))+SUMIFS('Expense Log'!$K$5:$K$504,'Expense Log'!$D$5:$D$504,"Licenses",'Expense Log'!$A$5:$A$504,">="&EOMONTH($B$3,-1)+1,'Expense Log'!$A$5:$A$504,"<="&EOMONTH($B$3,0))+SUMIFS('Expense Log'!$K$5:$K$504,'Expense Log'!$D$5:$D$504,"Permits",'Expense Log'!$A$5:$A$504,">="&EOMONTH($B$3,-1)+1,'Expense Log'!$A$5:$A$504,"<="&EOMONTH($B$3,0))+SUMIFS('Expense Log'!$K$5:$K$504,'Expense Log'!$D$5:$D$504,"Sales / Service Taxes",'Expense Log'!$A$5:$A$504,">="&EOMONTH($B$3,-1)+1,'Expense Log'!$A$5:$A$504,"<="&EOMONTH($B$3,0))+SUMIFS('Expense Log'!$K$5:$K$504,'Expense Log'!$D$5:$D$504,"Other Government Fees",'Expense Log'!$A$5:$A$504,">="&EOMONTH($B$3,-1)+1,'Expense Log'!$A$5:$A$504,"<="&EOMONTH($B$3,0)) | D15: =B15-C15 | E15: =IFERROR(C15/B15-1,0) | F15: =IF(B15=0,IF(C15=0,"NO BUDGET","REVIEW"),IF(C15>B15*(1+'Setup & Categories'!$B$7),"OVER BUDGET",IF(C15>=B15*'Setup & Categories'!$B$8,"NEAR BUDGET","WITHIN BUDGET")))
